Workbook

Sheet Análisis Datos
F5: =CONCATENATE("Ventas totales ",G9) -> Ventas totales Febrero | O5: =CONCATENATE("Ventas acumuladas ") -> Ventas acumuladas
J7: Mes | K7: Febrero
G9: =K7 -> Febrero | H9: Acum | J9: =CONCATENATE(G9," ","19") -> Febrero 19 | K9: % | L9: Acum 19 | M9: % | O9: =CONCATENATE(G9," ","BG") -> Febrero BG | P9: % | Q9: Acum BG | R9: %
F10: Ingresos | G10: =VLOOKUP($F$10,'Cta Resultados'!P3:AB3,MATCH('Análisis Datos'!$G$9,'Cta Resultados'!P2:AB2,0),0) -> 48431.57 | H10: =SUMPRODUCT('Cta Resultados'!$Q$1:$AB$1,'Cta Resultados'!Q3:AB3) -> 52482.34 | J10: =VLOOKUP($F$10,'Cta Resultados'!A3:N3,MATCH('Análisis Datos'!$G$9,'Cta Resultados'!A2:N2,0),0) -> 62513.69 | K10: =IFERROR(G10/J10-1,"") -> -0.22526458 | L10: =SUMPRODUCT('Cta Resultados'!$Q$1:$AB$1,'Cta Resultados'!B3:M3) -> 71449.68 | M10: =IFERROR(H10/L10-1,"") -> -0.26546431 | O10: =VLOOKUP($F$10,'Cta Resultados'!AE3:AR3,MATCH('Análisis Datos'!$G$9,'Cta Resultados'!AE2:AR2,0),0) -> 56262.321 | P10: =IFERROR(G10/O10-1,"") -> -0.13918286 | Q10: =SUMPRODUCT('Cta Resultados'!$Q$1:$AB$1,'Cta Resultados'!AF3:AQ3) -> 65019.209 | R10: =IFERROR(H10/Q10-1,"") -> -0.19281792
F12: Compras | G12: =VLOOKUP($F$12,'Cta Resultados'!P5:AB5,MATCH('Análisis Datos'!$G$9,'Cta Resultados'!P2:AB2,0),0) -> 63677.99 | H12: =SUMPRODUCT('Cta Resultados'!$Q$1:$AB$1,'Cta Resultados'!Q5:AB5) -> 46009.02 | J12: =VLOOKUP($F$12,'Cta Resultados'!A5:N5,MATCH('Análisis Datos'!$G$9,'Cta Resultados'!A2:N2,0),0) -> 27150.77 | K12: =IFERROR(G12/J12-1,"") -> 1.3453475 | L12: =SUMPRODUCT('Cta Resultados'!$Q$1:$AB$1,'Cta Resultados'!B5:M5) -> 34948.51 | M12: =IFERROR(H12/L12-1,"") -> 0.31648016 | O12: =VLOOKUP($F$12,'Cta Resultados'!AE5:AR5,MATCH('Análisis Datos'!$G$9,'Cta Resultados'!AE2:AR2,0),0) -> 0 | P12: =IFERROR(G12/O12-1,"") | Q12: =SUMPRODUCT('Cta Resultados'!$Q$1:$AB$1,'Cta Resultados'!AF5:AQ5) -> 0 | R12: =IFERROR(H12/Q12-1,"")
F14: Salarios | G14: =VLOOKUP($F$14,'Cta Resultados'!P7:AB7,MATCH('Análisis Datos'!$G$9,'Cta Resultados'!P2:AB2,0),0) -> 14961.23 | H14: =SUMPRODUCT('Cta Resultados'!$Q$1:$AB$1,'Cta Resultados'!Q7:AB7) -> 19542.15 | J14: =VLOOKUP($F$14,'Cta Resultados'!A7:N7,MATCH('Análisis Datos'!$G$9,'Cta Resultados'!A2:N2,0),0) -> 14524.17 | K14: =IFERROR(G14/J14-1,"") -> 0.030091909 | L14: =SUMPRODUCT('Cta Resultados'!$Q$1:$AB$1,'Cta Resultados'!B7:M7) -> 19893.87 | M14: =IFERROR(H14/L14-1,"") -> -0.017679818 | O14: =VLOOKUP($F$14,'Cta Resultados'!AE7:AR7,MATCH('Análisis Datos'!$G$9,'Cta Resultados'!AE2:AR2,0),0) -> 0 | P14: =IFERROR(G14/O14-1,"") | Q14: =SUMPRODUCT('Cta Resultados'!$Q$1:$AB$1,'Cta Resultados'!AF7:AQ7) -> 0 | R14: =IFERROR(H14/Q14-1,"")
F16: Gastos Indirectos | G16: =VLOOKUP($F$16,'Cta Resultados'!P12:AB12,MATCH('Análisis Datos'!$G$9,'Cta Resultados'!P2:AB2,0),0) -> 8782.94 | H16: =SUMPRODUCT('Cta Resultados'!Q12:AB12,'Cta Resultados'!$Q$1:$AB$1) -> 9269.96 | J16: =VLOOKUP($F$16,'Cta Resultados'!A12:N12,MATCH('Análisis Datos'!$G$9,'Cta Resultados'!A2:N2,0),0) -> 4997.07 | K16: =IFERROR(G16/J16-1,"") -> 0.75761796 | L16: =SUMPRODUCT('Cta Resultados'!B12:M12,'Cta Resultados'!$Q$1:$AB$1) -> 10871.43 | M16: =IFERROR(H16/L16-1,"") -> -0.14730997 | O16: =VLOOKUP($F$16,'Cta Resultados'!AE12:AR12,MATCH('Análisis Datos'!$G$9,'Cta Resultados'!AE2:AR2,0),0) -> 0 | P16: =IFERROR(G16/O16-1,"") | Q16: =SUMPRODUCT('Cta Resultados'!AF12:AQ12,'Cta Resultados'!$Q$1:$AB$1) -> 0 | R16: =IFERROR(H16/Q16-1,"")
F18: Resultado | G18: =VLOOKUP("Resultado Neto antes de I.S.",'Cta Resultados'!P29:AB29,MATCH('Análisis Datos'!$G$9,'Cta Resultados'!P2:AB2,0),0) -> -39618.67 | H18: =SUMPRODUCT('Cta Resultados'!Q29:AB29,'Cta Resultados'!$Q$1:$AB$1) -> -22483 | J18: =VLOOKUP("Resultado Neto antes de I.S.",'Cta Resultados'!A29:N29,MATCH('Análisis Datos'!$G$9,'Cta Resultados'!A2:N2,0),0) -> 15149.49 | K18: =IFERROR(G18/J18-1,"") -> -3.6151818 | L18: =SUMPRODUCT('Cta Resultados'!B29:M29,'Cta Resultados'!$Q$1:$AB$1) -> 5525.41 | M18: =IFERROR(H18/L18-1,"") -> -5.0690193 | O18: =VLOOKUP("Resultado Neto antes de I.S.",'Cta Resultados'!AE29:AR29,MATCH('Análisis Datos'!$G$9,'Cta Resultados'!AE2:AR2,0),0) -> 56262.321 | P18: =IFERROR(G18/O18-1,"") -> -1.7041777 | Q18: =SUMPRODUCT('Cta Resultados'!AF29:AQ29,'Cta Resultados'!$Q$1:$AB$1) -> 65019.209 | R18: =IFERROR(H18/Q18-1,"") -> -1.3457901

Sheet Cta Resultados
Q1: =IF('Análisis Datos'!$G$9="Enero",1,IF('Análisis Datos'!$G$9="Febrero",1,IF('Análisis Datos'!$G$9="Marzo",1,IF('Análisis Datos'!$G$9="Abril",1,IF('Análisis Datos'!$G$9="Mayo",1,IF('Análisis Datos'!$G$9="Junio",1,IF('Análisis Datos'!$G$9="Julio",1,IF('Análisis Datos'!$G$9="Agosto",1,IF('Análisis Datos'!$G$9="Septiembre",1,IF('Análisis Datos'!$G$9="Octubre",1,IF('Análisis Datos'!$G$9="Noviembre",1,IF('Análisis Datos'!$G$9="Diciembre",1,0)))))))))))) -> 1 | R1: =IF('Análisis Datos'!$G$9="Marzo",1,IF('Análisis Datos'!$G$9="Marzo",1,IF('Análisis Datos'!$G$9="Abril",1,IF('Análisis Datos'!$G$9="Mayo",1,IF('Análisis Datos'!$G$9="Junio",1,IF('Análisis Datos'!$G$9="Julio",1,IF('Análisis Datos'!$G$9="Agosto",1,IF('Análisis Datos'!$G$9="Septiembre",1,IF('Análisis Datos'!$G$9="Octubre",1,IF('Análisis Datos'!$G$9="Noviembre",1,IF('Análisis Datos'!$G$9="Diciembre",1,0))))))))))) -> 0 | S1: =IF('Análisis Datos'!$G$9="Marzo",1,IF('Análisis Datos'!$G$9="Abril",1,IF('Análisis Datos'!$G$9="Mayo",1,IF('Análisis Datos'!$G$9="Junio",1,IF('Análisis Datos'!$G$9="Julio",1,IF('Análisis Datos'!$G$9="Agosto",1,IF('Análisis Datos'!$G$9="Septiembre",1,IF('Análisis Datos'!$G$9="Octubre",1,IF('Análisis Datos'!$G$9="Noviembre",1,IF('Análisis Datos'!$G$9="Diciembre",1,0)))))))))) -> 0 | T1: =IF('Análisis Datos'!$G$9="Abril",1,IF('Análisis Datos'!$G$9="Mayo",1,IF('Análisis Datos'!$G$9="Junio",1,IF('Análisis Datos'!$G$9="Julio",1,IF('Análisis Datos'!$G$9="Agosto",1,IF('Análisis Datos'!$G$9="Septiembre",1,IF('Análisis Datos'!$G$9="Octubre",1,IF('Análisis Datos'!$G$9="Noviembre",1,IF('Análisis Datos'!$G$9="Diciembre",1,0))))))))) -> 0 | U1: =IF('Análisis Datos'!$G$9="Mayo",1,IF('Análisis Datos'!$G$9="Junio",1,IF('Análisis Datos'!$G$9="Julio",1,IF('Análisis Datos'!$G$9="Agosto",1,IF('Análisis Datos'!$G$9="Septiembre",1,IF('Análisis Datos'!$G$9="Octubre",1,IF('Análisis Datos'!$G$9="Noviembre",1,IF('Análisis Datos'!$G$9="Diciembre",1,0)))))))) -> 0 | V1: =IF('Análisis Datos'!$G$9="Junio",1,IF('Análisis Datos'!$G$9="Julio",1,IF('Análisis Datos'!$G$9="Agosto",1,IF('Análisis Datos'!$G$9="Septiembre",1,IF('Análisis Datos'!$G$9="Octubre",1,IF('Análisis Datos'!$G$9="Noviembre",1,IF('Análisis Datos'!$G$9="Diciembre",1,0))))))) -> 0 | W1: =IF('Análisis Datos'!$G$9="Julio",1,IF('Análisis Datos'!$G$9="Agosto",1,IF('Análisis Datos'!$G$9="Septiembre",1,IF('Análisis Datos'!$G$9="Octubre",1,IF('Análisis Datos'!$G$9="Noviembre",1,IF('Análisis Datos'!$G$9="Diciembre",1,0)))))) -> 0 | X1: =IF('Análisis Datos'!$G$9="Agosto",1,IF('Análisis Datos'!$G$9="Septiembre",1,IF('Análisis Datos'!$G$9="Octubre",1,IF('Análisis Datos'!$G$9="Noviembre",1,IF('Análisis Datos'!$G$9="Diciembre",1,0))))) -> 0 | Y1: =IF('Análisis Datos'!$G$9="Septiembre",1,IF('Análisis Datos'!$G$9="Octubre",1,IF('Análisis Datos'!$G$9="Noviembre",1,IF('Análisis Datos'!$G$9="Diciembre",1,0)))) -> 0 | Z1: =IF('Análisis Datos'!$G$9="Octubre",1,IF('Análisis Datos'!$G$9="Noviembre",1,IF('Análisis Datos'!$G$9="Diciembre",1,0))) -> 0 | AA1: =IF('Análisis Datos'!$G$9="Noviembre",1,IF('Análisis Datos'!$G$9="Diciembre",1,0)) -> 0 | AB1: =IF('Análisis Datos'!$G$9="Noviembre",1,IF('Análisis Datos'!$G$9="Diciembre",1,0)) -> 0 | AT1: Ingresos
A2: 2019 | B2: Enero | C2: Febrero | D2: Marzo | E2: Abril | F2: Mayo | G2: Junio | H2: Julio | I2: Agosto | J2: Septiembre | K2: Octubre | L2: Noviembre | M2: Diciembre | N2: Total | P2: 2020 | Q2: Enero | R2: Febrero | S2: Marzo | T2: Abril | U2: Mayo | V2: Junio | W2: Julio | X2: Agosto | Y2: Septiembre | Z2: Octubre | AA2: Noviembre | AB2: Diciembre | AC2: Total | AE2: 2021 Budget | AF2: Enero | AG2: Febrero | AH2: Marzo | AI2: Abril | AJ2: Mayo | AK2: Junio | AL2: Julio | AM2: Agosto | AN2: Septiembre | AO2: Octubre | AP2: Noviembre | AQ2: Diciembre | AR2: Total | AT2: Inferior | AU2: Superior
A3: Ingresos | B3: =VLOOKUP("Ventas",'Enero 19'!$B:$E,4,0)-VLOOKUP("DEVOLUCIONES DE VENTAS DE MERC",'Enero 19'!$B:$E,3,0) -> 71449.68 | C3: =VLOOKUP("Ventas",'Febrero 19'!$B:$E,4,0)-VLOOKUP("DEVOLUCIONES DE VENTAS DE MERC",'Febrero 19'!$B:$E,3,0) -> 62513.69 | D3: =VLOOKUP("Ventas",'Marzo 19'!$B:$E,4,0)-VLOOKUP("DEVOLUCIONES DE VENTAS DE MERC",'Marzo 19'!$B:$E,3,0) -> 46757.95 | E3: =VLOOKUP("Ventas",'Abril 19'!$B:$E,4,0)-VLOOKUP("DEVOLUCIONES DE VENTAS DE MERC",'Abril 19'!$B:$E,3,0) -> 73864.33 | F3: =VLOOKUP("Ventas",'Mayo 19'!$B:$E,4,0)-VLOOKUP("DEVOLUCIONES DE VENTAS DE MERC",'Mayo 19'!$B:$E,3,0) -> 111410.14 | G3: =VLOOKUP("Ventas",'Junio 19'!$B:$E,4,0)-VLOOKUP("DEVOLUCIONES DE VENTAS DE MERC",'Junio 19'!$B:$E,3,0) -> 62901.14 | H3: =VLOOKUP("Ventas",'Julio 19'!$B:$E,4,0)-VLOOKUP("DEVOLUCIONES DE VENTAS DE MERC",'Julio 19'!$B:$E,3,0) -> 123649.7 | I3: =VLOOKUP("Ventas",'Agosto 19'!$B:$E,4,0)-VLOOKUP("DEVOLUCIONES DE VENTAS DE MERC",'Agosto 19'!$B:$E,3,0) -> 67519.29 | J3: =VLOOKUP("Ventas",'Septiembre 19'!$B:$E,4,0)-VLOOKUP("DEVOLUCIONES DE VENTAS DE MERC",'Septiembre 19'!$B:$E,3,0) -> 61864.42 | K3: =VLOOKUP("Ventas",'Octubre 19'!$B:$E,4,0)-VLOOKUP("DEVOLUCIONES DE VENTAS DE MERC",'Octubre 19'!$B:$E,3,0) -> 85403.64 | L3: =VLOOKUP("Ventas",'Noviembre 19'!$B:$E,4,0)-VLOOKUP("DEVOLUCIONES DE VENTAS DE MERC",'Noviembre 19'!$B:$E,3,0) -> 75831.29 | M3: =VLOOKUP("Ventas",'Diciembre 19'!$B:$E,4,0)-VLOOKUP("DEVOLUCIONES DE VENTAS DE MERC",'Diciembre 19'!$B:$E,3,0) -> 129835.72 | N3: =SUM(B3:M3) -> 973000.99 | P3: Ingresos | Q3: =VLOOKUP("Ventas",'Enero 20'!$B:$E,4,0)-VLOOKUP("DEVOLUCIONES DE VENTAS DE MERC",'Enero 20'!$B:$E,3,0) -> 52482.34 | R3: =VLOOKUP("Ventas",'Febrero 20'!$B:$E,4,0)-VLOOKUP("DEVOLUCIONES DE VENTAS DE MERC",'Febrero 20'!$B:$E,3,0) -> 48431.57 | S3: =VLOOKUP("Ventas",'Marzo 20'!$B:$E,4,0)-VLOOKUP("DEVOLUCIONES DE VENTAS DE MERC",'Marzo 20'!$B:$E,3,0) -> 74552.35 | T3: =VLOOKUP("Ventas",'Abril 20'!$B:$E,4,0)-VLOOKUP("DEVOLUCIONES DE VENTAS DE MERC",'Abril 20'!$B:$E,3,0) -> 0 | U3: =VLOOKUP("Ventas",'Mayo 20'!$B:$E,4,0)-VLOOKUP("DEVOLUCIONES DE VENTAS DE MERC",'Mayo 20'!$B:$E,3,0) -> 26666 | V3: =VLOOKUP("Ventas",'Junio 20'!$B:$E,4,0)-VLOOKUP("DEVOLUCIONES DE VENTAS DE MERC",'Junio 20'!$B:$E,3,0) -> 33851.52 | W3: =VLOOKUP("Ventas",'Julio 20'!$B:$E,4,0)-VLOOKUP("DEVOLUCIONES DE VENTAS DE MERC",'Julio 20'!$B:$E,3,0) -> 48049.75 | X3: =VLOOKUP("Ventas",'Agosto 20'!$B:$E,4,0)-VLOOKUP("DEVOLUCIONES DE VENTAS DE MERC",'Agosto 20'!$B:$E,3,0) -> 118210.75 | Y3: =VLOOKUP("Ventas",'Septiembre 20'!$B:$E,4,0)-VLOOKUP("DEVOLUCIONES DE VENTAS DE MERC",'Septiembre 20'!$B:$E,3,0) -> 24391.45 | Z3: =VLOOKUP("Ventas",'Octubre 20'!$B:$E,4,0)-VLOOKUP("DEVOLUCIONES DE VENTAS DE MERC",'Octubre 20'!$B:$E,3,0) -> 0 | AA3: =VLOOKUP("Ventas",'Noviembre 20'!$B:$E,4,0)-VLOOKUP("DEVOLUCIONES DE VENTAS DE MERC",'Noviembre 20'!$B:$E,3,0) -> 0 | AB3: =VLOOKUP("Ventas",'Diciembre 20'!$B:$E,4,0)-VLOOKUP("DEVOLUCIONES DE VENTAS DE MERC",'Diciembre 20'!$B:$E,3,0) -> 0 | AC3: =SUM(Q3:AB3) -> 426635.73 | AE3: Ingresos | AF3: =((RANDBETWEEN($AT$3,$AU$3)*B3)/100)+B3 -> 65019.209 | AG3: =((RANDBETWEEN($AT$3,$AU$3)*C3)/100)+C3 -> 56262.321 | AH3: =((RANDBETWEEN($AT$3,$AU$3)*D3)/100)+D3 -> 43952.473 | AI3: =((RANDBETWEEN($AT$3,$AU$3)*E3)/100)+E3 -> 70171.114 | AJ3: =((RANDBETWEEN($AT$3,$AU$3)*F3)/100)+F3 -> 102497.33 | AK3: =((RANDBETWEEN($AT$3,$AU$3)*G3)/100)+G3 -> 57869.049 | AL3: =((RANDBETWEEN($AT$3,$AU$3)*H3)/100)+H3 -> 117467.21 | AM3: =((RANDBETWEEN($AT$3,$AU$3)*I3)/100)+I3 -> 62792.94 | ... AQ3: =((RANDBETWEEN($AT$3,$AU$3)*M3)/100)+M3 -> 119448.86 | AR3: =SUM(AF3:AQ3) -> 901733.81 | AT3: -10 | AU3: -5
AF4: =AF3/B3-1 -> -0.09 | AG4: =AG3/C3-1 -> -0.1 | AH4: =AH3/D3-1 -> -0.06 | AI4: =AI3/E3-1 -> -0.05
A5: Compras | B5: =VLOOKUP("Compras",'Enero 19'!$B:$E,3,0)+VLOOKUP("Compras Transporte",'Enero 19'!$B:$E,3,0)+VLOOKUP("Compras Impuestos",'Enero 19'!$B:$E,3,0) -> 34948.51 | C5: =VLOOKUP("Compras",'Febrero 19'!$B:$E,3,0)+VLOOKUP("Compras Transporte",'Febrero 19'!$B:$E,3,0)+VLOOKUP("Compras Impuestos",'Febrero 19'!$B:$E,3,0) -> 27150.77 | D5: =VLOOKUP("Compras",'Marzo 19'!$B:$E,3,0)+VLOOKUP("Compras Transporte",'Marzo 19'!$B:$E,3,0)+VLOOKUP("Compras Impuestos",'Marzo 19'!$B:$E,3,0) -> 56397.92 | E5: =VLOOKUP("Compras",'Abril 19'!$B:$E,3,0)+VLOOKUP("Compras Transporte",'Abril 19'!$B:$E,3,0)+VLOOKUP("Compras Impuestos",'Abril 19'!$B:$E,3,0) -> 26924.02 | F5: =VLOOKUP("Compras",'Mayo 19'!$B:$E,3,0)+VLOOKUP("Compras Transporte",'Mayo 19'!$B:$E,3,0)+VLOOKUP("Compras Impuestos",'Mayo 19'!$B:$E,3,0) -> 69947.14 | G5: =VLOOKUP("Compras",'Junio 19'!$B:$E,3,0)+VLOOKUP("Compras Transporte",'Junio 19'!$B:$E,3,0)+VLOOKUP("Compras Impuestos",'Junio 19'!$B:$E,3,0) -> 42858.8 | H5: =VLOOKUP("Compras",'Julio 19'!$B:$E,3,0)+VLOOKUP("Compras Transporte",'Julio 19'!$B:$E,3,0)+VLOOKUP("Compras Impuestos",'Julio 19'!$B:$E,3,0) -> 85656.19 | I5: =VLOOKUP("Compras",'Agosto 19'!$B:$E,3,0)+VLOOKUP("Compras Transporte",'Agosto 19'!$B:$E,3,0)+VLOOKUP("Compras Impuestos",'Agosto 19'!$B:$E,3,0) -> 13654.21 | J5: =VLOOKUP("Compras",'Septiembre 19'!$B:$E,3,0)+VLOOKUP("Compras Transporte",'Septiembre 19'!$B:$E,3,0)+VLOOKUP("Compras Impuestos",'Septiembre 19'!$B:$E,3,0) -> 31407.35 | K5: =VLOOKUP("Compras",'Octubre 19'!$B:$E,3,0)+VLOOKUP("Compras Transporte",'Octubre 19'!$B:$E,3,0)+VLOOKUP("Compras Impuestos",'Octubre 19'!$B:$E,3,0) -> 84556.7 | L5: =VLOOKUP("Compras",'Noviembre 19'!$B:$E,3,0)+VLOOKUP("Compras Transporte",'Noviembre 19'!$B:$E,3,0)+VLOOKUP("Compras Impuestos",'Noviembre 19'!$B:$E,3,0) -> 54719.74 | M5: =VLOOKUP("Compras",'Diciembre 19'!$B:$E,3,0)+VLOOKUP("Compras Transporte",'Diciembre 19'!$B:$E,3,0)+VLOOKUP("Compras Impuestos",'Diciembre 19'!$B:$E,3,0) -> 53650.3 | N5: =SUM(B5:M5) -> 581871.65 | P5: Compras | Q5: =VLOOKUP("Compras",'Enero 20'!$B:$E,3,0)+VLOOKUP("Compras Transporte",'Enero 20'!$B:$E,3,0)+VLOOKUP("Compras Impuestos",'Enero 20'!$B:$E,3,0) -> 46009.02 | R5: =VLOOKUP("Compras",'Febrero 20'!$B:$E,3,0)+VLOOKUP("Compras Transporte",'Febrero 20'!$B:$E,3,0)+VLOOKUP("Compras Impuestos",'Febrero 20'!$B:$E,3,0) -> 63677.99 | S5: =VLOOKUP("Compras",'Marzo 20'!$B:$E,3,0)+VLOOKUP("Compras Transporte",'Marzo 20'!$B:$E,3,0)+VLOOKUP("Compras Impuestos",'Marzo 20'!$B:$E,3,0) -> 62259.48 | T5: =VLOOKUP("Compras",'Abril 20'!$B:$E,3,0)+VLOOKUP("Compras Transporte",'Abril 20'!$B:$E,3,0)+VLOOKUP("Compras Impuestos",'Abril 20'!$B:$E,3,0) -> 17.79 | U5: =VLOOKUP("Compras",'Mayo 20'!$B:$E,3,0)+VLOOKUP("Compras Transporte",'Mayo 20'!$B:$E,3,0)+VLOOKUP("Compras Impuestos",'Mayo 20'!$B:$E,3,0) -> 25493.51 | V5: =VLOOKUP("Compras",'Junio 20'!$B:$E,3,0)+VLOOKUP("Compras Transporte",'Junio 20'!$B:$E,3,0)+VLOOKUP("Compras Impuestos",'Junio 20'!$B:$E,3,0) -> 3810.88 | W5: =VLOOKUP("Compras",'Julio 20'!$B:$E,3,0)+VLOOKUP("Compras Transporte",'Julio 20'!$B:$E,3,0)+VLOOKUP("Compras Impuestos",'Julio 20'!$B:$E,3,0) -> 22423.55 | X5: =VLOOKUP("Compras",'Agosto 20'!$B:$E,3,0)+VLOOKUP("Compras Transporte",'Agosto 20'!$B:$E,3,0)+VLOOKUP("Compras Impuestos",'Agosto 20'!$B:$E,3,0) -> 21968.42 | Y5: =VLOOKUP("Compras",'Septiembre 20'!$B:$E,3,0)+VLOOKUP("Compras Transporte",'Septiembre 20'!$B:$E,3,0)+VLOOKUP("Compras Impuestos",'Septiembre 20'!$B:$E,3,0) -> 3685.99 | Z5: =VLOOKUP("Compras",'Octubre 20'!$B:$E,3,0)+VLOOKUP("Compras Transporte",'Octubre 20'!$B:$E,3,0)+VLOOKUP("Compras Impuestos",'Octubre 20'!$B:$E,3,0) -> 0 | AA5: =VLOOKUP("Compras",'Noviembre 20'!$B:$E,3,0)+VLOOKUP("Compras Transporte",'Noviembre 20'!$B:$E,3,0)+VLOOKUP("Compras Impuestos",'Noviembre 20'!$B:$E,3,0) -> 0 | AB5: =VLOOKUP("Compras",'Diciembre 20'!$B:$E,3,0)+VLOOKUP("Compras Transporte",'Diciembre 20'!$B:$E,3,0)+VLOOKUP("Compras Impuestos",'Diciembre 20'!$B:$E,3,0) -> 0 | AC5: =SUM(Q5:AB5) -> 249346.63 | AE5: Compras | AR5: =SUM(AF5:AQ5) -> 0
A6: Margen Bruto | B6: =IFERROR(B5/B3,"") -> 0.48913459 | C6: =IFERROR(C5/C3,"") -> 0.43431719 | D6: =IFERROR(D5/D3,"") -> 1.2061675 | E6: =IFERROR(E5/E3,"") -> 0.36450639 | F6: =IFERROR(F5/F3,"") -> 0.62783459 | G6: =IFERROR(G5/G3,"") -> 0.68136762 | H6: =IFERROR(H5/H3,"") -> 0.6927327 | I6: =IFERROR(I5/I3,"") -> 0.2022268 | ... M6: =IFERROR(M5/M3,"") -> 0.41321679 | P6: Margen bruto | Q6: =IFERROR(Q5/Q3,"") -> 0.87665718 | R6: =IFERROR(R5/R3,"") -> 1.3148033 | S6: =IFERROR(S5/S3,"") -> 0.8351109 | T6: =IFERROR(T5/T3,"") | U6: =IFERROR(U5/U3,"") -> 0.95603053 | V6: =IFERROR(V5/V3,"") -> 0.11257633 | W6: =IFERROR(W5/W3,"") -> 0.4666736 | X6: =IFERROR(X5/X3,"") -> 0.18584114 | ... AB6: =IFERROR(AB5/AB3,"")
A7: Salarios | B7: =SUM(B8:B9) -> 19893.87 | C7: =SUM(C8:C9) -> 14524.17 | D7: =SUM(D8:D9) -> 14545.17 | E7: =SUM(E8:E9) -> 14524.17 | F7: =SUM(F8:F9) -> 14687.77 | G7: =SUM(G8:G9) -> 15663.74 | H7: =SUM(H8:H9) -> 15997.97 | I7: =SUM(I8:I9) -> 16647.22 | ... M7: =SUM(M8:M9) -> 14533.96 | N7: =SUM(B7:M7) -> 185224.04 | P7: =A7 -> Salarios | Q7: =SUM(Q8:Q9) -> 19542.15 | R7: =SUM(R8:R9) -> 14961.23 | S7: =SUM(S8:S9) -> 9141.74 | T7: =SUM(T8:T9) -> 0 | U7: =SUM(U8:U9) -> 3052.85 | V7: =SUM(V8:V9) -> 8410.83 | W7: =SUM(W8:W9) -> 8789.41 | X7: =SUM(X8:X9) -> 9254.92 | ... AB7: =SUM(AB8:AB9) -> 0 | AC7: =SUM(Q7:AB7) -> 84673.62 | AE7: =P7 -> Salarios | AR7: =SUM(AF7:AQ7) -> 0
A8: Sueldos | B8: =VLOOKUP("SUELDOS Y SALARIOS",'Enero 19'!$B:$E,3,0)+VLOOKUP("SALARIOS EN ESPECIE",'Enero 19'!$B:$E,3,0) -> 16124.97 | C8: =VLOOKUP("SUELDOS Y SALARIOS",'Febrero 19'!$B:$E,3,0) -> 14159.95 | D8: =VLOOKUP("SUELDOS Y SALARIOS",'Marzo 19'!$B:$E,3,0) -> 14180.95 | E8: =VLOOKUP("SUELDOS Y SALARIOS",'Abril 19'!$B:$E,3,0) -> 14159.95 | F8: =VLOOKUP("SUELDOS Y SALARIOS",'Mayo 19'!$B:$E,3,0) -> 14323.55 | G8: =VLOOKUP("SUELDOS Y SALARIOS",'Junio 19'!$B:$E,3,0) -> 15299.52 | H8: =VLOOKUP("SUELDOS Y SALARIOS",'Julio 19'!$B:$E,3,0) -> 15633.75 | I8: =VLOOKUP("SUELDOS Y SALARIOS",'Agosto 19'!$B:$E,3,0) -> 16283 | J8: =VLOOKUP("SUELDOS Y SALARIOS",'Septiembre 19'!$B:$E,3,0) -> 15204.22 | K8: =VLOOKUP("SUELDOS Y SALARIOS",'Octubre 19'!$B:$E,3,0) -> 14274.17 | L8: =VLOOKUP("SUELDOS Y SALARIOS",'Noviembre 19'!$B:$E,3,0) -> 13634.95 | M8: =VLOOKUP("SUELDOS Y SALARIOS",'Diciembre 19'!$B:$E,3,0) -> 14169.74 | N8: =SUM(B8:M8) -> 177448.72 | P8: =A8 -> Sueldos | Q8: =VLOOKUP("SUELDOS Y SALARIOS",'Enero 20'!$B:$E,3,0)+VLOOKUP("SALARIOS EN ESPECIE",'Enero 20'!$B:$E,3,0) -> 15225.9 | R8: =VLOOKUP("SUELDOS Y SALARIOS",'Febrero 20'!$B:$E,3,0) -> 14597.01 | S8: =VLOOKUP("SUELDOS Y SALARIOS",'Marzo 20'!$B:$E,3,0) -> 8777.52 | T8: =VLOOKUP("SUELDOS Y SALARIOS",'Abril 20'!$B:$E,3,0) -> 0 | U8: =VLOOKUP("SUELDOS Y SALARIOS",'Mayo 20'!$B:$E,3,0) -> 3052.85 | V8: =VLOOKUP("SUELDOS Y SALARIOS",'Junio 20'!$B:$E,3,0) -> 8410.83 | W8: =VLOOKUP("SUELDOS Y SALARIOS",'Julio 20'!$B:$E,3,0) -> 8789.41 | X8: =VLOOKUP("SUELDOS Y SALARIOS",'Agosto 20'!$B:$E,3,0) -> 9254.92 | Y8: =VLOOKUP("SUELDOS Y SALARIOS",'Septiembre 20'!$B:$E,3,0) -> 11247.33 | Z8: =VLOOKUP("SUELDOS Y SALARIOS",'Octubre 20'!$B:$E,3,0) -> 0 | AA8: =VLOOKUP("SUELDOS Y SALARIOS",'Noviembre 20'!$B:$E,3,0) -> 0 | AB8: =VLOOKUP("SUELDOS Y SALARIOS",'Diciembre 20'!$B:$E,3,0) -> 0 | AC8: =SUM(Q8:AB8) -> 79355.77 | AE8: =P8 -> Sueldos | AR8: =SUM(AF8:AQ8) -> 0
A9: Seguridad social | B9: =VLOOKUP("SEGURIDAD SOCIAL A CARGO DE LA",'Enero 19'!$B:$E,3,0) -> 3768.9 | C9: =VLOOKUP("SALARIOS EN ESPECIE",'Febrero 19'!$B:$E,3,0) -> 364.22 | D9: =VLOOKUP("SALARIOS EN ESPECIE",'Marzo 19'!$B:$E,3,0) -> 364.22 | E9: =VLOOKUP("SALARIOS EN ESPECIE",'Abril 19'!$B:$E,3,0) -> 364.22 | F9: =VLOOKUP("SALARIOS EN ESPECIE",'Mayo 19'!$B:$E,3,0) -> 364.22 | G9: =VLOOKUP("SALARIOS EN ESPECIE",'Junio 19'!$B:$E,3,0) -> 364.22 | H9: =VLOOKUP("SALARIOS EN ESPECIE",'Julio 19'!$B:$E,3,0) -> 364.22 | I9: =VLOOKUP("SALARIOS EN ESPECIE",'Agosto 19'!$B:$E,3,0) -> 364.22 | J9: =VLOOKUP("SALARIOS EN ESPECIE",'Septiembre 19'!$B:$E,3,0) -> 364.22 | K9: =VLOOKUP("SALARIOS EN ESPECIE",'Octubre 19'!$B:$E,3,0) -> 364.22 | L9: =VLOOKUP("SALARIOS EN ESPECIE",'Noviembre 19'!$B:$E,3,0) -> 364.22 | M9: =VLOOKUP("SALARIOS EN ESPECIE",'Diciembre 19'!$B:$E,3,0) -> 364.22 | N9: =SUM(B9:M9) -> 7775.32 | P9: =A9 -> Seguridad social | Q9: =VLOOKUP("SEGURIDAD SOCIAL A CARGO DE LA",'Enero 20'!$B:$E,3,0) -> 4316.25 | R9: =VLOOKUP("SALARIOS EN ESPECIE",'Febrero 20'!$B:$E,3,0) -> 364.22 | S9: =VLOOKUP("SALARIOS EN ESPECIE",'Marzo 20'!$B:$E,3,0) -> 364.22 | T9: =VLOOKUP("SALARIOS EN ESPECIE",'Abril 20'!$B:$E,3,0) -> 0 | U9: =VLOOKUP("SALARIOS EN ESPECIE",'Mayo 20'!$B:$E,3,0) -> 0 | V9: =VLOOKUP("SALARIOS EN ESPECIE",'Junio 20'!$B:$E,3,0) -> 0 | W9: =VLOOKUP("SALARIOS EN ESPECIE",'Julio 20'!$B:$E,3,0) -> 0 | X9: =VLOOKUP("SALARIOS EN ESPECIE",'Agosto 20'!$B:$E,3,0) -> 0 | Y9: =VLOOKUP("SALARIOS EN ESPECIE",'Septiembre 20'!$B:$E,3,0) -> 273.16 | Z9: =VLOOKUP("SALARIOS EN ESPECIE",'Octubre 20'!$B:$E,3,0) -> 0 | AA9: =VLOOKUP("SALARIOS EN ESPECIE",'Noviembre 20'!$B:$E,3,0) -> 0 | AB9: =VLOOKUP("SALARIOS EN ESPECIE",'Diciembre 20'!$B:$E,3,0) -> 0 | AC9: =SUM(Q9:AB9) -> 5317.85 | AE9: =P9 -> Seguridad social | AR9: =SUM(AF9:AQ9) -> 0
A10: Ratio Personal | B10: =B7/B3 -> 0.2784319 | C10: =C7/C3 -> 0.23233583 | D10: =D7/D3 -> 0.31107373 | E10: =E7/E3 -> 0.19663307 | F10: =F7/F3 -> 0.13183513 | G10: =G7/G3 -> 0.24902156 | H10: =H7/H3 -> 0.12938139 | I10: =I7/I3 -> 0.24655502 | ... M10: =M7/M3 -> 0.11194115 | P10: Ratio Personal | Q10: =Q7/Q3 -> 0.37235668 | R10: =R7/R3 -> 0.30891483 | S10: =S7/S3 -> 0.12262176 | T10: =T7/T3 -> #DIV/0! | U10: =U7/U3 -> 0.11448474 | V10: =V7/V3 -> 0.2484624 | W10: =W7/W3 -> 0.18292312 | X10: =X7/X3 -> 0.078291695 | ... AC10: =AC7/AC3 -> 0.19846819 | AE10: Ratio Personal | AF10: =AF7/AF3 -> 0 | AG10: =AG7/AG3 -> 0 | AH10: =AH7/AH3 -> 0 | AI10: =AI7/AI3 -> 0 | AJ10: =AJ7/AJ3 -> 0 | AK10: =AK7/AK3 -> 0 | AL10: =AL7/AL3 -> 0 | AM10: =AM7/AM3 -> 0 | ... AR10: =AR7/AR3 -> 0
A12: Gastos Indirectos | B12: =SUM(B13:B19) -> 10871.43 | C12: =SUM(C13:C19) -> 4997.07 | D12: =SUM(D13:D19) -> 5103.46 | E12: =SUM(E13:E19) -> 5116.38 | F12: =SUM(F13:F19) -> 12052.38 | G12: =SUM(G13:G19) -> 3160.75 | H12: =SUM(H13:H19) -> 6379.52 | I12: =SUM(I13:I19) -> 7570.02 | ... M12: =SUM(M13:M19) -> 30351.89 | N12: =SUM(B12:M12) -> 102546.85 | P12: Gastos Indirectos | Q12: =SUM(Q13:Q19) -> 9269.96 | R12: =SUM(R13:R19) -> 8782.94 | S12: =SUM(S13:S19) -> 4797.14 | T12: =SUM(T13:T19) -> 3309.42 | U12: =SUM(U13:U19) -> 4292.63 | V12: =SUM(V13:V19) -> 4660.77 | W12: =SUM(W13:W19) -> 6665.66 | X12: =SUM(X13:X19) -> 5283.4 | ... AB12: =SUM(AB13:AB19) -> 0 | AC12: =SUM(Q12:AB12) -> 57320.68 | AE12: Gastos Indirectos | AF12: =SUM(AF13:AF19) -> 0 | AG12: =SUM(AG13:AG19) -> 0 | AH12: =SUM(AH13:AH19) -> 0 | AI12: =SUM(AI13:AI19) -> 0 | AJ12: =SUM(AJ13:AJ19) -> 0 | AK12: =SUM(AK13:AK19) -> 0 | AL12: =SUM(AL13:AL19) -> 0 | AM12: =SUM(AM13:AM19) -> 0 | ... AQ12: =SUM(AQ13:AQ19) -> 0 | AR12: =SUM(AF12:AQ12) -> 0
A13: Alquiler | B13: =VLOOKUP("ALQ.LOCAL C/.ISLOTE FERMIN",'Enero 19'!$B:$E,3,0) -> 330 | C13: =VLOOKUP("ALQ.LOCAL C/.ISLOTE FERMIN",'Febrero 19'!$B:$E,3,0) -> 330 | D13: =VLOOKUP("ALQ.LOCAL C/.ISLOTE FERMIN",'Marzo 19'!$B:$E,3,0) -> 330 | E13: =VLOOKUP("ALQ.LOCAL C/.ISLOTE FERMIN",'Abril 19'!$B:$E,3,0) -> 330 | F13: =VLOOKUP("ALQ.LOCAL C/.ISLOTE FERMIN",'Mayo 19'!$B:$E,3,0) -> 330 | G13: =VLOOKUP("ALQ.LOCAL C/.ISLOTE FERMIN",'Junio 19'!$B:$E,3,0) -> 330 | H13: =VLOOKUP("ALQ.LOCAL C/.ISLOTE FERMIN",'Julio 19'!$B:$E,3,0) -> 330 | I13: =VLOOKUP("ALQ.LOCAL C/.ISLOTE FERMIN",'Agosto 19'!$B:$E,3,0) -> 330 | J13: =VLOOKUP("ALQ.LOCAL C/.ISLOTE FERMIN",'Septiembre 19'!$B:$E,3,0) -> 330 | K13: =VLOOKUP("ALQ.LOCAL C/.ISLOTE FERMIN",'Octubre 19'!$B:$E,3,0) -> 330 | L13: =VLOOKUP("ALQ.LOCAL C/.ISLOTE FERMIN",'Noviembre 19'!$B:$E,3,0) -> 330 | M13: =VLOOKUP("ALQ.LOCAL C/.ISLOTE FERMIN",'Diciembre 19'!$B:$E,3,0) -> 330 | N13: =SUM(B13:M13) -> 3960 | P13: Alquiler | Q13: =VLOOKUP("ALQ.LOCAL C/.ISLOTE FERMIN",'Enero 20'!$B:$E,3,0) -> 330 | R13: =VLOOKUP("ALQ.LOCAL C/.ISLOTE FERMIN",'Febrero 20'!$B:$E,3,0) -> 330 | S13: =VLOOKUP("ALQ.LOCAL C/.ISLOTE FERMIN",'Marzo 20'!$B:$E,3,0) -> 330 | T13: =VLOOKUP("ALQ.LOCAL C/.ISLOTE FERMIN",'Abril 20'!$B:$E,3,0) -> 330 | U13: =VLOOKUP("ALQ.LOCAL C/.ISLOTE FERMIN",'Mayo 20'!$B:$E,3,0) -> 330 | V13: =VLOOKUP("ALQ.LOCAL C/.ISLOTE FERMIN",'Junio 20'!$B:$E,3,0) -> 330 | W13: =VLOOKUP("ALQ.LOCAL C/.ISLOTE FERMIN",'Julio 20'!$B:$E,3,0) -> 330 | X13: =VLOOKUP("ALQ.LOCAL C/.ISLOTE FERMIN",'Agosto 20'!$B:$E,3,0) -> 330 | Y13: =VLOOKUP("ALQ.LOCAL C/.ISLOTE FERMIN",'Septiembre 20'!$B:$E,3,0) -> 330 | Z13: =VLOOKUP("ALQ.LOCAL C/.ISLOTE FERMIN",'Octubre 20'!$B:$E,3,0) -> 0 | AA13: =VLOOKUP("ALQ.LOCAL C/.ISLOTE FERMIN",'Noviembre 20'!$B:$E,3,0) -> 0 | AB13: =VLOOKUP("ALQ.LOCAL C/.ISLOTE FERMIN",'Diciembre 20'!$B:$E,3,0) -> 0 | AC13: =SUM(Q13:AB13) -> 2970 | AE13: Alquiler | AR13: =SUM(AF13:AQ13) -> 0
A14: Suministros | B14: =VLOOKUP("SUMINISTROS GASOIL",'Enero 19'!$B:$E,3,0)+VLOOKUP("SUMINISTROS AGUA",'Enero 19'!$B:$E,3,0)+VLOOKUP("SUMINISTROS ELECTRICIDAD",'Enero 19'!$B:$E,3,0) -> 861.63 | C14: =VLOOKUP("SUMINISTROS GASOIL",'Febrero 19'!$B:$E,3,0)+VLOOKUP("SUMINISTROS AGUA",'Febrero 19'!$B:$E,3,0)+VLOOKUP("SUMINISTROS ELECTRICIDAD",'Febrero 19'!$B:$E,3,0) -> 682.33 | D14: =VLOOKUP("SUMINISTROS GASOIL",'Marzo 19'!$B:$E,3,0)+VLOOKUP("SUMINISTROS AGUA",'Marzo 19'!$B:$E,3,0)+VLOOKUP("SUMINISTROS ELECTRICIDAD",'Marzo 19'!$B:$E,3,0) -> 652.21 | E14: =VLOOKUP("SUMINISTROS GASOIL",'Abril 19'!$B:$E,3,0)+VLOOKUP("SUMINISTROS AGUA",'Abril 19'!$B:$E,3,0)+VLOOKUP("SUMINISTROS ELECTRICIDAD",'Abril 19'!$B:$E,3,0) -> 662.56 | F14: =VLOOKUP("SUMINISTROS GASOIL",'Mayo 19'!$B:$E,3,0)+VLOOKUP("SUMINISTROS AGUA",'Mayo 19'!$B:$E,3,0)+VLOOKUP("SUMINISTROS ELECTRICIDAD",'Mayo 19'!$B:$E,3,0) -> 758.46 | G14: =VLOOKUP("SUMINISTROS GASOIL",'Junio 19'!$B:$E,3,0)+VLOOKUP("SUMINISTROS AGUA",'Junio 19'!$B:$E,3,0)+VLOOKUP("SUMINISTROS ELECTRICIDAD",'Junio 19'!$B:$E,3,0) -> 652.78 | H14: =VLOOKUP("SUMINISTROS GASOIL",'Julio 19'!$B:$E,3,0)+VLOOKUP("SUMINISTROS AGUA",'Julio 19'!$B:$E,3,0)+VLOOKUP("SUMINISTROS ELECTRICIDAD",'Julio 19'!$B:$E,3,0) -> 1114.58 | I14: =VLOOKUP("SUMINISTROS GASOIL",'Agosto 19'!$B:$E,3,0)+VLOOKUP("SUMINISTROS AGUA",'Agosto 19'!$B:$E,3,0)+VLOOKUP("SUMINISTROS ELECTRICIDAD",'Agosto 19'!$B:$E,3,0) -> 1007.01 | J14: =VLOOKUP("SUMINISTROS GASOIL",'Septiembre 19'!$B:$E,3,0)+VLOOKUP("SUMINISTROS AGUA",'Septiembre 19'!$B:$E,3,0)+VLOOKUP("SUMINISTROS ELECTRICIDAD",'Septiembre 19'!$B:$E,3,0) -> 962.47 | K14: =VLOOKUP("SUMINISTROS GASOIL",'Octubre 19'!$B:$E,3,0)+VLOOKUP("SUMINISTROS AGUA",'Octubre 19'!$B:$E,3,0)+VLOOKUP("SUMINISTROS ELECTRICIDAD",'Octubre 19'!$B:$E,3,0) -> 838.09 | L14: =VLOOKUP("SUMINISTROS GASOIL",'Noviembre 19'!$B:$E,3,0)+VLOOKUP("SUMINISTROS AGUA",'Noviembre 19'!$B:$E,3,0)+VLOOKUP("SUMINISTROS ELECTRICIDAD",'Noviembre 19'!$B:$E,3,0) -> 1030.48 | M14: =VLOOKUP("SUMINISTROS GASOIL",'Diciembre 19'!$B:$E,3,0)+VLOOKUP("SUMINISTROS AGUA",'Diciembre 19'!$B:$E,3,0)+VLOOKUP("SUMINISTROS ELECTRICIDAD",'Diciembre 19'!$B:$E,3,0) -> 959.31 | N14: =SUM(B14:M14) -> 10181.91 | P14: Suministros | Q14: =VLOOKUP("SUMINISTROS GASOIL",'Enero 20'!$B:$E,3,0)+VLOOKUP("SUMINISTROS AGUA",'Enero 20'!$B:$E,3,0)+VLOOKUP("SUMINISTROS ELECTRICIDAD",'Enero 20'!$B:$E,3,0) -> 911.67 | R14: =VLOOKUP("SUMINISTROS GASOIL",'Febrero 20'!$B:$E,3,0)+VLOOKUP("SUMINISTROS AGUA",'Febrero 20'!$B:$E,3,0)+VLOOKUP("SUMINISTROS ELECTRICIDAD",'Febrero 20'!$B:$E,3,0) -> 814.76 | S14: =VLOOKUP("SUMINISTROS GASOIL",'Marzo 20'!$B:$E,3,0)+VLOOKUP("SUMINISTROS AGUA",'Marzo 20'!$B:$E,3,0)+VLOOKUP("SUMINISTROS ELECTRICIDAD",'Marzo 20'!$B:$E,3,0) -> 518.2 | T14: =VLOOKUP("SUMINISTROS GASOIL",'Abril 20'!$B:$E,3,0)+VLOOKUP("SUMINISTROS AGUA",'Abril 20'!$B:$E,3,0)+VLOOKUP("SUMINISTROS ELECTRICIDAD",'Abril 20'!$B:$E,3,0) -> 308.74 | U14: =VLOOKUP("SUMINISTROS GASOIL",'Mayo 20'!$B:$E,3,0)+VLOOKUP("SUMINISTROS AGUA",'Mayo 20'!$B:$E,3,0)+VLOOKUP("SUMINISTROS ELECTRICIDAD",'Mayo 20'!$B:$E,3,0) -> 459.84 | V14: =VLOOKUP("SUMINISTROS GASOIL",'Junio 20'!$B:$E,3,0)+VLOOKUP("SUMINISTROS AGUA",'Junio 20'!$B:$E,3,0)+VLOOKUP("SUMINISTROS ELECTRICIDAD",'Junio 20'!$B:$E,3,0) -> 400.88 | W14: =VLOOKUP("SUMINISTROS GASOIL",'Julio 20'!$B:$E,3,0)+VLOOKUP("SUMINISTROS AGUA",'Julio 20'!$B:$E,3,0)+VLOOKUP("SUMINISTROS ELECTRICIDAD",'Julio 20'!$B:$E,3,0) -> 656.82 | X14: =VLOOKUP("SUMINISTROS GASOIL",'Agosto 20'!$B:$E,3,0)+VLOOKUP("SUMINISTROS AGUA",'Agosto 20'!$B:$E,3,0)+VLOOKUP("SUMINISTROS ELECTRICIDAD",'Agosto 20'!$B:$E,3,0) -> 611.75 | Y14: =VLOOKUP("SUMINISTROS GASOIL",'Septiembre 20'!$B:$E,3,0)+VLOOKUP("SUMINISTROS AGUA",'Septiembre 20'!$B:$E,3,0)+VLOOKUP("SUMINISTROS ELECTRICIDAD",'Septiembre 20'!$B:$E,3,0) -> 653.64 | Z14: =VLOOKUP("SUMINISTROS GASOIL",'Octubre 20'!$B:$E,3,0)+VLOOKUP("SUMINISTROS AGUA",'Octubre 20'!$B:$E,3,0)+VLOOKUP("SUMINISTROS ELECTRICIDAD",'Octubre 20'!$B:$E,3,0) -> 0 | AA14: =VLOOKUP("SUMINISTROS GASOIL",'Noviembre 20'!$B:$E,3,0)+VLOOKUP("SUMINISTROS AGUA",'Noviembre 20'!$B:$E,3,0)+VLOOKUP("SUMINISTROS ELECTRICIDAD",'Noviembre 20'!$B:$E,3,0) -> 0 | AB14: =VLOOKUP("SUMINISTROS GASOIL",'Diciembre 20'!$B:$E,3,0)+VLOOKUP("SUMINISTROS AGUA",'Diciembre 20'!$B:$E,3,0)+VLOOKUP("SUMINISTROS ELECTRICIDAD",'Diciembre 20'!$B:$E,3,0) -> 0 | AC14: =SUM(Q14:AB14) -> 5336.3 | AE14: Suministros | AR14: =SUM(AF14:AQ14) -> 0
A15: Servicios Profesionales | B15: =VLOOKUP("SERVICIOS PROFESIONALES INDEP.",'Enero 19'!$B:$E,3,0) -> 952.73 | C15: =VLOOKUP("SERVICIOS PROFESIONALES INDEP.",'Febrero 19'!$B:$E,3,0) -> 2175.74 | D15: =VLOOKUP("SERVICIOS PROFESIONALES INDEP.",'Marzo 19'!$B:$E,3,0) -> 872.62 | E15: =VLOOKUP("SERVICIOS PROFESIONALES INDEP.",'Abril 19'!$B:$E,3,0) -> 838.72 | F15: =VLOOKUP("SERVICIOS PROFESIONALES INDEP.",'Mayo 19'!$B:$E,3,0) -> 7745.71 | G15: =VLOOKUP("SERVICIOS PROFESIONALES INDEP.",'Junio 19'!$B:$E,3,0) -> 757.76 | H15: =VLOOKUP("SERVICIOS PROFESIONALES INDEP.",'Julio 19'!$B:$E,3,0) -> 1382.21 | I15: =VLOOKUP("SERVICIOS PROFESIONALES INDEP.",'Agosto 19'!$B:$E,3,0) -> 807.29 | J15: =VLOOKUP("SERVICIOS PROFESIONALES INDEP.",'Septiembre 19'!$B:$E,3,0) -> 790.74 | K15: =VLOOKUP("SERVICIOS PROFESIONALES INDEP.",'Octubre 19'!$B:$E,3,0) -> 877.74 | L15: =VLOOKUP("SERVICIOS PROFESIONALES INDEP.",'Noviembre 19'!$B:$E,3,0) -> 1095.04 | M15: =VLOOKUP("SERVICIOS PROFESIONALES INDEP.",'Diciembre 19'!$B:$E,3,0) -> 863.09 | N15: =SUM(B15:M15) -> 19159.39 | P15: Servicios Profesionales | Q15: =VLOOKUP("SERVICIOS PROFESIONALES INDEP.",'Enero 20'!$B:$E,3,0) -> 911.88 | R15: =VLOOKUP("SERVICIOS PROFESIONALES INDEP.",'Febrero 20'!$B:$E,3,0) -> 761.88 | S15: =VLOOKUP("SERVICIOS PROFESIONALES INDEP.",'Marzo 20'!$B:$E,3,0) -> 752.45 | T15: =VLOOKUP("SERVICIOS PROFESIONALES INDEP.",'Abril 20'!$B:$E,3,0) -> 1126.98 | U15: =VLOOKUP("SERVICIOS PROFESIONALES INDEP.",'Mayo 20'!$B:$E,3,0) -> 1037.94 | V15: =VLOOKUP("SERVICIOS PROFESIONALES INDEP.",'Junio 20'!$B:$E,3,0) -> 860.86 | W15: =VLOOKUP("SERVICIOS PROFESIONALES INDEP.",'Julio 20'!$B:$E,3,0) -> 2283.15 | X15: =VLOOKUP("SERVICIOS PROFESIONALES INDEP.",'Agosto 20'!$B:$E,3,0) -> 770.85 | Y15: =VLOOKUP("SERVICIOS PROFESIONALES INDEP.",'Septiembre 20'!$B:$E,3,0) -> 767.85 | Z15: =VLOOKUP("SERVICIOS PROFESIONALES INDEP.",'Octubre 20'!$B:$E,3,0) -> 0 | AA15: =VLOOKUP("SERVICIOS PROFESIONALES INDEP.",'Noviembre 20'!$B:$E,3,0) -> 0 | AB15: =VLOOKUP("SERVICIOS PROFESIONALES INDEP.",'Diciembre 20'!$B:$E,3,0) -> 0 | AC15: =SUM(Q15:AB15) -> 9273.84 | AE15: Servicios Profesionales | AR15: =SUM(AF15:AQ15) -> 0
A16: Seguros | B16: =VLOOKUP("PRIMAS DE SEGUROS",'Enero 19'!$B:$E,3,0) -> 321.28 | C16: =VLOOKUP("PRIMAS DE SEGUROS",'Febrero 19'!$B:$E,3,0) -> 246.83 | D16: =VLOOKUP("PRIMAS DE SEGUROS",'Marzo 19'!$B:$E,3,0) -> 657.35 | E16: =VLOOKUP("PRIMAS DE SEGUROS",'Abril 19'!$B:$E,3,0) -> 1564.83 | F16: =VLOOKUP("PRIMAS DE SEGUROS",'Mayo 19'!$B:$E,3,0) -> 246.83 | G16: =VLOOKUP("PRIMAS DE SEGUROS",'Junio 19'!$B:$E,3,0) -> 363.11 | H16: =VLOOKUP("PRIMAS DE SEGUROS",'Julio 19'!$B:$E,3,0) -> 722.71 | I16: =VLOOKUP("PRIMAS DE SEGUROS",'Agosto 19'!$B:$E,3,0) -> 246.83 | J16: =VLOOKUP("PRIMAS DE SEGUROS",'Septiembre 19'!$B:$E,3,0) -> 1508.37 | K16: =VLOOKUP("PRIMAS DE SEGUROS",'Octubre 19'!$B:$E,3,0) -> 778.94 | L16: =VLOOKUP("PRIMAS DE SEGUROS",'Noviembre 19'!$B:$E,3,0) -> 321.28 | M16: =VLOOKUP("PRIMAS DE SEGUROS",'Diciembre 19'!$B:$E,3,0) -> 594.05 | N16: =SUM(B16:M16) -> 7572.41 | P16: Seguros | Q16: =VLOOKUP("PRIMAS DE SEGUROS",'Enero 20'!$B:$E,3,0) -> 321.28 | R16: =VLOOKUP("PRIMAS DE SEGUROS",'Febrero 20'!$B:$E,3,0) -> 250.86 | S16: =VLOOKUP("PRIMAS DE SEGUROS",'Marzo 20'!$B:$E,3,0) -> 1704.76 | T16: =VLOOKUP("PRIMAS DE SEGUROS",'Abril 20'!$B:$E,3,0) -> 995.58 | U16: =VLOOKUP("PRIMAS DE SEGUROS",'Mayo 20'!$B:$E,3,0) -> 250.86 | V16: =VLOOKUP("PRIMAS DE SEGUROS",'Junio 20'!$B:$E,3,0) -> 563.6 | W16: =VLOOKUP("PRIMAS DE SEGUROS",'Julio 20'!$B:$E,3,0) -> 704.17 | X16: =VLOOKUP("PRIMAS DE SEGUROS",'Agosto 20'!$B:$E,3,0) -> 250.86 | Y16: =VLOOKUP("PRIMAS DE SEGUROS",'Septiembre 20'!$B:$E,3,0) -> 1490.51 | Z16: =VLOOKUP("PRIMAS DE SEGUROS",'Octubre 20'!$B:$E,3,0) -> 0 | AA16: =VLOOKUP("PRIMAS DE SEGUROS",'Noviembre 20'!$B:$E,3,0) -> 0 | AB16: =VLOOKUP("PRIMAS DE SEGUROS",'Diciembre 20'!$B:$E,3,0) -> 0 | AC16: =SUM(Q16:AB16) -> 6532.48 | AE16: Seguros | AR16: =SUM(AF16:AQ16) -> 0
A17: Varios | B17: =VLOOKUP("GASTOS DIVERSOS",'Enero 19'!$B:$E,3,0)+VLOOKUP("GASTOS MAT.OFICINA",'Enero 19'!$B:$E,3,0)+VLOOKUP("GASTOS viajes",'Enero 19'!$B:$E,3,0) -> 1535.97 | C17: =VLOOKUP("GASTOS DIVERSOS",'Febrero 19'!$B:$E,3,0)+VLOOKUP("GASTOS MAT.OFICINA",'Febrero 19'!$B:$E,3,0)+VLOOKUP("GASTOS viajes",'Febrero 19'!$B:$E,3,0) -> 996.26 | D17: =VLOOKUP("GASTOS DIVERSOS",'Marzo 19'!$B:$E,3,0)+VLOOKUP("GASTOS MAT.OFICINA",'Marzo 19'!$B:$E,3,0)+VLOOKUP("GASTOS viajes",'Marzo 19'!$B:$E,3,0) -> 2061.74 | E17: =VLOOKUP("GASTOS DIVERSOS",'Abril 19'!$B:$E,3,0)+VLOOKUP("GASTOS MAT.OFICINA",'Abril 19'!$B:$E,3,0)+VLOOKUP("GASTOS viajes",'Abril 19'!$B:$E,3,0) -> 1337.48 | F17: =VLOOKUP("GASTOS DIVERSOS",'Mayo 19'!$B:$E,3,0)+VLOOKUP("GASTOS MAT.OFICINA",'Mayo 19'!$B:$E,3,0)+VLOOKUP("GASTOS viajes",'Mayo 19'!$B:$E,3,0) -> 1835.12 | G17: =VLOOKUP("GASTOS DIVERSOS",'Junio 19'!$B:$E,3,0)+VLOOKUP("GASTOS MAT.OFICINA",'Junio 19'!$B:$E,3,0)+VLOOKUP("GASTOS viajes",'Junio 19'!$B:$E,3,0) -> 637.54 | H17: =VLOOKUP("GASTOS DIVERSOS",'Julio 19'!$B:$E,3,0)+VLOOKUP("GASTOS MAT.OFICINA",'Julio 19'!$B:$E,3,0)+VLOOKUP("GASTOS viajes",'Julio 19'!$B:$E,3,0) -> 1638.76 | I17: =VLOOKUP("GASTOS DIVERSOS",'Agosto 19'!$B:$E,3,0)+VLOOKUP("GASTOS MAT.OFICINA",'Agosto 19'!$B:$E,3,0)+VLOOKUP("GASTOS viajes",'Agosto 19'!$B:$E,3,0) -> 2941.15 | J17: =VLOOKUP("GASTOS DIVERSOS",'Septiembre 19'!$B:$E,3,0)+VLOOKUP("GASTOS MAT.OFICINA",'Septiembre 19'!$B:$E,3,0)+VLOOKUP("GASTOS viajes",'Septiembre 19'!$B:$E,3,0) -> 1673.31 | K17: =VLOOKUP("GASTOS DIVERSOS",'Octubre 19'!$B:$E,3,0)+VLOOKUP("GASTOS MAT.OFICINA",'Octubre 19'!$B:$E,3,0)+VLOOKUP("GASTOS viajes",'Octubre 19'!$B:$E,3,0) -> 1039.57 | L17: =VLOOKUP("GASTOS DIVERSOS",'Noviembre 19'!$B:$E,3,0)+VLOOKUP("GASTOS MAT.OFICINA",'Noviembre 19'!$B:$E,3,0)+VLOOKUP("GASTOS viajes",'Noviembre 19'!$B:$E,3,0) -> 959.12 | M17: =VLOOKUP("GASTOS DIVERSOS",'Diciembre 19'!$B:$E,3,0)+VLOOKUP("GASTOS MAT.OFICINA",'Diciembre 19'!$B:$E,3,0)+VLOOKUP("GASTOS viajes",'Diciembre 19'!$B:$E,3,0) -> 3368.02 | N17: =SUM(B17:M17) -> 20024.04 | P17: Varios | Q17: =VLOOKUP("GASTOS DIVERSOS",'Enero 20'!$B:$E,3,0)+VLOOKUP("GASTOS MAT.OFICINA",'Enero 20'!$B:$E,3,0)+VLOOKUP("GASTOS viajes",'Enero 20'!$B:$E,3,0) -> 2485.29 | R17: =VLOOKUP("GASTOS DIVERSOS",'Febrero 20'!$B:$E,3,0)+VLOOKUP("GASTOS MAT.OFICINA",'Febrero 20'!$B:$E,3,0)+VLOOKUP("GASTOS viajes",'Febrero 20'!$B:$E,3,0) -> 863.44 | S17: =VLOOKUP("GASTOS DIVERSOS",'Marzo 20'!$B:$E,3,0)+VLOOKUP("GASTOS MAT.OFICINA",'Marzo 20'!$B:$E,3,0)+VLOOKUP("GASTOS viajes",'Marzo 20'!$B:$E,3,0) -> 629.84 | T17: =VLOOKUP("GASTOS DIVERSOS",'Abril 20'!$B:$E,3,0)+VLOOKUP("GASTOS MAT.OFICINA",'Abril 20'!$B:$E,3,0)+VLOOKUP("GASTOS viajes",'Abril 20'!$B:$E,3,0) -> 156.74 | U17: =VLOOKUP("GASTOS DIVERSOS",'Mayo 20'!$B:$E,3,0)+VLOOKUP("GASTOS MAT.OFICINA",'Mayo 20'!$B:$E,3,0)+VLOOKUP("GASTOS viajes",'Mayo 20'!$B:$E,3,0) -> 1305.86 | V17: =VLOOKUP("GASTOS DIVERSOS",'Junio 20'!$B:$E,3,0)+VLOOKUP("GASTOS MAT.OFICINA",'Junio 20'!$B:$E,3,0)+VLOOKUP("GASTOS viajes",'Junio 20'!$B:$E,3,0) -> 1352.37 | W17: =VLOOKUP("GASTOS DIVERSOS",'Julio 20'!$B:$E,3,0)+VLOOKUP("GASTOS MAT.OFICINA",'Julio 20'!$B:$E,3,0)+VLOOKUP("GASTOS viajes",'Julio 20'!$B:$E,3,0) -> 1142.84 | X17: =VLOOKUP("GASTOS DIVERSOS",'Agosto 20'!$B:$E,3,0)+VLOOKUP("GASTOS MAT.OFICINA",'Agosto 20'!$B:$E,3,0)+VLOOKUP("GASTOS viajes",'Agosto 20'!$B:$E,3,0) -> 1850.63 | Y17: =VLOOKUP("GASTOS DIVERSOS",'Septiembre 20'!$B:$E,3,0)+VLOOKUP("GASTOS MAT.OFICINA",'Septiembre 20'!$B:$E,3,0)+VLOOKUP("GASTOS viajes",'Septiembre 20'!$B:$E,3,0) -> 1936.3 | Z17: =VLOOKUP("GASTOS DIVERSOS",'Octubre 20'!$B:$E,3,0)+VLOOKUP("GASTOS MAT.OFICINA",'Octubre 20'!$B:$E,3,0)+VLOOKUP("GASTOS viajes",'Octubre 20'!$B:$E,3,0) -> 0 | AA17: =VLOOKUP("GASTOS DIVERSOS",'Noviembre 20'!$B:$E,3,0)+VLOOKUP("GASTOS MAT.OFICINA",'Noviembre 20'!$B:$E,3,0)+VLOOKUP("GASTOS viajes",'Noviembre 20'!$B:$E,3,0) -> 0 | AB17: =VLOOKUP("GASTOS DIVERSOS",'Diciembre 20'!$B:$E,3,0)+VLOOKUP("GASTOS MAT.OFICINA",'Diciembre 20'!$B:$E,3,0)+VLOOKUP("GASTOS viajes",'Diciembre 20'!$B:$E,3,0) -> 0 | AC17: =SUM(Q17:AB17) -> 11723.31 | AE17: Varios | AR17: =SUM(AF17:AQ17) -> 0
A18: Teléfono | B18: =VLOOKUP("GASTOS TELEFONO",'Enero 19'!$B:$E,3,0) -> 327.67 | C18: =VLOOKUP("GASTOS TELEFONO",'Febrero 19'!$B:$E,3,0) -> 284.27 | D18: =VLOOKUP("GASTOS TELEFONO",'Marzo 19'!$B:$E,3,0) -> 274.19 | E18: =VLOOKUP("GASTOS TELEFONO",'Abril 19'!$B:$E,3,0) -> 268.81 | F18: =VLOOKUP("GASTOS TELEFONO",'Mayo 19'!$B:$E,3,0) -> 288.06 | G18: =VLOOKUP("GASTOS TELEFONO",'Junio 19'!$B:$E,3,0) -> 327.66 | H18: =VLOOKUP("GASTOS TELEFONO",'Julio 19'!$B:$E,3,0) -> 333.45 | I18: =VLOOKUP("GASTOS TELEFONO",'Agosto 19'!$B:$E,3,0) -> 314.72 | J18: =VLOOKUP("GASTOS TELEFONO",'Septiembre 19'!$B:$E,3,0) -> 314.26 | K18: =VLOOKUP("GASTOS TELEFONO",'Octubre 19'!$B:$E,3,0) -> 316.96 | L18: =VLOOKUP("GASTOS TELEFONO",'Noviembre 19'!$B:$E,3,0) -> 320.18 | M18: =VLOOKUP("GASTOS TELEFONO",'Diciembre 19'!$B:$E,3,0) -> 339.49 | N18: =SUM(B18:M18) -> 3709.72 | P18: Teléfono | Q18: =VLOOKUP("GASTOS TELEFONO",'Enero 20'!$B:$E,3,0) -> 319.85 | R18: =VLOOKUP("GASTOS TELEFONO",'Febrero 20'!$B:$E,3,0) -> 315.04 | S18: =VLOOKUP("GASTOS TELEFONO",'Marzo 20'!$B:$E,3,0) -> 317.67 | T18: =VLOOKUP("GASTOS TELEFONO",'Abril 20'!$B:$E,3,0) -> 326.35 | U18: =VLOOKUP("GASTOS TELEFONO",'Mayo 20'!$B:$E,3,0) -> 309.71 | V18: =VLOOKUP("GASTOS TELEFONO",'Junio 20'!$B:$E,3,0) -> 308.49 | W18: =VLOOKUP("GASTOS TELEFONO",'Julio 20'!$B:$E,3,0) -> 345.41 | X18: =VLOOKUP("GASTOS TELEFONO",'Agosto 20'!$B:$E,3,0) -> 318.2 | Y18: =VLOOKUP("GASTOS TELEFONO",'Septiembre 20'!$B:$E,3,0) -> 301.87 | Z18: =VLOOKUP("GASTOS TELEFONO",'Octubre 20'!$B:$E,3,0) -> 0 | AA18: =VLOOKUP("GASTOS TELEFONO",'Noviembre 20'!$B:$E,3,0) -> 0 | AB18: =VLOOKUP("GASTOS TELEFONO",'Diciembre 20'!$B:$E,3,0) -> 0 | AC18: =SUM(Q18:AB18) -> 2862.59 | AE18: Teléfono | AR18: =SUM(AF18:AQ18) -> 0
A19: Mantenimiento | B19: =VLOOKUP("REPARACIONES Y CONSERVACIÓN",'Enero 19'!$B:$E,3,0) -> 6542.15 | C19: =VLOOKUP("REPARACIONES Y CONSERVACIÓN",'Febrero 19'!$B:$E,3,0) -> 281.64 | D19: =VLOOKUP("REPARACIONES Y CONSERVACIÓN",'Marzo 19'!$B:$E,3,0) -> 255.35 | E19: =VLOOKUP("REPARACIONES Y CONSERVACIÓN",'Abril 19'!$B:$E,3,0) -> 113.98 | F19: =VLOOKUP("REPARACIONES Y CONSERVACIÓN",'Mayo 19'!$B:$E,3,0) -> 848.2 | G19: =VLOOKUP("REPARACIONES Y CONSERVACIÓN",'Junio 19'!$B:$E,3,0) -> 91.9 | H19: =VLOOKUP("REPARACIONES Y CONSERVACIÓN",'Julio 19'!$B:$E,3,0) -> 857.81 | I19: =VLOOKUP("REPARACIONES Y CONSERVACIÓN",'Agosto 19'!$B:$E,3,0) -> 1923.02 | J19: =VLOOKUP("REPARACIONES Y CONSERVACIÓN",'Septiembre 19'!$B:$E,3,0) -> 692.33 | K19: =VLOOKUP("REPARACIONES Y CONSERVACIÓN",'Octubre 19'!$B:$E,3,0) -> 1628.22 | L19: =VLOOKUP("REPARACIONES Y CONSERVACIÓN",'Noviembre 19'!$B:$E,3,0) -> 806.85 | M19: =VLOOKUP("REPARACIONES Y CONSERVACIÓN",'Diciembre 19'!$B:$E,3,0) -> 23897.93 | N19: =SUM(B19:M19) -> 37939.38 | P19: Mantenimiento | Q19: =VLOOKUP("REPARACIONES Y CONSERVACIÓN",'Enero 20'!$B:$E,3,0) -> 3989.99 | R19: =VLOOKUP("REPARACIONES Y CONSERVACIÓN",'Febrero 20'!$B:$E,3,0) -> 5446.96 | S19: =VLOOKUP("REPARACIONES Y CONSERVACIÓN",'Marzo 20'!$B:$E,3,0) -> 544.22 | T19: =VLOOKUP("REPARACIONES Y CONSERVACIÓN",'Abril 20'!$B:$E,3,0) -> 65.03 | U19: =VLOOKUP("REPARACIONES Y CONSERVACIÓN",'Mayo 20'!$B:$E,3,0) -> 598.42 | V19: =VLOOKUP("REPARACIONES Y CONSERVACIÓN",'Junio 20'!$B:$E,3,0) -> 844.57 | W19: =VLOOKUP("REPARACIONES Y CONSERVACIÓN",'Julio 20'!$B:$E,3,0) -> 1203.27 | X19: =VLOOKUP("REPARACIONES Y CONSERVACIÓN",'Agosto 20'!$B:$E,3,0) -> 1151.11 | Y19: =VLOOKUP("REPARACIONES Y CONSERVACIÓN",'Septiembre 20'!$B:$E,3,0) -> 4778.59 | Z19: =VLOOKUP("REPARACIONES Y CONSERVACIÓN",'Octubre 20'!$B:$E,3,0) -> 0 | AA19: =VLOOKUP("REPARACIONES Y CONSERVACIÓN",'Noviembre 20'!$B:$E,3,0) -> 0 | AB19: =VLOOKUP("REPARACIONES Y CONSERVACIÓN",'Diciembre 20'!$B:$E,3,0) -> 0 | AC19: =SUM(Q20:AB20) -> #DIV/0! | AE19: Mantenimiento | AR19: =SUM(AF20:AQ20) -> 0
A20: Ratio gastos Indirectos | B20: =B12/B3 -> 0.15215506 | C20: =C12/C3 -> 0.079935611 | D20: =D12/D3 -> 0.10914636 | E20: =E12/E3 -> 0.069267263 | F20: =F12/F3 -> 0.10818028 | G20: =G12/G3 -> 0.050249487 | H20: =H12/H3 -> 0.051593494 | I20: =I12/I3 -> 0.1121164 | ... M20: =M12/M3 -> 0.23377149 | P20: Ratio gastos Indirectos | Q20: =Q12/Q3 -> 0.17663008 | R20: =R12/R3 -> 0.18134741 | S20: =S12/S3 -> 0.064345926 | T20: =T12/T3 -> #DIV/0! | U20: =U12/U3 -> 0.16097765 | V20: =V12/V3 -> 0.13768274 | W20: =W12/W3 -> 0.13872413 | X20: =X12/X3 -> 0.044694751 | ... AB20: =AB12/AB3 -> #DIV/0! | AE20: Ratio gastos Indirectos | AF20: =AF12/AF3 -> 0 | AG20: =AG12/AG3 -> 0 | AH20: =AH12/AH3 -> 0 | AI20: =AI12/AI3 -> 0 | AJ20: =AJ12/AJ3 -> 0 | AK20: =AK12/AK3 -> 0 | AL20: =AL12/AL3 -> 0 | AM20: =AM12/AM3 -> 0 | ... AQ20: =AQ12/AQ3 -> 0
A22: Total Gastos | B22: =B7+B12+B5 -> 65713.81 | C22: =C7+C12+C5 -> 46672.01 | D22: =D7+D12+D5 -> 76046.55 | E22: =E7+E12+E5 -> 46564.57 | F22: =F7+F12+F5 -> 96687.29 | G22: =G7+G12+G5 -> 61683.29 | H22: =H7+H12+H5 -> 108033.68 | I22: =I7+I12+I5 -> 37871.45 | ... M22: =M7+M12+M5 -> 98536.15 | N22: =SUM(B22:M22) -> 869642.54 | P22: Total Gastos | Q22: =Q7+Q12+Q5 -> 74821.13 | R22: =R7+R12+R5 -> 87422.16 | S22: =S7+S12+S5 -> 76198.36 | T22: =T7+T12+T5 -> 3327.21 | U22: =U7+U12+U5 -> 32838.99 | V22: =V7+V12+V5 -> 16882.48 | W22: =W7+W12+W5 -> 37878.62 | X22: =X7+X12+X5 -> 36506.74 | ... AB22: =AB7+AB12+AB5 -> 0 | AC22: =SUM(Q22:AB22) -> 391340.93 | AE22: Total Gastos | AF22: =AF7+AF12+AF5 -> 0 | AG22: =AG7+AG12+AG5 -> 0 | AH22: =AH7+AH12+AH5 -> 0 | AI22: =AI7+AI12+AI5 -> 0 | AJ22: =AJ7+AJ12+AJ5 -> 0 | AK22: =AK7+AK12+AK5 -> 0 | AL22: =AL7+AL12+AL5 -> 0 | AM22: =AM7+AM12+AM5 -> 0 | ... AQ22: =AQ7+AQ12+AQ5 -> 0 | AR22: =SUM(AF22:AQ22) -> 0
A23: Resultado Operativo | B23: =B3-B7-B12-B5 -> 5735.87 | C23: =C3-C7-C12-C5 -> 15841.68 | D23: =D3-D7-D12-D5 -> -29288.6 | E23: =E3-E7-E12-E5 -> 27299.76 | F23: =F3-F7-F12-F5 -> 14722.85 | G23: =G3-G7-G12-G5 -> 1217.85 | H23: =H3-H7-H12-H5 -> 15616.02 | I23: =I3-I7-I12-I5 -> 29647.84 | ... M23: =M3-M7-M12-M5 -> 31299.57 | N23: =SUM(B23:M23) -> 103358.45 | P23: Resultado Operativo | Q23: =Q3-Q7-Q12-Q5 -> -22338.79 | R23: =R3-R7-R12-R5 -> -38990.59 | S23: =S3-S7-S12-S5 -> -1646.01 | T23: =T3-T7-T12-T5 -> -3327.21 | U23: =U3-U7-U12-U5 -> -6172.99 | V23: =V3-V7-V12-V5 -> 16969.04 | W23: =W3-W7-W12-W5 -> 10171.13 | X23: =X3-X7-X12-X5 -> 81704.01 | ... AB23: =AB3-AB7-AB12-AB5 -> 0 | AC23: =SUM(Q23:AB23) -> 35294.8 | AE23: Resultado Operativo | AF23: =AF3-AF7-AF12 -> 65019.209 | AG23: =AG3-AG7-AG12 -> 56262.321 | AH23: =AH3-AH7-AH12 -> 43952.473 | AI23: =AI3-AI7-AI12 -> 70171.114 | AJ23: =AJ3-AJ7-AJ12 -> 102497.33 | AK23: =AK3-AK7-AK12 -> 57869.049 | AL23: =AL3-AL7-AL12 -> 117467.21 | AM23: =AM3-AM7-AM12 -> 62792.94 | ... AQ23: =AQ3-AQ7-AQ12 -> 119448.86 | AR23: =SUM(AF23:AQ23) -> 901733.81
B24: =B23/B3 -> 0.080278456 | C24: =C23/C3 -> 0.25341137 | D24: =D23/D3 -> -0.6263876 | E24: =E23/E3 -> 0.36959328 | F24: =F23/F3 -> 0.13215 | G24: =G23/G3 -> 0.019361334 | H24: =H23/H3 -> 0.12629242 | I24: =I23/I3 -> 0.43910177 | ... M24: =M23/M3 -> 0.24107056 | Q24: =Q23/Q3 -> -0.42564394 | R24: =R23/R3 -> -0.80506558 | S24: =S23/S3 -> -0.02207858 | T24: =T23/T3 -> #DIV/0! | U24: =U23/U3 -> -0.23149291 | V24: =V23/V3 -> 0.50127852 | W24: =W23/W3 -> 0.21167915 | X24: =X23/X3 -> 0.69117242 | ... AB24: =AB23/AB3 -> #DIV/0! | AF24: =AF23/AF3 -> 1 | AG24: =AG23/AG3 -> 1 | AH24: =AH23/AH3 -> 1 | AI24: =AI23/AI3 -> 1 | AJ24: =AJ23/AJ3 -> 1 | AK24: =AK23/AK3 -> 1 | AL24: =AL23/AL3 -> 1 | AM24: =AM23/AM3 -> 1 | ... AQ24: =AQ23/AQ3 -> 1
A26: Gasto Extraor / Finan | B26: =VLOOKUP("SERV.BANCARIOS BANKIA",'Enero 19'!$B:$E,3,0)+VLOOKUP("SERV.BANCARIOS c.siete",'Enero 19'!$B:$E,3,0)+VLOOKUP("INT.PTMO.RCI BANQUE S.A.",'Enero 19'!$B:$E,3,0)+VLOOKUP("INT.PTMO.C.SIETE Nº2238601351",'Enero 19'!$B:$E,3,0) -> 210.46 | C26: =VLOOKUP("SERV.BANCARIOS BANKIA",'Febrero 19'!$B:$E,3,0)+VLOOKUP("SERV.BANCARIOS c.siete",'Febrero 19'!$B:$E,3,0)+VLOOKUP("INT.PTMO.RCI BANQUE S.A.",'Febrero 19'!$B:$E,3,0)+VLOOKUP("INT.PTMO.C.SIETE Nº2238601351",'Febrero 19'!$B:$E,3,0) -> 692.19 | D26: =VLOOKUP("SERV.BANCARIOS BANKIA",'Marzo 19'!$B:$E,3,0)+VLOOKUP("SERV.BANCARIOS c.siete",'Marzo 19'!$B:$E,3,0)+VLOOKUP("INT.PTMO.RCI BANQUE S.A.",'Marzo 19'!$B:$E,3,0)+VLOOKUP("INT.PTMO.C.SIETE Nº2238601351",'Marzo 19'!$B:$E,3,0) -> 281.49 | E26: =VLOOKUP("SERV.BANCARIOS BANKIA",'Abril 19'!$B:$E,3,0)+VLOOKUP("SERV.BANCARIOS c.siete",'Abril 19'!$B:$E,3,0)+VLOOKUP("INT.PTMO.RCI BANQUE S.A.",'Abril 19'!$B:$E,3,0)+VLOOKUP("INT.PTMO.C.SIETE Nº2238601351",'Abril 19'!$B:$E,3,0) -> 186.34 | F26: =VLOOKUP("SERV.BANCARIOS BANKIA",'Mayo 19'!$B:$E,3,0)+VLOOKUP("SERV.BANCARIOS c.siete",'Mayo 19'!$B:$E,3,0)+VLOOKUP("INT.PTMO.RCI BANQUE S.A.",'Mayo 19'!$B:$E,3,0)+VLOOKUP("INT.PTMO.C.SIETE Nº2238601351",'Mayo 19'!$B:$E,3,0) -> 179.08 | G26: =VLOOKUP("SERV.BANCARIOS BANKIA",'Junio 19'!$B:$E,3,0)+VLOOKUP("SERV.BANCARIOS c.siete",'Junio 19'!$B:$E,3,0)+VLOOKUP("INT.PTMO.RCI BANQUE S.A.",'Junio 19'!$B:$E,3,0)+VLOOKUP("INT.PTMO.C.SIETE Nº2238601351",'Junio 19'!$B:$E,3,0) -> 303.47 | H26: =VLOOKUP("SERV.BANCARIOS BANKIA",'Julio 19'!$B:$E,3,0)+VLOOKUP("SERV.BANCARIOS c.siete",'Julio 19'!$B:$E,3,0)+VLOOKUP("INT.PTMO.RCI BANQUE S.A.",'Julio 19'!$B:$E,3,0)+VLOOKUP("INT.PTMO.C.SIETE Nº2238601351",'Julio 19'!$B:$E,3,0) -> 214.87 | I26: =VLOOKUP("SERV.BANCARIOS BANKIA",'Agosto 19'!$B:$E,3,0)+VLOOKUP("SERV.BANCARIOS c.siete",'Agosto 19'!$B:$E,3,0)+VLOOKUP("INT.PTMO.RCI BANQUE S.A.",'Agosto 19'!$B:$E,3,0)+VLOOKUP("INT.PTMO.C.SIETE Nº2238601351",'Agosto 19'!$B:$E,3,0) -> 200.45 | J26: =VLOOKUP("SERV.BANCARIOS BANKIA",'Septiembre 19'!$B:$E,3,0)+VLOOKUP("SERV.BANCARIOS c.siete",'Septiembre 19'!$B:$E,3,0)+VLOOKUP("INT.PTMO.RCI BANQUE S.A.",'Septiembre 19'!$B:$E,3,0)+VLOOKUP("INT.PTMO.C.SIETE Nº2238601351",'Septiembre 19'!$B:$E,3,0) -> 248.46 | K26: =VLOOKUP("SERV.BANCARIOS BANKIA",'Octubre 19'!$B:$E,3,0)+VLOOKUP("SERV.BANCARIOS c.siete",'Octubre 19'!$B:$E,3,0)+VLOOKUP("INT.PTMO.RCI BANQUE S.A.",'Octubre 19'!$B:$E,3,0)+VLOOKUP("INT.PTMO.C.SIETE Nº2238601351",'Octubre 19'!$B:$E,3,0) -> 180.58 | L26: =VLOOKUP("SERV.BANCARIOS BANKIA",'Noviembre 19'!$B:$E,3,0)+VLOOKUP("SERV.BANCARIOS c.siete",'Noviembre 19'!$B:$E,3,0)+VLOOKUP("INT.PTMO.RCI BANQUE S.A.",'Noviembre 19'!$B:$E,3,0)+VLOOKUP("INT.PTMO.C.SIETE Nº2238601351",'Noviembre 19'!$B:$E,3,0) -> 194.21 | M26: =VLOOKUP("SERV.BANCARIOS BANKIA",'Diciembre 19'!$B:$E,3,0)+VLOOKUP("SERV.BANCARIOS c.siete",'Diciembre 19'!$B:$E,3,0)+VLOOKUP("INT.PTMO.RCI BANQUE S.A.",'Diciembre 19'!$B:$E,3,0)+VLOOKUP("INT.PTMO.C.SIETE Nº2238601351",'Diciembre 19'!$B:$E,3,0) -> 297.71 | N26: =SUM(B26:M26) -> 3189.31 | P26: Gasto Extraor / Finan | Q26: =VLOOKUP("SERV.BANCARIOS BANKIA",'Enero 20'!$B:$E,3,0)+VLOOKUP("SERV.BANCARIOS c.siete",'Enero 20'!$B:$E,3,0)+VLOOKUP("INT.PTMO.RCI BANQUE S.A.",'Enero 20'!$B:$E,3,0)+VLOOKUP("INT.PTMO.C.SIETE Nº2238601351",'Enero 20'!$B:$E,3,0) -> 144.21 | R26: =VLOOKUP("SERV.BANCARIOS BANKIA",'Febrero 20'!$B:$E,3,0)+VLOOKUP("SERV.BANCARIOS c.siete",'Febrero 20'!$B:$E,3,0)+VLOOKUP("INT.PTMO.RCI BANQUE S.A.",'Febrero 20'!$B:$E,3,0)+VLOOKUP("INT.PTMO.C.SIETE Nº2238601351",'Febrero 20'!$B:$E,3,0) -> 628.08 | S26: =VLOOKUP("SERV.BANCARIOS BANKIA",'Marzo 20'!$B:$E,3,0)+VLOOKUP("SERV.BANCARIOS c.siete",'Marzo 20'!$B:$E,3,0)+VLOOKUP("INT.PTMO.RCI BANQUE S.A.",'Marzo 20'!$B:$E,3,0)+VLOOKUP("INT.PTMO.C.SIETE Nº2238601351",'Marzo 20'!$B:$E,3,0) -> 8.2 | T26: =VLOOKUP("SERV.BANCARIOS BANKIA",'Abril 20'!$B:$E,3,0)+VLOOKUP("SERV.BANCARIOS c.siete",'Abril 20'!$B:$E,3,0)+VLOOKUP("INT.PTMO.RCI BANQUE S.A.",'Abril 20'!$B:$E,3,0)+VLOOKUP("INT.PTMO.C.SIETE Nº2238601351",'Abril 20'!$B:$E,3,0) -> 85.89 | U26: =VLOOKUP("SERV.BANCARIOS BANKIA",'Mayo 20'!$B:$E,3,0)+VLOOKUP("SERV.BANCARIOS c.siete",'Mayo 20'!$B:$E,3,0)+VLOOKUP("INT.PTMO.RCI BANQUE S.A.",'Mayo 20'!$B:$E,3,0)+VLOOKUP("INT.PTMO.C.SIETE Nº2238601351",'Mayo 20'!$B:$E,3,0) -> 198.42 | V26: =VLOOKUP("SERV.BANCARIOS BANKIA",'Junio 20'!$B:$E,3,0)+VLOOKUP("SERV.BANCARIOS c.siete",'Junio 20'!$B:$E,3,0)+VLOOKUP("INT.PTMO.RCI BANQUE S.A.",'Junio 20'!$B:$E,3,0)+VLOOKUP("INT.PTMO.C.SIETE Nº2238601351",'Junio 20'!$B:$E,3,0) -> 173.31 | W26: =VLOOKUP("SERV.BANCARIOS BANKIA",'Julio 20'!$B:$E,3,0)+VLOOKUP("SERV.BANCARIOS c.siete",'Julio 20'!$B:$E,3,0)+VLOOKUP("INT.PTMO.RCI BANQUE S.A.",'Julio 20'!$B:$E,3,0)+VLOOKUP("INT.PTMO.C.SIETE Nº2238601351",'Julio 20'!$B:$E,3,0) -> 229.72 | X26: =VLOOKUP("SERV.BANCARIOS BANKIA",'Agosto 20'!$B:$E,3,0)+VLOOKUP("SERV.BANCARIOS c.siete",'Agosto 20'!$B:$E,3,0)+VLOOKUP("INT.PTMO.RCI BANQUE S.A.",'Agosto 20'!$B:$E,3,0)+VLOOKUP("INT.PTMO.C.SIETE Nº2238601351",'Agosto 20'!$B:$E,3,0) -> 266.17 | Y26: =VLOOKUP("SERV.BANCARIOS BANKIA",'Septiembre 20'!$B:$E,3,0)+VLOOKUP("SERV.BANCARIOS c.siete",'Septiembre 20'!$B:$E,3,0)+VLOOKUP("INT.PTMO.RCI BANQUE S.A.",'Septiembre 20'!$B:$E,3,0)+VLOOKUP("INT.PTMO.C.SIETE Nº2238601351",'Septiembre 20'!$B:$E,3,0) -> 131.05 | Z26: =VLOOKUP("SERV.BANCARIOS BANKIA",'Octubre 20'!$B:$E,3,0)+VLOOKUP("SERV.BANCARIOS c.siete",'Octubre 20'!$B:$E,3,0)+VLOOKUP("INT.PTMO.RCI BANQUE S.A.",'Octubre 20'!$B:$E,3,0)+VLOOKUP("INT.PTMO.C.SIETE Nº2238601351",'Octubre 20'!$B:$E,3,0) -> 0 | AA26: =VLOOKUP("SERV.BANCARIOS BANKIA",'Noviembre 20'!$B:$E,3,0)+VLOOKUP("SERV.BANCARIOS c.siete",'Noviembre 20'!$B:$E,3,0)+VLOOKUP("INT.PTMO.RCI BANQUE S.A.",'Noviembre 20'!$B:$E,3,0)+VLOOKUP("INT.PTMO.C.SIETE Nº2238601351",'Noviembre 20'!$B:$E,3,0) -> 0 | AB26: =VLOOKUP("SERV.BANCARIOS BANKIA",'Diciembre 20'!$B:$E,3,0)+VLOOKUP("SERV.BANCARIOS c.siete",'Diciembre 20'!$B:$E,3,0)+VLOOKUP("INT.PTMO.RCI BANQUE S.A.",'Diciembre 20'!$B:$E,3,0)+VLOOKUP("INT.PTMO.C.SIETE Nº2238601351",'Diciembre 20'!$B:$E,3,0) -> 0 | AC26: =SUM(Q26:AB26) -> 1865.05 | AE26: Gasto Extraor / Finan | AR26: =SUM(AF26:AQ26) -> 0
A27: Resultado de Explotación | B27: =B23-B26 -> 5525.41 | C27: =C23-C26 -> 15149.49 | D27: =D23-D26 -> -29570.09 | E27: =E23-E26 -> 27113.42 | F27: =F23-F26 -> 14543.77 | G27: =G23-G26 -> 914.38 | H27: =H23-H26 -> 15401.15 | I27: =I23-I26 -> 29447.39 | ... M27: =M23-M26 -> 31001.86 | N27: =SUM(B27:M27) -> 100169.14 | P27: Resultado de Explotación | Q27: =Q23-Q26 -> -22483 | R27: =R23-R26 -> -39618.67 | S27: =S23-S26 -> -1654.21 | T27: =T23-T26 -> -3413.1 | U27: =U23-U26 -> -6371.41 | V27: =V23-V26 -> 16795.73 | W27: =W23-W26 -> 9941.41 | X27: =X23-X26 -> 81437.84 | ... AB27: =AB23-AB26 -> 0 | AC27: =SUM(Q27:AB27) -> 33429.75 | AE27: Resultado de Explotación | AF27: =AF23-AF26 -> 65019.209 | AG27: =AG23-AG26 -> 56262.321 | AH27: =AH23-AH26 -> 43952.473 | AI27: =AI23-AI26 -> 70171.114 | AJ27: =AJ23-AJ26 -> 102497.33 | AK27: =AK23-AK26 -> 57869.049 | AL27: =AL23-AL26 -> 117467.21 | AM27: =AM23-AM26 -> 62792.94 | ... AQ27: =AQ23-AQ26 -> 119448.86 | AR27: =SUM(AF27:AQ27) -> 901733.81
A29: Resultado Neto antes de I.S. | B29: =B27 -> 5525.41 | C29: =C27 -> 15149.49 | D29: =D27 -> -29570.09 | E29: =E27 -> 27113.42 | F29: =F27 -> 14543.77 | G29: =G27 -> 914.38 | H29: =H27 -> 15401.15 | I29: =I27 -> 29447.39 | ... M29: =M27 -> 31001.86 | N29: =SUM(B29:M29) -> 100169.14 | P29: Resultado Neto antes de I.S. | Q29: =Q27 -> -22483 | R29: =R27 -> -39618.67 | S29: =S27 -> -1654.21 | T29: =T27 -> -3413.1 | U29: =U27 -> -6371.41 | V29: =V27 -> 16795.73 | W29: =W27 -> 9941.41 | X29: =X27 -> 81437.84 | ... AB29: =AB27 -> 0 | AC29: =SUM(Q29:AB29) -> 33429.75 | AE29: Resultado Neto antes de I.S. | AF29: =AF27 -> 65019.209 | AG29: =AG27 -> 56262.321 | AH29: =AH27 -> 43952.473 | AI29: =AI27 -> 70171.114 | AJ29: =AJ27 -> 102497.33 | AK29: =AK27 -> 57869.049 | AL29: =AL27 -> 117467.21 | AM29: =AM27 -> 62792.94 | ... AQ29: =AQ27 -> 119448.86 | AR29: =SUM(AF29:AQ29) -> 901733.81
A30: Margen Beneficio | B30: =B29/B3 -> 0.077332887 | C30: =C29/C3 -> 0.24233876 | D30: =D29/D3 -> -0.63240775 | E30: =E29/E3 -> 0.36707055 | F30: =F29/F3 -> 0.13054261 | G30: =G29/G3 -> 0.014536779 | H30: =H29/H3 -> 0.12455469 | I30: =I29/I3 -> 0.43613299 | ... M30: =M29/M3 -> 0.23877759 | Q30: =Q29/Q3 -> -0.42839172 | R30: =R29/R3 -> -0.81803398 | S30: =S29/S3 -> -0.02218857 | T30: =T29/T3 -> #DIV/0! | U30: =U29/U3 -> -0.23893385 | V30: =V29/V3 -> 0.49615881 | W30: =W29/W3 -> 0.20689827 | X30: =X29/X3 -> 0.68892076 | ... AC30: =AC29/AC3 -> 0.078356658 | AF30: =AF29/AF3 -> 1 | AG30: =AG29/AG3 -> 1 | AH30: =AH29/AH3 -> 1 | AI30: =AI29/AI3 -> 1 | AJ30: =AJ29/AJ3 -> 1 | AK30: =AK29/AK3 -> 1 | AL30: =AL29/AL3 -> 1 | AM30: =AM29/AM3 -> 1 | ... AR30: =AR29/AR3 -> 1
P48: =P5 -> Compras
P49: =P7 -> Salarios
P50: Sueldo CEO
P51: =P13 -> Alquiler
P52: =P14 -> Suministros
P53: =P15 -> Servicios Profesionales
P54: =P16 -> Seguros
P55: =P17 -> Varios
P56: =P18 -> Teléfono
P57: =P20 -> Ratio gastos Indirectos
P58: =P26 -> Gasto Extraor / Finan

Sheet Enero 20
A1: Sumas y saldos.
A4: Período: de Enero '20 a Enero '20
A5: Fecha: 04/11/2020
D7: Período | H7: Acumulados
A8: Cuenta | B8: Descripción | C8: Saldo inicial | D8: Debe | E8: Haber | F8: Debe | G8: Haber | H8: Saldo deudor | I8: Saldo acreedor
A9: 60000000 | B9: COMPRAS | C9: 0 | D9: 43608.69 | E9: 0 | F9: =IF(C9>0,C9+D9,D9) -> 43608.69 | G9: =IF(C9<0,0-C9+E9,E9) -> 0 | H9: =IF(F9-G9>0,F9-G9,0) -> 43608.69 | I9: =IF(G9-F9>0,G9-F9,0) -> 0
A10: 60000001 | B10: COMPRAS TRANSPORTE | C10: 0 | D10: 1945.41 | E10: 0 | F10: =IF(C10>0,C10+D10,D10) -> 1945.41 | G10: =IF(C10<0,0-C10+E10,E10) -> 0 | H10: =IF(F10-G10>0,F10-G10,0) -> 1945.41 | I10: =IF(G10-F10>0,G10-F10,0) -> 0
A11: 60000002 | B11: COMPRAS IMPUESTOS | C11: 0 | D11: 454.92 | E11: 0 | F11: =IF(C11>0,C11+D11,D11) -> 454.92 | G11: =IF(C11<0,0-C11+E11,E11) -> 0 | H11: =IF(F11-G11>0,F11-G11,0) -> 454.92 | I11: =IF(G11-F11>0,G11-F11,0) -> 0
A12: 62100003 | B12: ALQ.LOCAL C/.ISLOTE FERMIN | C12: 0 | D12: 330 | E12: 0 | F12: =IF(C12>0,C12+D12,D12) -> 330 | G12: =IF(C12<0,0-C12+E12,E12) -> 0 | H12: =IF(F12-G12>0,F12-G12,0) -> 330 | I12: =IF(G12-F12>0,G12-F12,0) -> 0
A13: 62200000 | B13: REPARACIONES Y CONSERVACIÓN | C13: 0 | D13: 3989.99 | E13: 0 | F13: =IF(C13>0,C13+D13,D13) -> 3989.99 | G13: =IF(C13<0,0-C13+E13,E13) -> 0 | H13: =IF(F13-G13>0,F13-G13,0) -> 3989.99 | I13: =IF(G13-F13>0,G13-F13,0) -> 0
A14: 62300000 | B14: SERVICIOS PROFESIONALES INDEP. | C14: 0 | D14: 911.88 | E14: 0 | F14: =IF(C14>0,C14+D14,D14) -> 911.88 | G14: =IF(C14<0,0-C14+E14,E14) -> 0 | H14: =IF(F14-G14>0,F14-G14,0) -> 911.88 | I14: =IF(G14-F14>0,G14-F14,0) -> 0
A15: 62500000 | B15: PRIMAS DE SEGUROS | C15: 0 | D15: 321.28 | E15: 0 | F15: =IF(C15>0,C15+D15,D15) -> 321.28 | G15: =IF(C15<0,0-C15+E15,E15) -> 0 | H15: =IF(F15-G15>0,F15-G15,0) -> 321.28 | I15: =IF(G15-F15>0,G15-F15,0) -> 0
A16: 62600002 | B16: SERV.BANCARIOS BANKIA | C16: 0 | D16: -7.2 | E16: 0 | F16: =IF(C16>0,C16+D16,D16) -> -7.2 | G16: =IF(C16<0,0-C16+E16,E16) -> 0 | H16: =IF(F16-G16>0,F16-G16,0) -> 0 | I16: =IF(G16-F16>0,G16-F16,0) -> 7.2
A17: 62600003 | B17: SERV.BANCARIOS C.SIETE | C17: 0 | D17: 52.64 | E17: 0 | F17: =IF(C17>0,C17+D17,D17) -> 52.64 | G17: =IF(C17<0,0-C17+E17,E17) -> 0 | H17: =IF(F17-G17>0,F17-G17,0) -> 52.64 | I17: =IF(G17-F17>0,G17-F17,0) -> 0
A18: 62800001 | B18: SUMINISTROS GASOIL | C18: 0 | D18: 580 | E18: 0 | F18: =IF(C18>0,C18+D18,D18) -> 580 | G18: =IF(C18<0,0-C18+E18,E18) -> 0 | H18: =IF(F18-G18>0,F18-G18,0) -> 580 | I18: =IF(G18-F18>0,G18-F18,0) -> 0
A19: 62800002 | B19: SUMINISTROS AGUA | C19: 0 | D19: 149.08 | E19: 0 | F19: =IF(C19>0,C19+D19,D19) -> 149.08 | G19: =IF(C19<0,0-C19+E19,E19) -> 0 | H19: =IF(F19-G19>0,F19-G19,0) -> 149.08 | I19: =IF(G19-F19>0,G19-F19,0) -> 0
A20: 62800003 | B20: SUMINISTROS ELECTRICIDAD | C20: 0 | D20: 182.59 | E20: 0 | F20: =IF(C20>0,C20+D20,D20) -> 182.59 | G20: =IF(C20<0,0-C20+E20,E20) -> 0 | H20: =IF(F20-G20>0,F20-G20,0) -> 182.59 | I20: =IF(G20-F20>0,G20-F20,0) -> 0
... A31: 70800000 | B31: DEVOLUCIONES DE VENTAS DE MERC | C31: 0 | D31: 1075.81 | E31: 0 | F31: =IF(C31>0,C31+D31,D31) -> 1075.81 | G31: =IF(C31<0,0-C31+E31,E31) -> 0 | H31: =IF(F31-G31>0,F31-G31,0) -> 1075.81 | I31: =IF(G31-F31>0,G31-F31,0) -> 0
B32: Total nivel | C32: =SUM(C9:C31) -> 0 | D32: =SUM(D9:D31) -> 76041.15 | E32: =SUM(E9:E31) -> 53558.15 | F32: =SUM(F9:F31) -> 76041.15 | G32: =SUM(G9:G31) -> 53558.15 | H32: =SUM(H9:H31) -> 76048.35 | I32: =SUM(I9:I31) -> 53565.35

Sheet Febrero 20
A1: Sumas y saldos.
A4: Período: de Febrero '20 a Febrero '20
A5: Fecha: 04/11/2020
D7: Período | H7: Acumulados
A8: Cuenta | B8: Descripción | C8: Saldo inicial | D8: Debe | E8: Haber | F8: Debe | G8: Haber | H8: Saldo deudor | I8: Saldo acreedor
A9: 60000000 | B9: COMPRAS | C9: 43608.69 | D9: 59779.94 | E9: 0 | F9: =IF(C9>0,C9+D9,D9) -> 103388.63 | G9: =IF(C9<0,0-C9+E9,E9) -> 0 | H9: =IF(F9-G9>0,F9-G9,0) -> 103388.63 | I9: =IF(G9-F9>0,G9-F9,0) -> 0
A10: 60000001 | B10: COMPRAS TRANSPORTE | C10: 1945.41 | D10: 2471.51 | E10: 0 | F10: =IF(C10>0,C10+D10,D10) -> 4416.92 | G10: =IF(C10<0,0-C10+E10,E10) -> 0 | H10: =IF(F10-G10>0,F10-G10,0) -> 4416.92 | I10: =IF(G10-F10>0,G10-F10,0) -> 0
A11: 60000002 | B11: COMPRAS IMPUESTOS | C11: 454.92 | D11: 1426.54 | E11: 0 | F11: =IF(C11>0,C11+D11,D11) -> 1881.46 | G11: =IF(C11<0,0-C11+E11,E11) -> 0 | H11: =IF(F11-G11>0,F11-G11,0) -> 1881.46 | I11: =IF(G11-F11>0,G11-F11,0) -> 0
A12: 62100003 | B12: ALQ.LOCAL C/.ISLOTE FERMIN | C12: 330 | D12: 330 | E12: 0 | F12: =IF(C12>0,C12+D12,D12) -> 660 | G12: =IF(C12<0,0-C12+E12,E12) -> 0 | H12: =IF(F12-G12>0,F12-G12,0) -> 660 | I12: =IF(G12-F12>0,G12-F12,0) -> 0
A13: 62200000 | B13: REPARACIONES Y CONSERVACIÓN | C13: 3989.99 | D13: 5446.96 | E13: 0 | F13: =IF(C13>0,C13+D13,D13) -> 9436.95 | G13: =IF(C13<0,0-C13+E13,E13) -> 0 | H13: =IF(F13-G13>0,F13-G13,0) -> 9436.95 | I13: =IF(G13-F13>0,G13-F13,0) -> 0
A14: 62300000 | B14: SERVICIOS PROFESIONALES INDEP. | C14: 911.88 | D14: 761.88 | E14: 0 | F14: =IF(C14>0,C14+D14,D14) -> 1673.76 | G14: =IF(C14<0,0-C14+E14,E14) -> 0 | H14: =IF(F14-G14>0,F14-G14,0) -> 1673.76 | I14: =IF(G14-F14>0,G14-F14,0) -> 0
A15: 62500000 | B15: PRIMAS DE SEGUROS | C15: 321.28 | D15: 250.86 | E15: 0 | F15: =IF(C15>0,C15+D15,D15) -> 572.14 | G15: =IF(C15<0,0-C15+E15,E15) -> 0 | H15: =IF(F15-G15>0,F15-G15,0) -> 572.14 | I15: =IF(G15-F15>0,G15-F15,0) -> 0
A16: 62600002 | B16: SERV.BANCARIOS BANKIA | C16: -7.2 | D16: 489.1 | E16: 0 | F16: =IF(C16>0,C16+D16,D16) -> 489.1 | G16: =IF(C16<0,0-C16+E16,E16) -> 7.2 | H16: =IF(F16-G16>0,F16-G16,0) -> 481.9 | I16: =IF(G16-F16>0,G16-F16,0) -> 0
A17: 62600003 | B17: SERV.BANCARIOS C.SIETE | C17: 52.64 | D17: 44.22 | E17: 0 | F17: =IF(C17>0,C17+D17,D17) -> 96.86 | G17: =IF(C17<0,0-C17+E17,E17) -> 0 | H17: =IF(F17-G17>0,F17-G17,0) -> 96.86 | I17: =IF(G17-F17>0,G17-F17,0) -> 0
A18: 62800001 | B18: SUMINISTROS GASOIL | C18: 580 | D18: 519.88 | E18: 0 | F18: =IF(C18>0,C18+D18,D18) -> 1099.88 | G18: =IF(C18<0,0-C18+E18,E18) -> 0 | H18: =IF(F18-G18>0,F18-G18,0) -> 1099.88 | I18: =IF(G18-F18>0,G18-F18,0) -> 0
A19: 62800002 | B19: SUMINISTROS AGUA | C19: 149.08 | D19: 0 | E19: 0 | F19: =IF(C19>0,C19+D19,D19) -> 149.08 | G19: =IF(C19<0,0-C19+E19,E19) -> 0 | H19: =IF(F19-G19>0,F19-G19,0) -> 149.08 | I19: =IF(G19-F19>0,G19-F19,0) -> 0
A20: 62800003 | B20: SUMINISTROS ELECTRICIDAD | C20: 182.59 | D20: 294.88 | E20: 0 | F20: =IF(C20>0,C20+D20,D20) -> 477.47 | G20: =IF(C20<0,0-C20+E20,E20) -> 0 | H20: =IF(F20-G20>0,F20-G20,0) -> 477.47 | I20: =IF(G20-F20>0,G20-F20,0) -> 0
... A33: 70800000 | B33: DEVOLUCIONES DE VENTAS DE MERC | C33: 1075.81 | D33: 12030.92 | E33: 0 | F33: =IF(C33>0,C33+D33,D33) -> 13106.73 | G33: =IF(C33<0,0-C33+E33,E33) -> 0 | H33: =IF(F33-G33>0,F33-G33,0) -> 13106.73 | I33: =IF(G33-F33>0,G33-F33,0) -> 0
B34: Total nivel | C34: =SUM(C9:C33) -> 22483 | D34: =SUM(D9:D33) -> 104549.78 | E34: =SUM(E9:E33) -> 60462.49 | F34: =SUM(F9:F33) -> 180598.13 | G34: =SUM(G9:G33) -> 114027.84 | H34: =SUM(H9:H33) -> 180590.93 | I34: =SUM(I9:I33) -> 114020.64

Sheet Marzo 20
A1: Sumas y saldos.
A4: Período: de Marzo '20 a Marzo '20
A5: Fecha: 04/11/2020
D7: Período | H7: Acumulados
A8: Cuenta | B8: Descripción | C8: Saldo inicial | D8: Debe | E8: Haber | F8: Debe | G8: Haber | H8: Saldo deudor | I8: Saldo acreedor
A9: 60000000 | B9: COMPRAS | C9: 103388.63 | D9: 60279.78 | E9: 0 | F9: =IF(C9>0,C9+D9,D9) -> 163668.41 | G9: =IF(C9<0,0-C9+E9,E9) -> 0 | H9: =IF(F9-G9>0,F9-G9,0) -> 163668.41 | I9: =IF(G9-F9>0,G9-F9,0) -> 0
A10: 60000001 | B10: COMPRAS TRANSPORTE | C10: 4416.92 | D10: 1810.94 | E10: 0 | F10: =IF(C10>0,C10+D10,D10) -> 6227.86 | G10: =IF(C10<0,0-C10+E10,E10) -> 0 | H10: =IF(F10-G10>0,F10-G10,0) -> 6227.86 | I10: =IF(G10-F10>0,G10-F10,0) -> 0
A11: 60000002 | B11: COMPRAS IMPUESTOS | C11: 1881.46 | D11: 168.76 | E11: 0 | F11: =IF(C11>0,C11+D11,D11) -> 2050.22 | G11: =IF(C11<0,0-C11+E11,E11) -> 0 | H11: =IF(F11-G11>0,F11-G11,0) -> 2050.22 | I11: =IF(G11-F11>0,G11-F11,0) -> 0
A12: 60200000 | B12: COMPRAS DE OTROS APROVISIONAMI | C12: 0 | D12: 21.2 | E12: 0 | F12: =IF(C12>0,C12+D12,D12) -> 21.2 | G12: =IF(C12<0,0-C12+E12,E12) -> 0 | H12: =IF(F12-G12>0,F12-G12,0) -> 21.2 | I12: =IF(G12-F12>0,G12-F12,0) -> 0
A13: 62100003 | B13: ALQ.LOCAL C/.ISLOTE FERMIN | C13: 660 | D13: 330 | E13: 0 | F13: =IF(C13>0,C13+D13,D13) -> 990 | G13: =IF(C13<0,0-C13+E13,E13) -> 0 | H13: =IF(F13-G13>0,F13-G13,0) -> 990 | I13: =IF(G13-F13>0,G13-F13,0) -> 0
A14: 62200000 | B14: REPARACIONES Y CONSERVACIÓN | C14: 9436.95 | D14: 544.22 | E14: 0 | F14: =IF(C14>0,C14+D14,D14) -> 9981.17 | G14: =IF(C14<0,0-C14+E14,E14) -> 0 | H14: =IF(F14-G14>0,F14-G14,0) -> 9981.17 | I14: =IF(G14-F14>0,G14-F14,0) -> 0
A15: 62300000 | B15: SERVICIOS PROFESIONALES INDEP. | C15: 1673.76 | D15: 752.45 | E15: 0 | F15: =IF(C15>0,C15+D15,D15) -> 2426.21 | G15: =IF(C15<0,0-C15+E15,E15) -> 0 | H15: =IF(F15-G15>0,F15-G15,0) -> 2426.21 | I15: =IF(G15-F15>0,G15-F15,0) -> 0
A16: 62500000 | B16: PRIMAS DE SEGUROS | C16: 572.14 | D16: 1704.76 | E16: 0 | F16: =IF(C16>0,C16+D16,D16) -> 2276.9 | G16: =IF(C16<0,0-C16+E16,E16) -> 0 | H16: =IF(F16-G16>0,F16-G16,0) -> 2276.9 | I16: =IF(G16-F16>0,G16-F16,0) -> 0
A17: 62600002 | B17: SERV.BANCARIOS BANKIA | C17: 481.9 | D17: -110.34 | E17: 0 | F17: =IF(C17>0,C17+D17,D17) -> 371.56 | G17: =IF(C17<0,0-C17+E17,E17) -> 0 | H17: =IF(F17-G17>0,F17-G17,0) -> 371.56 | I17: =IF(G17-F17>0,G17-F17,0) -> 0
A18: 62600003 | B18: SERV.BANCARIOS C.SIETE | C18: 96.86 | D18: 27.81 | E18: 0 | F18: =IF(C18>0,C18+D18,D18) -> 124.67 | G18: =IF(C18<0,0-C18+E18,E18) -> 0 | H18: =IF(F18-G18>0,F18-G18,0) -> 124.67 | I18: =IF(G18-F18>0,G18-F18,0) -> 0
A19: 62800001 | B19: SUMINISTROS GASOIL | C19: 1099.88 | D19: 224.5 | E19: 0 | F19: =IF(C19>0,C19+D19,D19) -> 1324.38 | G19: =IF(C19<0,0-C19+E19,E19) -> 0 | H19: =IF(F19-G19>0,F19-G19,0) -> 1324.38 | I19: =IF(G19-F19>0,G19-F19,0) -> 0
A20: 62800002 | B20: SUMINISTROS AGUA | C20: 149.08 | D20: 108.37 | E20: 0 | F20: =IF(C20>0,C20+D20,D20) -> 257.45 | G20: =IF(C20<0,0-C20+E20,E20) -> 0 | H20: =IF(F20-G20>0,F20-G20,0) -> 257.45 | I20: =IF(G20-F20>0,G20-F20,0) -> 0
... A34: 70800000 | B34: DEVOLUCIONES DE VENTAS DE MERC | C34: 13106.73 | D34: 0 | E34: 0 | F34: =IF(C34>0,C34+D34,D34) -> 13106.73 | G34: =IF(C34<0,0-C34+E34,E34) -> 0 | H34: =IF(F34-G34>0,F34-G34,0) -> 13106.73 | I34: =IF(G34-F34>0,G34-F34,0) -> 0
B35: Total nivel | C35: =SUM(C9:C34) -> 66570.29 | D35: =SUM(D9:D34) -> 78494.33 | E35: =SUM(E9:E34) -> 74552.35 | F35: =SUM(F9:F34) -> 259085.26 | G35: =SUM(G9:G34) -> 188572.99 | H35: =SUM(H9:H34) -> 259085.26 | I35: =SUM(I9:I34) -> 188572.99

Sheet Abril 20
A1: Sumas y saldos.
A4: Período: de Abril '20 a Abril '20
A5: Fecha: 04/11/2020
D7: Período | H7: Acumulados
A8: Cuenta | B8: Descripción | C8: Saldo inicial | D8: Debe | E8: Haber | F8: Debe | G8: Haber | H8: Saldo deudor | I8: Saldo acreedor
A9: 60000000 | B9: COMPRAS | C9: 163668.41 | D9: 17.79 | E9: 0 | F9: =IF(C9>0,C9+D9,D9) -> 163686.2 | G9: =IF(C9<0,0-C9+E9,E9) -> 0 | H9: =IF(F9-G9>0,F9-G9,0) -> 163686.2 | I9: =IF(G9-F9>0,G9-F9,0) -> 0
A10: 60000001 | B10: COMPRAS TRANSPORTE | C10: 6227.86 | D10: 0 | E10: 0 | F10: =IF(C10>0,C10+D10,D10) -> 6227.86 | G10: =IF(C10<0,0-C10+E10,E10) -> 0 | H10: =IF(F10-G10>0,F10-G10,0) -> 6227.86 | I10: =IF(G10-F10>0,G10-F10,0) -> 0
A11: 60000002 | B11: COMPRAS IMPUESTOS | C11: 2050.22 | D11: 0 | E11: 0 | F11: =IF(C11>0,C11+D11,D11) -> 2050.22 | G11: =IF(C11<0,0-C11+E11,E11) -> 0 | H11: =IF(F11-G11>0,F11-G11,0) -> 2050.22 | I11: =IF(G11-F11>0,G11-F11,0) -> 0
A12: 60200000 | B12: COMPRAS DE OTROS APROVISIONAMI | C12: 21.2 | D12: 0 | E12: 0 | F12: =IF(C12>0,C12+D12,D12) -> 21.2 | G12: =IF(C12<0,0-C12+E12,E12) -> 0 | H12: =IF(F12-G12>0,F12-G12,0) -> 21.2 | I12: =IF(G12-F12>0,G12-F12,0) -> 0
A13: 62100003 | B13: ALQ.LOCAL C/.ISLOTE FERMIN | C13: 990 | D13: 330 | E13: 0 | F13: =IF(C13>0,C13+D13,D13) -> 1320 | G13: =IF(C13<0,0-C13+E13,E13) -> 0 | H13: =IF(F13-G13>0,F13-G13,0) -> 1320 | I13: =IF(G13-F13>0,G13-F13,0) -> 0
A14: 62200000 | B14: REPARACIONES Y CONSERVACIÓN | C14: 9981.17 | D14: 65.03 | E14: 0 | F14: =IF(C14>0,C14+D14,D14) -> 10046.2 | G14: =IF(C14<0,0-C14+E14,E14) -> 0 | H14: =IF(F14-G14>0,F14-G14,0) -> 10046.2 | I14: =IF(G14-F14>0,G14-F14,0) -> 0
A15: 62300000 | B15: SERVICIOS PROFESIONALES INDEP. | C15: 2426.21 | D15: 1126.98 | E15: 0 | F15: =IF(C15>0,C15+D15,D15) -> 3553.19 | G15: =IF(C15<0,0-C15+E15,E15) -> 0 | H15: =IF(F15-G15>0,F15-G15,0) -> 3553.19 | I15: =IF(G15-F15>0,G15-F15,0) -> 0
A16: 62500000 | B16: PRIMAS DE SEGUROS | C16: 2276.9 | D16: 995.58 | E16: 0 | F16: =IF(C16>0,C16+D16,D16) -> 3272.48 | G16: =IF(C16<0,0-C16+E16,E16) -> 0 | H16: =IF(F16-G16>0,F16-G16,0) -> 3272.48 | I16: =IF(G16-F16>0,G16-F16,0) -> 0
A17: 62600002 | B17: SERV.BANCARIOS BANKIA | C17: 371.56 | D17: -0.8 | E17: 0 | F17: =IF(C17>0,C17+D17,D17) -> 370.76 | G17: =IF(C17<0,0-C17+E17,E17) -> 0 | H17: =IF(F17-G17>0,F17-G17,0) -> 370.76 | I17: =IF(G17-F17>0,G17-F17,0) -> 0
A18: 62600003 | B18: SERV.BANCARIOS C.SIETE | C18: 124.67 | D18: 0 | E18: 0 | F18: =IF(C18>0,C18+D18,D18) -> 124.67 | G18: =IF(C18<0,0-C18+E18,E18) -> 0 | H18: =IF(F18-G18>0,F18-G18,0) -> 124.67 | I18: =IF(G18-F18>0,G18-F18,0) -> 0
A19: 62800001 | B19: SUMINISTROS GASOIL | C19: 1324.38 | D19: 74.25 | E19: 0 | F19: =IF(C19>0,C19+D19,D19) -> 1398.63 | G19: =IF(C19<0,0-C19+E19,E19) -> 0 | H19: =IF(F19-G19>0,F19-G19,0) -> 1398.63 | I19: =IF(G19-F19>0,G19-F19,0) -> 0
A20: 62800002 | B20: SUMINISTROS AGUA | C20: 257.45 | D20: 0 | E20: 0 | F20: =IF(C20>0,C20+D20,D20) -> 257.45 | G20: =IF(C20<0,0-C20+E20,E20) -> 0 | H20: =IF(F20-G20>0,F20-G20,0) -> 257.45 | I20: =IF(G20-F20>0,G20-F20,0) -> 0
... A36: 76900000 | B36: OTROS INGRESOS FINANCIEROS | C36: 0 | D36: 0 | E36: 7.78 | F36: =IF(C36>0,C36+D36,D36) -> 0 | G36: =IF(C36<0,0-C36+E36,E36) -> 7.78 | H36: =IF(F36-G36>0,F36-G36,0) -> 0 | I36: =IF(G36-F36>0,G36-F36,0) -> 7.78
B37: Total nivel | C37: =SUM(C9:C36) -> 70512.27 | D37: =SUM(D9:D36) -> 3726.19 | E37: =SUM(E9:E36) -> 7.78 | F37: =SUM(F9:F36) -> 262811.45 | G37: =SUM(G9:G36) -> 188580.77 | H37: =SUM(H9:H36) -> 262811.45 | I37: =SUM(I9:I36) -> 188580.77

Sheet Mayo 20
A1: Sumas y saldos.
A4: Período: de Mayo '20 a Mayo '20
A5: Fecha: 04/11/2020
D7: Período | H7: Acumulados
A8: Cuenta | B8: Descripción | C8: Saldo inicial | D8: Debe | E8: Haber | F8: Debe | G8: Haber | H8: Saldo deudor | I8: Saldo acreedor
A9: 60000000 | B9: COMPRAS | C9: 163686.2 | D9: 24779.93 | E9: 0 | F9: =IF(C9>0,C9+D9,D9) -> 188466.13 | G9: =IF(C9<0,0-C9+E9,E9) -> 0 | H9: =IF(F9-G9>0,F9-G9,0) -> 188466.13 | I9: =IF(G9-F9>0,G9-F9,0) -> 0
A10: 60000001 | B10: COMPRAS TRANSPORTE | C10: 6227.86 | D10: 256.56 | E10: 0 | F10: =IF(C10>0,C10+D10,D10) -> 6484.42 | G10: =IF(C10<0,0-C10+E10,E10) -> 0 | H10: =IF(F10-G10>0,F10-G10,0) -> 6484.42 | I10: =IF(G10-F10>0,G10-F10,0) -> 0
A11: 60000002 | B11: COMPRAS IMPUESTOS | C11: 2050.22 | D11: 457.02 | E11: 0 | F11: =IF(C11>0,C11+D11,D11) -> 2507.24 | G11: =IF(C11<0,0-C11+E11,E11) -> 0 | H11: =IF(F11-G11>0,F11-G11,0) -> 2507.24 | I11: =IF(G11-F11>0,G11-F11,0) -> 0
A12: 60200000 | B12: COMPRAS DE OTROS APROVISIONAMI | C12: 21.2 | D12: 0 | E12: 0 | F12: =IF(C12>0,C12+D12,D12) -> 21.2 | G12: =IF(C12<0,0-C12+E12,E12) -> 0 | H12: =IF(F12-G12>0,F12-G12,0) -> 21.2 | I12: =IF(G12-F12>0,G12-F12,0) -> 0
A13: 60800000 | B13: DEVOLUCIONES DE COMPRAS DE MER | C13: 0 | D13: 0 | E13: 1013.43 | F13: =IF(C13>0,C13+D13,D13) -> 0 | G13: =IF(C13<0,0-C13+E13,E13) -> 1013.43 | H13: =IF(F13-G13>0,F13-G13,0) -> 0 | I13: =IF(G13-F13>0,G13-F13,0) -> 1013.43
A14: 62100003 | B14: ALQ.LOCAL C/.ISLOTE FERMIN | C14: 1320 | D14: 330 | E14: 0 | F14: =IF(C14>0,C14+D14,D14) -> 1650 | G14: =IF(C14<0,0-C14+E14,E14) -> 0 | H14: =IF(F14-G14>0,F14-G14,0) -> 1650 | I14: =IF(G14-F14>0,G14-F14,0) -> 0
A15: 62200000 | B15: REPARACIONES Y CONSERVACIÓN | C15: 10046.2 | D15: 598.42 | E15: 0 | F15: =IF(C15>0,C15+D15,D15) -> 10644.62 | G15: =IF(C15<0,0-C15+E15,E15) -> 0 | H15: =IF(F15-G15>0,F15-G15,0) -> 10644.62 | I15: =IF(G15-F15>0,G15-F15,0) -> 0
A16: 62300000 | B16: SERVICIOS PROFESIONALES INDEP. | C16: 3553.19 | D16: 1037.94 | E16: 0 | F16: =IF(C16>0,C16+D16,D16) -> 4591.13 | G16: =IF(C16<0,0-C16+E16,E16) -> 0 | H16: =IF(F16-G16>0,F16-G16,0) -> 4591.13 | I16: =IF(G16-F16>0,G16-F16,0) -> 0
A17: 62500000 | B17: PRIMAS DE SEGUROS | C17: 3272.48 | D17: 250.86 | E17: 0 | F17: =IF(C17>0,C17+D17,D17) -> 3523.34 | G17: =IF(C17<0,0-C17+E17,E17) -> 0 | H17: =IF(F17-G17>0,F17-G17,0) -> 3523.34 | I17: =IF(G17-F17>0,G17-F17,0) -> 0
A18: 62600002 | B18: SERV.BANCARIOS BANKIA | C18: 370.76 | D18: 112.89 | E18: 0 | F18: =IF(C18>0,C18+D18,D18) -> 483.65 | G18: =IF(C18<0,0-C18+E18,E18) -> 0 | H18: =IF(F18-G18>0,F18-G18,0) -> 483.65 | I18: =IF(G18-F18>0,G18-F18,0) -> 0
A19: 62600003 | B19: SERV.BANCARIOS C.SIETE | C19: 124.67 | D19: 2.9 | E19: 0 | F19: =IF(C19>0,C19+D19,D19) -> 127.57 | G19: =IF(C19<0,0-C19+E19,E19) -> 0 | H19: =IF(F19-G19>0,F19-G19,0) -> 127.57 | I19: =IF(G19-F19>0,G19-F19,0) -> 0
A20: 62800001 | B20: SUMINISTROS GASOIL | C20: 1398.63 | D20: 177.05 | E20: 0 | F20: =IF(C20>0,C20+D20,D20) -> 1575.68 | G20: =IF(C20<0,0-C20+E20,E20) -> 0 | H20: =IF(F20-G20>0,F20-G20,0) -> 1575.68 | I20: =IF(G20-F20>0,G20-F20,0) -> 0
... A37: 76900000 | B37: OTROS INGRESOS FINANCIEROS | C37: -7.78 | D37: 0 | E37: 0 | F37: =IF(C37>0,C37+D37,D37) -> 0 | G37: =IF(C37<0,0-C37+E37,E37) -> 7.78 | H37: =IF(F37-G37>0,F37-G37,0) -> 0 | I37: =IF(G37-F37>0,G37-F37,0) -> 7.78
B38: Total nivel | C38: =SUM(C9:C37) -> 74230.68 | D38: =SUM(D9:D37) -> 34246.03 | E38: =SUM(E9:E37) -> 27798.23 | F38: =SUM(F9:F37) -> 297057.48 | G38: =SUM(G9:G37) -> 216379 | H38: =SUM(H9:H37) -> 297057.48 | I38: =SUM(I9:I37) -> 216379

Sheet Junio 20
A1: Sumas y saldos.
A4: Período: de Junio '20 a Junio '20
A5: Fecha: 04/11/2020
D7: Período | H7: Acumulados
A8: Cuenta | B8: Descripción | C8: Saldo inicial | D8: Debe | E8: Haber | F8: Debe | G8: Haber | H8: Saldo deudor | I8: Saldo acreedor
A9: 60000000 | B9: COMPRAS | C9: 188466.13 | D9: 3196.79 | E9: 0 | F9: =IF(C9>0,C9+D9,D9) -> 191662.92 | G9: =IF(C9<0,0-C9+E9,E9) -> 0 | H9: =IF(F9-G9>0,F9-G9,0) -> 191662.92 | I9: =IF(G9-F9>0,G9-F9,0) -> 0
A10: 60000001 | B10: COMPRAS TRANSPORTE | C10: 6484.42 | D10: 614.09 | E10: 0 | F10: =IF(C10>0,C10+D10,D10) -> 7098.51 | G10: =IF(C10<0,0-C10+E10,E10) -> 0 | H10: =IF(F10-G10>0,F10-G10,0) -> 7098.51 | I10: =IF(G10-F10>0,G10-F10,0) -> 0
A11: 60000002 | B11: COMPRAS IMPUESTOS | C11: 2507.24 | D11: 0 | E11: 0 | F11: =IF(C11>0,C11+D11,D11) -> 2507.24 | G11: =IF(C11<0,0-C11+E11,E11) -> 0 | H11: =IF(F11-G11>0,F11-G11,0) -> 2507.24 | I11: =IF(G11-F11>0,G11-F11,0) -> 0
A12: 60200000 | B12: COMPRAS DE OTROS APROVISIONAMI | C12: 21.2 | D12: 31.72 | E12: 0 | F12: =IF(C12>0,C12+D12,D12) -> 52.92 | G12: =IF(C12<0,0-C12+E12,E12) -> 0 | H12: =IF(F12-G12>0,F12-G12,0) -> 52.92 | I12: =IF(G12-F12>0,G12-F12,0) -> 0
A13: 60800000 | B13: DEVOLUCIONES DE COMPRAS DE MER | C13: -1013.43 | D13: 0 | E13: 0 | F13: =IF(C13>0,C13+D13,D13) -> 0 | G13: =IF(C13<0,0-C13+E13,E13) -> 1013.43 | H13: =IF(F13-G13>0,F13-G13,0) -> 0 | I13: =IF(G13-F13>0,G13-F13,0) -> 1013.43
A14: 62100003 | B14: ALQ.LOCAL C/.ISLOTE FERMIN | C14: 1650 | D14: 330 | E14: 0 | F14: =IF(C14>0,C14+D14,D14) -> 1980 | G14: =IF(C14<0,0-C14+E14,E14) -> 0 | H14: =IF(F14-G14>0,F14-G14,0) -> 1980 | I14: =IF(G14-F14>0,G14-F14,0) -> 0
A15: 62200000 | B15: REPARACIONES Y CONSERVACIÓN | C15: 10644.62 | D15: 844.57 | E15: 0 | F15: =IF(C15>0,C15+D15,D15) -> 11489.19 | G15: =IF(C15<0,0-C15+E15,E15) -> 0 | H15: =IF(F15-G15>0,F15-G15,0) -> 11489.19 | I15: =IF(G15-F15>0,G15-F15,0) -> 0
A16: 62300000 | B16: SERVICIOS PROFESIONALES INDEP. | C16: 4591.13 | D16: 860.86 | E16: 0 | F16: =IF(C16>0,C16+D16,D16) -> 5451.99 | G16: =IF(C16<0,0-C16+E16,E16) -> 0 | H16: =IF(F16-G16>0,F16-G16,0) -> 5451.99 | I16: =IF(G16-F16>0,G16-F16,0) -> 0
A17: 62500000 | B17: PRIMAS DE SEGUROS | C17: 3523.34 | D17: 563.6 | E17: 0 | F17: =IF(C17>0,C17+D17,D17) -> 4086.94 | G17: =IF(C17<0,0-C17+E17,E17) -> 0 | H17: =IF(F17-G17>0,F17-G17,0) -> 4086.94 | I17: =IF(G17-F17>0,G17-F17,0) -> 0
A18: 62600002 | B18: SERV.BANCARIOS BANKIA | C18: 483.65 | D18: 8.65 | E18: 0 | F18: =IF(C18>0,C18+D18,D18) -> 492.3 | G18: =IF(C18<0,0-C18+E18,E18) -> 0 | H18: =IF(F18-G18>0,F18-G18,0) -> 492.3 | I18: =IF(G18-F18>0,G18-F18,0) -> 0
A19: 62600003 | B19: SERV.BANCARIOS C.SIETE | C19: 127.57 | D19: 86.1 | E19: 0 | F19: =IF(C19>0,C19+D19,D19) -> 213.67 | G19: =IF(C19<0,0-C19+E19,E19) -> 0 | H19: =IF(F19-G19>0,F19-G19,0) -> 213.67 | I19: =IF(G19-F19>0,G19-F19,0) -> 0
A20: 62800001 | B20: SUMINISTROS GASOIL | C20: 1575.68 | D20: 216 | E20: 0 | F20: =IF(C20>0,C20+D20,D20) -> 1791.68 | G20: =IF(C20<0,0-C20+E20,E20) -> 0 | H20: =IF(F20-G20>0,F20-G20,0) -> 1791.68 | I20: =IF(G20-F20>0,G20-F20,0) -> 0
... A39: 77800000 | B39: INGRESOS EXCEPCIONALES | C39: 0 | D39: 0 | E39: 758.59 | F39: =IF(C39>0,C39+D39,D39) -> 0 | G39: =IF(C39<0,0-C39+E39,E39) -> 758.59 | H39: =IF(F39-G39>0,F39-G39,0) -> 0 | I39: =IF(G39-F39>0,G39-F39,0) -> 758.59
B40: Total nivel | C40: =SUM(C9:C39) -> 80678.48 | D40: =SUM(D9:D39) -> 18719.84 | E40: =SUM(E9:E39) -> 38088.89 | F40: =SUM(F9:F39) -> 315777.32 | G40: =SUM(G9:G39) -> 254467.89 | H40: =SUM(H9:H39) -> 315777.32 | I40: =SUM(I9:I39) -> 254467.89

Sheet Julio 20
A1: Sumas y saldos.
A4: Período: de Julio '20 a Julio '20
A5: Fecha: 04/11/2020
D7: Período | H7: Acumulados
A8: Cuenta | B8: Descripción | C8: Saldo inicial | D8: Debe | E8: Haber | F8: Debe | G8: Haber | H8: Saldo deudor | I8: Saldo acreedor
A9: 60000000 | B9: COMPRAS | C9: 191662.92 | D9: 21461.42 | E9: 0 | F9: =IF(C9>0,C9+D9,D9) -> 213124.34 | G9: =IF(C9<0,0-C9+E9,E9) -> 0 | H9: =IF(F9-G9>0,F9-G9,0) -> 213124.34 | I9: =IF(G9-F9>0,G9-F9,0) -> 0
A10: 60000001 | B10: COMPRAS TRANSPORTE | C10: 7098.51 | D10: 790.69 | E10: 0 | F10: =IF(C10>0,C10+D10,D10) -> 7889.2 | G10: =IF(C10<0,0-C10+E10,E10) -> 0 | H10: =IF(F10-G10>0,F10-G10,0) -> 7889.2 | I10: =IF(G10-F10>0,G10-F10,0) -> 0
A11: 60000002 | B11: COMPRAS IMPUESTOS | C11: 2507.24 | D11: 171.44 | E11: 0 | F11: =IF(C11>0,C11+D11,D11) -> 2678.68 | G11: =IF(C11<0,0-C11+E11,E11) -> 0 | H11: =IF(F11-G11>0,F11-G11,0) -> 2678.68 | I11: =IF(G11-F11>0,G11-F11,0) -> 0
A12: 60200000 | B12: COMPRAS DE OTROS APROVISIONAMI | C12: 52.92 | D12: 29.76 | E12: 0 | F12: =IF(C12>0,C12+D12,D12) -> 82.68 | G12: =IF(C12<0,0-C12+E12,E12) -> 0 | H12: =IF(F12-G12>0,F12-G12,0) -> 82.68 | I12: =IF(G12-F12>0,G12-F12,0) -> 0
A13: 60800000 | B13: DEVOLUCIONES DE COMPRAS DE MER | C13: -1013.43 | D13: 0 | E13: 0 | F13: =IF(C13>0,C13+D13,D13) -> 0 | G13: =IF(C13<0,0-C13+E13,E13) -> 1013.43 | H13: =IF(F13-G13>0,F13-G13,0) -> 0 | I13: =IF(G13-F13>0,G13-F13,0) -> 1013.43
A14: 62100003 | B14: ALQ.LOCAL C/.ISLOTE FERMIN | C14: 1980 | D14: 330 | E14: 0 | F14: =IF(C14>0,C14+D14,D14) -> 2310 | G14: =IF(C14<0,0-C14+E14,E14) -> 0 | H14: =IF(F14-G14>0,F14-G14,0) -> 2310 | I14: =IF(G14-F14>0,G14-F14,0) -> 0
A15: 62200000 | B15: REPARACIONES Y CONSERVACIÓN | C15: 11489.19 | D15: 1203.27 | E15: 0 | F15: =IF(C15>0,C15+D15,D15) -> 12692.46 | G15: =IF(C15<0,0-C15+E15,E15) -> 0 | H15: =IF(F15-G15>0,F15-G15,0) -> 12692.46 | I15: =IF(G15-F15>0,G15-F15,0) -> 0
A16: 62300000 | B16: SERVICIOS PROFESIONALES INDEP. | C16: 5451.99 | D16: 2283.15 | E16: 0 | F16: =IF(C16>0,C16+D16,D16) -> 7735.14 | G16: =IF(C16<0,0-C16+E16,E16) -> 0 | H16: =IF(F16-G16>0,F16-G16,0) -> 7735.14 | I16: =IF(G16-F16>0,G16-F16,0) -> 0
A17: 62500000 | B17: PRIMAS DE SEGUROS | C17: 4086.94 | D17: 704.17 | E17: 0 | F17: =IF(C17>0,C17+D17,D17) -> 4791.11 | G17: =IF(C17<0,0-C17+E17,E17) -> 0 | H17: =IF(F17-G17>0,F17-G17,0) -> 4791.11 | I17: =IF(G17-F17>0,G17-F17,0) -> 0
A18: 62600002 | B18: SERV.BANCARIOS BANKIA | C18: 492.3 | D18: 88.25 | E18: 0 | F18: =IF(C18>0,C18+D18,D18) -> 580.55 | G18: =IF(C18<0,0-C18+E18,E18) -> 0 | H18: =IF(F18-G18>0,F18-G18,0) -> 580.55 | I18: =IF(G18-F18>0,G18-F18,0) -> 0
A19: 62600003 | B19: SERV.BANCARIOS C.SIETE | C19: 213.67 | D19: 67.22 | E19: 0 | F19: =IF(C19>0,C19+D19,D19) -> 280.89 | G19: =IF(C19<0,0-C19+E19,E19) -> 0 | H19: =IF(F19-G19>0,F19-G19,0) -> 280.89 | I19: =IF(G19-F19>0,G19-F19,0) -> 0
A20: 62700000 | B20: PUBLICID., PROPAGANDA Y RR.PP. | C20: 0 | D20: 34.41 | E20: 0 | F20: =IF(C20>0,C20+D20,D20) -> 34.41 | G20: =IF(C20<0,0-C20+E20,E20) -> 0 | H20: =IF(F20-G20>0,F20-G20,0) -> 34.41 | I20: =IF(G20-F20>0,G20-F20,0) -> 0
... A40: 77800000 | B40: INGRESOS EXCEPCIONALES | C40: -758.59 | D40: 0 | E40: 0 | F40: =IF(C40>0,C40+D40,D40) -> 0 | G40: =IF(C40<0,0-C40+E40,E40) -> 758.59 | H40: =IF(F40-G40>0,F40-G40,0) -> 0 | I40: =IF(G40-F40>0,G40-F40,0) -> 758.59
B41: Total nivel | C41: =SUM(C9:C40) -> 61309.43 | D41: =SUM(D9:D40) -> 40251.58 | E41: =SUM(E9:E40) -> 48121.59 | F41: =SUM(F9:F40) -> 356028.9 | G41: =SUM(G9:G40) -> 302589.48 | H41: =SUM(H9:H40) -> 356028.9 | I41: =SUM(I9:I40) -> 302589.48

Sheet Agosto 20
A1: Sumas y saldos.
A4: Período: de Agosto '20 a Agosto '20
A5: Fecha: 04/11/2020
D7: Período | H7: Acumulados
A8: Cuenta | B8: Descripción | C8: Saldo inicial | D8: Debe | E8: Haber | F8: Debe | G8: Haber | H8: Saldo deudor | I8: Saldo acreedor
A9: 60000000 | B9: COMPRAS | C9: 213124.34 | D9: 21419.01 | E9: 0 | F9: =IF(C9>0,C9+D9,D9) -> 234543.35 | G9: =IF(C9<0,0-C9+E9,E9) -> 0 | H9: =IF(F9-G9>0,F9-G9,0) -> 234543.35 | I9: =IF(G9-F9>0,G9-F9,0) -> 0
A10: 60000001 | B10: COMPRAS TRANSPORTE | C10: 7889.2 | D10: 549.41 | E10: 0 | F10: =IF(C10>0,C10+D10,D10) -> 8438.61 | G10: =IF(C10<0,0-C10+E10,E10) -> 0 | H10: =IF(F10-G10>0,F10-G10,0) -> 8438.61 | I10: =IF(G10-F10>0,G10-F10,0) -> 0
A11: 60000002 | B11: COMPRAS IMPUESTOS | C11: 2678.68 | D11: 0 | E11: 0 | F11: =IF(C11>0,C11+D11,D11) -> 2678.68 | G11: =IF(C11<0,0-C11+E11,E11) -> 0 | H11: =IF(F11-G11>0,F11-G11,0) -> 2678.68 | I11: =IF(G11-F11>0,G11-F11,0) -> 0
A12: 60200000 | B12: COMPRAS DE OTROS APROVISIONAMI | C12: 82.68 | D12: 0 | E12: 0 | F12: =IF(C12>0,C12+D12,D12) -> 82.68 | G12: =IF(C12<0,0-C12+E12,E12) -> 0 | H12: =IF(F12-G12>0,F12-G12,0) -> 82.68 | I12: =IF(G12-F12>0,G12-F12,0) -> 0
A13: 60700000 | B13: TRABAJOS REALIZADOS POR OTRAS | C13: 0 | D13: 5625.75 | E13: 0 | F13: =IF(C13>0,C13+D13,D13) -> 5625.75 | G13: =IF(C13<0,0-C13+E13,E13) -> 0 | H13: =IF(F13-G13>0,F13-G13,0) -> 5625.75 | I13: =IF(G13-F13>0,G13-F13,0) -> 0
A14: 60800000 | B14: DEVOLUCIONES DE COMPRAS DE MER | C14: -1013.43 | D14: 0 | E14: 0 | F14: =IF(C14>0,C14+D14,D14) -> 0 | G14: =IF(C14<0,0-C14+E14,E14) -> 1013.43 | H14: =IF(F14-G14>0,F14-G14,0) -> 0 | I14: =IF(G14-F14>0,G14-F14,0) -> 1013.43
A15: 62100003 | B15: ALQ.LOCAL C/.ISLOTE FERMIN | C15: 2310 | D15: 330 | E15: 0 | F15: =IF(C15>0,C15+D15,D15) -> 2640 | G15: =IF(C15<0,0-C15+E15,E15) -> 0 | H15: =IF(F15-G15>0,F15-G15,0) -> 2640 | I15: =IF(G15-F15>0,G15-F15,0) -> 0
A16: 62200000 | B16: REPARACIONES Y CONSERVACIÓN | C16: 12692.46 | D16: 1151.11 | E16: 0 | F16: =IF(C16>0,C16+D16,D16) -> 13843.57 | G16: =IF(C16<0,0-C16+E16,E16) -> 0 | H16: =IF(F16-G16>0,F16-G16,0) -> 13843.57 | I16: =IF(G16-F16>0,G16-F16,0) -> 0
A17: 62300000 | B17: SERVICIOS PROFESIONALES INDEP. | C17: 7735.14 | D17: 770.85 | E17: 0 | F17: =IF(C17>0,C17+D17,D17) -> 8505.99 | G17: =IF(C17<0,0-C17+E17,E17) -> 0 | H17: =IF(F17-G17>0,F17-G17,0) -> 8505.99 | I17: =IF(G17-F17>0,G17-F17,0) -> 0
A18: 62500000 | B18: PRIMAS DE SEGUROS | C18: 4791.11 | D18: 250.86 | E18: 0 | F18: =IF(C18>0,C18+D18,D18) -> 5041.97 | G18: =IF(C18<0,0-C18+E18,E18) -> 0 | H18: =IF(F18-G18>0,F18-G18,0) -> 5041.97 | I18: =IF(G18-F18>0,G18-F18,0) -> 0
A19: 62600002 | B19: SERV.BANCARIOS BANKIA | C19: 580.55 | D19: 165.58 | E19: 0 | F19: =IF(C19>0,C19+D19,D19) -> 746.13 | G19: =IF(C19<0,0-C19+E19,E19) -> 0 | H19: =IF(F19-G19>0,F19-G19,0) -> 746.13 | I19: =IF(G19-F19>0,G19-F19,0) -> 0
A20: 62600003 | B20: SERV.BANCARIOS C.SIETE | C20: 280.89 | D20: 30.21 | E20: 0 | F20: =IF(C20>0,C20+D20,D20) -> 311.1 | G20: =IF(C20<0,0-C20+E20,E20) -> 0 | H20: =IF(F20-G20>0,F20-G20,0) -> 311.1 | I20: =IF(G20-F20>0,G20-F20,0) -> 0
... A41: 77800000 | B41: INGRESOS EXCEPCIONALES | C41: -758.59 | D41: 0 | E41: 3600 | F41: =IF(C41>0,C41+D41,D41) -> 0 | G41: =IF(C41<0,0-C41+E41,E41) -> 4358.59 | H41: =IF(F41-G41>0,F41-G41,0) -> 0 | I41: =IF(G41-F41>0,G41-F41,0) -> 4358.59
B42: Total nivel | C42: =SUM(C9:C41) -> 53439.42 | D42: =SUM(D9:D41) -> 44366.82 | E42: =SUM(E9:E41) -> 121810.75 | F42: =SUM(F9:F41) -> 400395.72 | G42: =SUM(G9:G41) -> 424400.23 | H42: =SUM(H9:H41) -> 400395.72 | I42: =SUM(I9:I41) -> 424400.23

Sheet Septiembre 20
A1: Sumas y saldos.
A4: Período: de Septiembre'20 a Septiembre'20
A5: Fecha: 04/11/2020
D7: Período | H7: Acumulados
A8: Cuenta | B8: Descripción | C8: Saldo inicial | D8: Debe | E8: Haber | F8: Debe | G8: Haber | H8: Saldo deudor | I8: Saldo acreedor
A9: 60000000 | B9: COMPRAS | C9: 234543.35 | D9: 3697.21 | E9: 0 | F9: =IF(C9>0,C9+D9,D9) -> 238240.56 | G9: =IF(C9<0,0-C9+E9,E9) -> 0 | H9: =IF(F9-G9>0,F9-G9,0) -> 238240.56 | I9: =IF(G9-F9>0,G9-F9,0) -> 0
A10: 60000001 | B10: COMPRAS TRANSPORTE | C10: 8438.61 | D10: -11.86 | E10: 0 | F10: =IF(C10>0,C10+D10,D10) -> 8426.75 | G10: =IF(C10<0,0-C10+E10,E10) -> 0 | H10: =IF(F10-G10>0,F10-G10,0) -> 8426.75 | I10: =IF(G10-F10>0,G10-F10,0) -> 0
A11: 60000002 | B11: COMPRAS IMPUESTOS | C11: 2678.68 | D11: 0.64 | E11: 0 | F11: =IF(C11>0,C11+D11,D11) -> 2679.32 | G11: =IF(C11<0,0-C11+E11,E11) -> 0 | H11: =IF(F11-G11>0,F11-G11,0) -> 2679.32 | I11: =IF(G11-F11>0,G11-F11,0) -> 0
A12: 60200000 | B12: COMPRAS DE OTROS APROVISIONAMI | C12: 82.68 | D12: 44.04 | E12: 0 | F12: =IF(C12>0,C12+D12,D12) -> 126.72 | G12: =IF(C12<0,0-C12+E12,E12) -> 0 | H12: =IF(F12-G12>0,F12-G12,0) -> 126.72 | I12: =IF(G12-F12>0,G12-F12,0) -> 0
A13: 60700000 | B13: TRABAJOS REALIZADOS POR OTRAS | C13: 5625.75 | D13: 0 | E13: 0 | F13: =IF(C13>0,C13+D13,D13) -> 5625.75 | G13: =IF(C13<0,0-C13+E13,E13) -> 0 | H13: =IF(F13-G13>0,F13-G13,0) -> 5625.75 | I13: =IF(G13-F13>0,G13-F13,0) -> 0
A14: 60800000 | B14: DEVOLUCIONES DE COMPRAS DE MER | C14: -1013.43 | D14: 0 | E14: 0 | F14: =IF(C14>0,C14+D14,D14) -> 0 | G14: =IF(C14<0,0-C14+E14,E14) -> 1013.43 | H14: =IF(F14-G14>0,F14-G14,0) -> 0 | I14: =IF(G14-F14>0,G14-F14,0) -> 1013.43
A15: 62100003 | B15: ALQ.LOCAL C/.ISLOTE FERMIN | C15: 2640 | D15: 330 | E15: 0 | F15: =IF(C15>0,C15+D15,D15) -> 2970 | G15: =IF(C15<0,0-C15+E15,E15) -> 0 | H15: =IF(F15-G15>0,F15-G15,0) -> 2970 | I15: =IF(G15-F15>0,G15-F15,0) -> 0
A16: 62200000 | B16: REPARACIONES Y CONSERVACIÓN | C16: 13843.57 | D16: 4778.59 | E16: 0 | F16: =IF(C16>0,C16+D16,D16) -> 18622.16 | G16: =IF(C16<0,0-C16+E16,E16) -> 0 | H16: =IF(F16-G16>0,F16-G16,0) -> 18622.16 | I16: =IF(G16-F16>0,G16-F16,0) -> 0
A17: 62300000 | B17: SERVICIOS PROFESIONALES INDEP. | C17: 8505.99 | D17: 767.85 | E17: 0 | F17: =IF(C17>0,C17+D17,D17) -> 9273.84 | G17: =IF(C17<0,0-C17+E17,E17) -> 0 | H17: =IF(F17-G17>0,F17-G17,0) -> 9273.84 | I17: =IF(G17-F17>0,G17-F17,0) -> 0
A18: 62500000 | B18: PRIMAS DE SEGUROS | C18: 5041.97 | D18: 1490.51 | E18: 0 | F18: =IF(C18>0,C18+D18,D18) -> 6532.48 | G18: =IF(C18<0,0-C18+E18,E18) -> 0 | H18: =IF(F18-G18>0,F18-G18,0) -> 6532.48 | I18: =IF(G18-F18>0,G18-F18,0) -> 0
A19: 62600002 | B19: SERV.BANCARIOS BANKIA | C19: 746.13 | D19: 6.99 | E19: 0 | F19: =IF(C19>0,C19+D19,D19) -> 753.12 | G19: =IF(C19<0,0-C19+E19,E19) -> 0 | H19: =IF(F19-G19>0,F19-G19,0) -> 753.12 | I19: =IF(G19-F19>0,G19-F19,0) -> 0
A20: 62600003 | B20: SERV.BANCARIOS C.SIETE | C20: 311.1 | D20: 56.39 | E20: 0 | F20: =IF(C20>0,C20+D20,D20) -> 367.49 | G20: =IF(C20<0,0-C20+E20,E20) -> 0 | H20: =IF(F20-G20>0,F20-G20,0) -> 367.49 | I20: =IF(G20-F20>0,G20-F20,0) -> 0
... A42: 77800000 | B42: INGRESOS EXCEPCIONALES | C42: -4358.59 | D42: 0 | E42: 100 | F42: =IF(C42>0,C42+D42,D42) -> 0 | G42: =IF(C42<0,0-C42+E42,E42) -> 4458.59 | H42: =IF(F42-G42>0,F42-G42,0) -> 0 | I42: =IF(G42-F42>0,G42-F42,0) -> 4458.59
B43: Total nivel | C43: =SUM(C9:C42) -> -24004.51 | D43: =SUM(D9:D42) -> 30857.5 | E43: =SUM(E9:E42) -> 24539.73 | F43: =SUM(F9:F42) -> 431253.22 | G43: =SUM(G9:G42) -> 448939.96 | H43: =SUM(H9:H42) -> 431253.22 | I43: =SUM(I9:I42) -> 448939.96
D47: Factura 1 | E47: Pepito

Sheet Octubre 20
A1: Sumas y saldos.
A4: Período: de Septiembre'20 a Septiembre'20
A5: Fecha: 04/11/2020
A8: Cuenta | B8: Descripción
A9: 60000000 | B9: COMPRAS
A10: 60000001 | B10: COMPRAS TRANSPORTE
A11: 60000002 | B11: COMPRAS IMPUESTOS
A12: 60200000 | B12: COMPRAS DE OTROS APROVISIONAMI
A13: 60700000 | B13: TRABAJOS REALIZADOS POR OTRAS
A14: 60800000 | B14: DEVOLUCIONES DE COMPRAS DE MER
A15: 62100003 | B15: ALQ.LOCAL C/.ISLOTE FERMIN
A16: 62200000 | B16: REPARACIONES Y CONSERVACIÓN
A17: 62300000 | B17: SERVICIOS PROFESIONALES INDEP.
A18: 62500000 | B18: PRIMAS DE SEGUROS
A19: 62600002 | B19: SERV.BANCARIOS BANKIA
A20: 62600003 | B20: SERV.BANCARIOS C.SIETE
... A42: 77800000 | B42: INGRESOS EXCEPCIONALES
B43: Total nivel

Sheet Noviembre 20
A1: Sumas y saldos.
A5: Fecha: 04/11/2020
A8: Cuenta | B8: Descripción
A9: 60000000 | B9: COMPRAS
A10: 60000001 | B10: COMPRAS TRANSPORTE
A11: 60000002 | B11: COMPRAS IMPUESTOS
A12: 62100003 | B12: ALQ.LOCAL C/.ISLOTE FERMIN
A13: 62200000 | B13: REPARACIONES Y CONSERVACIÓN
A14: 62300000 | B14: SERVICIOS PROFESIONALES INDEP.
A15: 62500000 | B15: PRIMAS DE SEGUROS
A16: 62600002 | B16: SERV.BANCARIOS BANKIA
A17: 62600003 | B17: SERV.BANCARIOS C.SIETE
A18: 62800001 | B18: SUMINISTROS GASOIL
A19: 62800002 | B19: SUMINISTROS AGUA
A20: 62800003 | B20: SUMINISTROS ELECTRICIDAD
... A31: 70800000 | B31: DEVOLUCIONES DE VENTAS DE MERC
B32: Total nivel

Sheet Diciembre 20
A1: Sumas y saldos.
A5: Fecha: 04/11/2020
A8: Cuenta | B8: Descripción
A9: 60000000 | B9: COMPRAS
A10: 60000001 | B10: COMPRAS TRANSPORTE
A11: 60000002 | B11: COMPRAS IMPUESTOS
A12: 62100003 | B12: ALQ.LOCAL C/.ISLOTE FERMIN
A13: 62200000 | B13: REPARACIONES Y CONSERVACIÓN
A14: 62300000 | B14: SERVICIOS PROFESIONALES INDEP.
A15: 62500000 | B15: PRIMAS DE SEGUROS
A16: 62600002 | B16: SERV.BANCARIOS BANKIA
A17: 62600003 | B17: SERV.BANCARIOS C.SIETE
A18: 62800001 | B18: SUMINISTROS GASOIL
A19: 62800002 | B19: SUMINISTROS AGUA
A20: 62800003 | B20: SUMINISTROS ELECTRICIDAD
... A31: 70800000 | B31: DEVOLUCIONES DE VENTAS DE MERC
B32: Total nivel

Sheet Enero 19
A1: Sumas y saldos.
A4: Período: de Enero '19 a Enero '19
A5: Fecha: 04/11/2020
D7: Período | H7: Acumulados
A8: Cuenta | B8: Descripción | C8: Saldo inicial | D8: Debe | E8: Haber | F8: Debe | G8: Haber | H8: Saldo deudor | I8: Saldo acreedor
A9: 60000000 | B9: COMPRAS | C9: 0 | D9: 33876.4 | E9: 0 | F9: =IF(C9>0,C9+D9,D9) -> 33876.4 | G9: =IF(C9<0,0-C9+E9,E9) -> 0 | H9: =IF(F9-G9>0,F9-G9,0) -> 33876.4 | I9: =IF(G9-F9>0,G9-F9,0) -> 0
A10: 60000001 | B10: COMPRAS TRANSPORTE | C10: 0 | D10: 524.96 | E10: 0 | F10: =IF(C10>0,C10+D10,D10) -> 524.96 | G10: =IF(C10<0,0-C10+E10,E10) -> 0 | H10: =IF(F10-G10>0,F10-G10,0) -> 524.96 | I10: =IF(G10-F10>0,G10-F10,0) -> 0
A11: 60000002 | B11: COMPRAS IMPUESTOS | C11: 0 | D11: 547.15 | E11: 0 | F11: =IF(C11>0,C11+D11,D11) -> 547.15 | G11: =IF(C11<0,0-C11+E11,E11) -> 0 | H11: =IF(F11-G11>0,F11-G11,0) -> 547.15 | I11: =IF(G11-F11>0,G11-F11,0) -> 0
A12: 60200000 | B12: COMPRAS DE OTROS APROVISIONAMI | C12: 0 | D12: 9.96 | E12: 0 | F12: =IF(C12>0,C12+D12,D12) -> 9.96 | G12: =IF(C12<0,0-C12+E12,E12) -> 0 | H12: =IF(F12-G12>0,F12-G12,0) -> 9.96 | I12: =IF(G12-F12>0,G12-F12,0) -> 0
A13: 60700000 | B13: TRABAJOS REALIZADOS POR OTRAS | C13: 0 | D13: 870 | E13: 0 | F13: =IF(C13>0,C13+D13,D13) -> 870 | G13: =IF(C13<0,0-C13+E13,E13) -> 0 | H13: =IF(F13-G13>0,F13-G13,0) -> 870 | I13: =IF(G13-F13>0,G13-F13,0) -> 0
A14: 60800000 | B14: DEVOLUCIONES DE COMPRAS DE MER | C14: 0 | D14: 0 | E14: 33.6 | F14: =IF(C14>0,C14+D14,D14) -> 0 | G14: =IF(C14<0,0-C14+E14,E14) -> 33.6 | H14: =IF(F14-G14>0,F14-G14,0) -> 0 | I14: =IF(G14-F14>0,G14-F14,0) -> 33.6
A15: 62100003 | B15: ALQ.LOCAL C/.ISLOTE FERMIN | C15: 0 | D15: 330 | E15: 0 | F15: =IF(C15>0,C15+D15,D15) -> 330 | G15: =IF(C15<0,0-C15+E15,E15) -> 0 | H15: =IF(F15-G15>0,F15-G15,0) -> 330 | I15: =IF(G15-F15>0,G15-F15,0) -> 0
A16: 62200000 | B16: REPARACIONES Y CONSERVACIÓN | C16: 0 | D16: 6542.15 | E16: 0 | F16: =IF(C16>0,C16+D16,D16) -> 6542.15 | G16: =IF(C16<0,0-C16+E16,E16) -> 0 | H16: =IF(F16-G16>0,F16-G16,0) -> 6542.15 | I16: =IF(G16-F16>0,G16-F16,0) -> 0
A17: 62300000 | B17: SERVICIOS PROFESIONALES INDEP. | C17: 0 | D17: 952.73 | E17: 0 | F17: =IF(C17>0,C17+D17,D17) -> 952.73 | G17: =IF(C17<0,0-C17+E17,E17) -> 0 | H17: =IF(F17-G17>0,F17-G17,0) -> 952.73 | I17: =IF(G17-F17>0,G17-F17,0) -> 0
A18: 62500000 | B18: PRIMAS DE SEGUROS | C18: 0 | D18: 321.28 | E18: 0 | F18: =IF(C18>0,C18+D18,D18) -> 321.28 | G18: =IF(C18<0,0-C18+E18,E18) -> 0 | H18: =IF(F18-G18>0,F18-G18,0) -> 321.28 | I18: =IF(G18-F18>0,G18-F18,0) -> 0
A19: 62600002 | B19: SERV.BANCARIOS BANKIA | C19: 0 | D19: 21.33 | E19: 0 | F19: =IF(C19>0,C19+D19,D19) -> 21.33 | G19: =IF(C19<0,0-C19+E19,E19) -> 0 | H19: =IF(F19-G19>0,F19-G19,0) -> 21.33 | I19: =IF(G19-F19>0,G19-F19,0) -> 0
A20: 62600003 | B20: SERV.BANCARIOS C.SIETE | C20: 0 | D20: 43.29 | E20: 0 | F20: =IF(C20>0,C20+D20,D20) -> 43.29 | G20: =IF(C20<0,0-C20+E20,E20) -> 0 | H20: =IF(F20-G20>0,F20-G20,0) -> 43.29 | I20: =IF(G20-F20>0,G20-F20,0) -> 0
... A35: 70800000 | B35: DEVOLUCIONES DE VENTAS DE MERC | C35: 0 | D35: 115.08 | E35: 0 | F35: =IF(C35>0,C35+D35,D35) -> 115.08 | G35: =IF(C35<0,0-C35+E35,E35) -> 0 | H35: =IF(F35-G35>0,F35-G35,0) -> 115.08 | I35: =IF(G35-F35>0,G35-F35,0) -> 0
B36: Total nivel | C36: =SUM(C9:C35) -> 0 | D36: =SUM(D9:D35) -> 67020.46 | E36: =SUM(E9:E35) -> 71598.36 | F36: =SUM(F9:F35) -> 67020.46 | G36: =SUM(G9:G35) -> 71598.36 | H36: =SUM(H9:H35) -> 67020.46 | I36: =SUM(I9:I35) -> 71598.36

Sheet Febrero 19
A1: Sumas y saldos.
A4: Período: de Febrero '19 a Febrero '19
A5: Fecha: 04/11/2020
D7: Período | H7: Acumulados
A8: Cuenta | B8: Descripción | C8: Saldo inicial | D8: Debe | E8: Haber | F8: Debe | G8: Haber | H8: Saldo deudor | I8: Saldo acreedor
A9: 60000000 | B9: COMPRAS | C9: 33876.4 | D9: 26875.4 | E9: 0 | F9: =IF(C9>0,C9+D9,D9) -> 60751.8 | G9: =IF(C9<0,0-C9+E9,E9) -> 0 | H9: =IF(F9-G9>0,F9-G9,0) -> 60751.8 | I9: =IF(G9-F9>0,G9-F9,0) -> 0
A10: 60000001 | B10: COMPRAS TRANSPORTE | C10: 524.96 | D10: 275.37 | E10: 0 | F10: =IF(C10>0,C10+D10,D10) -> 800.33 | G10: =IF(C10<0,0-C10+E10,E10) -> 0 | H10: =IF(F10-G10>0,F10-G10,0) -> 800.33 | I10: =IF(G10-F10>0,G10-F10,0) -> 0
A11: 60000002 | B11: COMPRAS IMPUESTOS | C11: 547.15 | D11: 0 | E11: 0 | F11: =IF(C11>0,C11+D11,D11) -> 547.15 | G11: =IF(C11<0,0-C11+E11,E11) -> 0 | H11: =IF(F11-G11>0,F11-G11,0) -> 547.15 | I11: =IF(G11-F11>0,G11-F11,0) -> 0
A12: 60200000 | B12: COMPRAS DE OTROS APROVISIONAMI | C12: 9.96 | D12: 75.15 | E12: 0 | F12: =IF(C12>0,C12+D12,D12) -> 85.11 | G12: =IF(C12<0,0-C12+E12,E12) -> 0 | H12: =IF(F12-G12>0,F12-G12,0) -> 85.11 | I12: =IF(G12-F12>0,G12-F12,0) -> 0
A13: 60700000 | B13: TRABAJOS REALIZADOS POR OTRAS | C13: 870 | D13: 0 | E13: 0 | F13: =IF(C13>0,C13+D13,D13) -> 870 | G13: =IF(C13<0,0-C13+E13,E13) -> 0 | H13: =IF(F13-G13>0,F13-G13,0) -> 870 | I13: =IF(G13-F13>0,G13-F13,0) -> 0
A14: 60800000 | B14: DEVOLUCIONES DE COMPRAS DE MER | C14: -33.6 | D14: 0 | E14: 0 | F14: =IF(C14>0,C14+D14,D14) -> 0 | G14: =IF(C14<0,0-C14+E14,E14) -> 33.6 | H14: =IF(F14-G14>0,F14-G14,0) -> 0 | I14: =IF(G14-F14>0,G14-F14,0) -> 33.6
A15: 62100003 | B15: ALQ.LOCAL C/.ISLOTE FERMIN | C15: 330 | D15: 330 | E15: 0 | F15: =IF(C15>0,C15+D15,D15) -> 660 | G15: =IF(C15<0,0-C15+E15,E15) -> 0 | H15: =IF(F15-G15>0,F15-G15,0) -> 660 | I15: =IF(G15-F15>0,G15-F15,0) -> 0
A16: 62200000 | B16: REPARACIONES Y CONSERVACIÓN | C16: 6542.15 | D16: 281.64 | E16: 0 | F16: =IF(C16>0,C16+D16,D16) -> 6823.79 | G16: =IF(C16<0,0-C16+E16,E16) -> 0 | H16: =IF(F16-G16>0,F16-G16,0) -> 6823.79 | I16: =IF(G16-F16>0,G16-F16,0) -> 0
A17: 62300000 | B17: SERVICIOS PROFESIONALES INDEP. | C17: 952.73 | D17: 2175.74 | E17: 0 | F17: =IF(C17>0,C17+D17,D17) -> 3128.47 | G17: =IF(C17<0,0-C17+E17,E17) -> 0 | H17: =IF(F17-G17>0,F17-G17,0) -> 3128.47 | I17: =IF(G17-F17>0,G17-F17,0) -> 0
A18: 62500000 | B18: PRIMAS DE SEGUROS | C18: 321.28 | D18: 246.83 | E18: 0 | F18: =IF(C18>0,C18+D18,D18) -> 568.11 | G18: =IF(C18<0,0-C18+E18,E18) -> 0 | H18: =IF(F18-G18>0,F18-G18,0) -> 568.11 | I18: =IF(G18-F18>0,G18-F18,0) -> 0
A19: 62600002 | B19: SERV.BANCARIOS BANKIA | C19: 21.33 | D19: 517.8 | E19: 0 | F19: =IF(C19>0,C19+D19,D19) -> 539.13 | G19: =IF(C19<0,0-C19+E19,E19) -> 0 | H19: =IF(F19-G19>0,F19-G19,0) -> 539.13 | I19: =IF(G19-F19>0,G19-F19,0) -> 0
A20: 62600003 | B20: SERV.BANCARIOS C.SIETE | C20: 43.29 | D20: 32.4 | E20: 0 | F20: =IF(C20>0,C20+D20,D20) -> 75.69 | G20: =IF(C20<0,0-C20+E20,E20) -> 0 | H20: =IF(F20-G20>0,F20-G20,0) -> 75.69 | I20: =IF(G20-F20>0,G20-F20,0) -> 0
... A37: 76900000 | B37: OTROS INGRESOS FINANCIEROS | C37: 0 | D37: 0 | E37: 60 | F37: =IF(C37>0,C37+D37,D37) -> 0 | G37: =IF(C37<0,0-C37+E37,E37) -> 60 | H37: =IF(F37-G37>0,F37-G37,0) -> 0 | I37: =IF(G37-F37>0,G37-F37,0) -> 60
B38: Total nivel | C38: =SUM(C9:C37) -> -4577.9 | D38: =SUM(D9:D37) -> 50891.25 | E38: =SUM(E9:E37) -> 62657.69 | F38: =SUM(F9:F37) -> 117911.71 | G38: =SUM(G9:G37) -> 134256.05 | H38: =SUM(H9:H37) -> 117911.71 | I38: =SUM(I9:I37) -> 134256.05

Sheet Marzo 19
A1: Sumas y saldos.
A4: Período: de Marzo '19 a Marzo '19
A5: Fecha: 04/11/2020
D7: Período | H7: Acumulados
A8: Cuenta | B8: Descripción | C8: Saldo inicial | D8: Debe | E8: Haber | F8: Debe | G8: Haber | H8: Saldo deudor | I8: Saldo acreedor
A9: 60000000 | B9: COMPRAS | C9: 60751.8 | D9: 55537.86 | E9: 0 | F9: =IF(C9>0,C9+D9,D9) -> 116289.66 | G9: =IF(C9<0,0-C9+E9,E9) -> 0 | H9: =IF(F9-G9>0,F9-G9,0) -> 116289.66 | I9: =IF(G9-F9>0,G9-F9,0) -> 0
A10: 60000001 | B10: COMPRAS TRANSPORTE | C10: 800.33 | D10: 535.21 | E10: 0 | F10: =IF(C10>0,C10+D10,D10) -> 1335.54 | G10: =IF(C10<0,0-C10+E10,E10) -> 0 | H10: =IF(F10-G10>0,F10-G10,0) -> 1335.54 | I10: =IF(G10-F10>0,G10-F10,0) -> 0
A11: 60000002 | B11: COMPRAS IMPUESTOS | C11: 547.15 | D11: 324.85 | E11: 0 | F11: =IF(C11>0,C11+D11,D11) -> 872 | G11: =IF(C11<0,0-C11+E11,E11) -> 0 | H11: =IF(F11-G11>0,F11-G11,0) -> 872 | I11: =IF(G11-F11>0,G11-F11,0) -> 0
A12: 60200000 | B12: COMPRAS DE OTROS APROVISIONAMI | C12: 85.11 | D12: 0 | E12: 0 | F12: =IF(C12>0,C12+D12,D12) -> 85.11 | G12: =IF(C12<0,0-C12+E12,E12) -> 0 | H12: =IF(F12-G12>0,F12-G12,0) -> 85.11 | I12: =IF(G12-F12>0,G12-F12,0) -> 0
A13: 60700000 | B13: TRABAJOS REALIZADOS POR OTRAS | C13: 870 | D13: 0 | E13: 0 | F13: =IF(C13>0,C13+D13,D13) -> 870 | G13: =IF(C13<0,0-C13+E13,E13) -> 0 | H13: =IF(F13-G13>0,F13-G13,0) -> 870 | I13: =IF(G13-F13>0,G13-F13,0) -> 0
A14: 60800000 | B14: DEVOLUCIONES DE COMPRAS DE MER | C14: -33.6 | D14: 0 | E14: 0 | F14: =IF(C14>0,C14+D14,D14) -> 0 | G14: =IF(C14<0,0-C14+E14,E14) -> 33.6 | H14: =IF(F14-G14>0,F14-G14,0) -> 0 | I14: =IF(G14-F14>0,G14-F14,0) -> 33.6
A15: 62100003 | B15: ALQ.LOCAL C/.ISLOTE FERMIN | C15: 660 | D15: 330 | E15: 0 | F15: =IF(C15>0,C15+D15,D15) -> 990 | G15: =IF(C15<0,0-C15+E15,E15) -> 0 | H15: =IF(F15-G15>0,F15-G15,0) -> 990 | I15: =IF(G15-F15>0,G15-F15,0) -> 0
A16: 62200000 | B16: REPARACIONES Y CONSERVACIÓN | C16: 6823.79 | D16: 255.35 | E16: 0 | F16: =IF(C16>0,C16+D16,D16) -> 7079.14 | G16: =IF(C16<0,0-C16+E16,E16) -> 0 | H16: =IF(F16-G16>0,F16-G16,0) -> 7079.14 | I16: =IF(G16-F16>0,G16-F16,0) -> 0
A17: 62300000 | B17: SERVICIOS PROFESIONALES INDEP. | C17: 3128.47 | D17: 872.62 | E17: 0 | F17: =IF(C17>0,C17+D17,D17) -> 4001.09 | G17: =IF(C17<0,0-C17+E17,E17) -> 0 | H17: =IF(F17-G17>0,F17-G17,0) -> 4001.09 | I17: =IF(G17-F17>0,G17-F17,0) -> 0
A18: 62500000 | B18: PRIMAS DE SEGUROS | C18: 568.11 | D18: 657.35 | E18: 0 | F18: =IF(C18>0,C18+D18,D18) -> 1225.46 | G18: =IF(C18<0,0-C18+E18,E18) -> 0 | H18: =IF(F18-G18>0,F18-G18,0) -> 1225.46 | I18: =IF(G18-F18>0,G18-F18,0) -> 0
A19: 62600002 | B19: SERV.BANCARIOS BANKIA | C19: 539.13 | D19: 94.53 | E19: 0 | F19: =IF(C19>0,C19+D19,D19) -> 633.66 | G19: =IF(C19<0,0-C19+E19,E19) -> 0 | H19: =IF(F19-G19>0,F19-G19,0) -> 633.66 | I19: =IF(G19-F19>0,G19-F19,0) -> 0
A20: 62600003 | B20: SERV.BANCARIOS C.SIETE | C20: 75.69 | D20: 48.82 | E20: 0 | F20: =IF(C20>0,C20+D20,D20) -> 124.51 | G20: =IF(C20<0,0-C20+E20,E20) -> 0 | H20: =IF(F20-G20>0,F20-G20,0) -> 124.51 | I20: =IF(G20-F20>0,G20-F20,0) -> 0
... A38: 76900000 | B38: OTROS INGRESOS FINANCIEROS | C38: -60 | D38: 0 | E38: 0 | F38: =IF(C38>0,C38+D38,D38) -> 0 | G38: =IF(C38<0,0-C38+E38,E38) -> 60 | H38: =IF(F38-G38>0,F38-G38,0) -> 0 | I38: =IF(G38-F38>0,G38-F38,0) -> 60
B39: Total nivel | C39: =SUM(C9:C38) -> -16344.34 | D39: =SUM(D9:D38) -> 79789.74 | E39: =SUM(E9:E38) -> 46952.95 | F39: =SUM(F9:F38) -> 197701.45 | G39: =SUM(G9:G38) -> 181209 | H39: =SUM(H9:H38) -> 197701.45 | I39: =SUM(I9:I38) -> 181209

Sheet Abril 19
A1: Sumas y saldos.
A4: Período: de Abril '19 a Abril '19
A5: Fecha: 04/11/2020
D7: Período | H7: Acumulados
A8: Cuenta | B8: Descripción | C8: Saldo inicial | D8: Debe | E8: Haber | F8: Debe | G8: Haber | H8: Saldo deudor | I8: Saldo acreedor
A9: 60000000 | B9: COMPRAS | C9: 116289.66 | D9: 24482.22 | E9: 0 | F9: =IF(C9>0,C9+D9,D9) -> 140771.88 | G9: =IF(C9<0,0-C9+E9,E9) -> 0 | H9: =IF(F9-G9>0,F9-G9,0) -> 140771.88 | I9: =IF(G9-F9>0,G9-F9,0) -> 0
A10: 60000001 | B10: COMPRAS TRANSPORTE | C10: 1335.54 | D10: 2197 | E10: 0 | F10: =IF(C10>0,C10+D10,D10) -> 3532.54 | G10: =IF(C10<0,0-C10+E10,E10) -> 0 | H10: =IF(F10-G10>0,F10-G10,0) -> 3532.54 | I10: =IF(G10-F10>0,G10-F10,0) -> 0
A11: 60000002 | B11: COMPRAS IMPUESTOS | C11: 872 | D11: 244.8 | E11: 0 | F11: =IF(C11>0,C11+D11,D11) -> 1116.8 | G11: =IF(C11<0,0-C11+E11,E11) -> 0 | H11: =IF(F11-G11>0,F11-G11,0) -> 1116.8 | I11: =IF(G11-F11>0,G11-F11,0) -> 0
A12: 60200000 | B12: COMPRAS DE OTROS APROVISIONAMI | C12: 85.11 | D12: 0 | E12: 0 | F12: =IF(C12>0,C12+D12,D12) -> 85.11 | G12: =IF(C12<0,0-C12+E12,E12) -> 0 | H12: =IF(F12-G12>0,F12-G12,0) -> 85.11 | I12: =IF(G12-F12>0,G12-F12,0) -> 0
A13: 60700000 | B13: TRABAJOS REALIZADOS POR OTRAS | C13: 870 | D13: 0 | E13: 0 | F13: =IF(C13>0,C13+D13,D13) -> 870 | G13: =IF(C13<0,0-C13+E13,E13) -> 0 | H13: =IF(F13-G13>0,F13-G13,0) -> 870 | I13: =IF(G13-F13>0,G13-F13,0) -> 0
A14: 60800000 | B14: DEVOLUCIONES DE COMPRAS DE MER | C14: -33.6 | D14: 0 | E14: 0 | F14: =IF(C14>0,C14+D14,D14) -> 0 | G14: =IF(C14<0,0-C14+E14,E14) -> 33.6 | H14: =IF(F14-G14>0,F14-G14,0) -> 0 | I14: =IF(G14-F14>0,G14-F14,0) -> 33.6
A15: 62100003 | B15: ALQ.LOCAL C/.ISLOTE FERMIN | C15: 990 | D15: 330 | E15: 0 | F15: =IF(C15>0,C15+D15,D15) -> 1320 | G15: =IF(C15<0,0-C15+E15,E15) -> 0 | H15: =IF(F15-G15>0,F15-G15,0) -> 1320 | I15: =IF(G15-F15>0,G15-F15,0) -> 0
A16: 62200000 | B16: REPARACIONES Y CONSERVACIÓN | C16: 7079.14 | D16: 113.98 | E16: 0 | F16: =IF(C16>0,C16+D16,D16) -> 7193.12 | G16: =IF(C16<0,0-C16+E16,E16) -> 0 | H16: =IF(F16-G16>0,F16-G16,0) -> 7193.12 | I16: =IF(G16-F16>0,G16-F16,0) -> 0
A17: 62300000 | B17: SERVICIOS PROFESIONALES INDEP. | C17: 4001.09 | D17: 838.72 | E17: 0 | F17: =IF(C17>0,C17+D17,D17) -> 4839.81 | G17: =IF(C17<0,0-C17+E17,E17) -> 0 | H17: =IF(F17-G17>0,F17-G17,0) -> 4839.81 | I17: =IF(G17-F17>0,G17-F17,0) -> 0
A18: 62500000 | B18: PRIMAS DE SEGUROS | C18: 1225.46 | D18: 1564.83 | E18: 0 | F18: =IF(C18>0,C18+D18,D18) -> 2790.29 | G18: =IF(C18<0,0-C18+E18,E18) -> 0 | H18: =IF(F18-G18>0,F18-G18,0) -> 2790.29 | I18: =IF(G18-F18>0,G18-F18,0) -> 0
A19: 62600002 | B19: SERV.BANCARIOS BANKIA | C19: 633.66 | D19: 26.83 | E19: 0 | F19: =IF(C19>0,C19+D19,D19) -> 660.49 | G19: =IF(C19<0,0-C19+E19,E19) -> 0 | H19: =IF(F19-G19>0,F19-G19,0) -> 660.49 | I19: =IF(G19-F19>0,G19-F19,0) -> 0
A20: 62600003 | B20: SERV.BANCARIOS C.SIETE | C20: 124.51 | D20: 25.25 | E20: 0 | F20: =IF(C20>0,C20+D20,D20) -> 149.76 | G20: =IF(C20<0,0-C20+E20,E20) -> 0 | H20: =IF(F20-G20>0,F20-G20,0) -> 149.76 | I20: =IF(G20-F20>0,G20-F20,0) -> 0
... A39: 76900000 | B39: OTROS INGRESOS FINANCIEROS | C39: -60 | D39: 0 | E39: 7.78 | F39: =IF(C39>0,C39+D39,D39) -> 0 | G39: =IF(C39<0,0-C39+E39,E39) -> 67.78 | H39: =IF(F39-G39>0,F39-G39,0) -> 0 | I39: =IF(G39-F39>0,G39-F39,0) -> 67.78
B40: Total nivel | C40: =SUM(C9:C39) -> 16492.45 | D40: =SUM(D9:D39) -> 50588.72 | E40: =SUM(E9:E39) -> 74335.91 | F40: =SUM(F9:F39) -> 248290.17 | G40: =SUM(G9:G39) -> 255544.91 | H40: =SUM(H9:H39) -> 248290.17 | I40: =SUM(I9:I39) -> 255544.91

Sheet Mayo 19
A1: Sumas y saldos.
A4: Período: de Mayo '19 a Mayo '19
A5: Fecha: 04/11/2020
D7: Período | H7: Acumulados
A8: Cuenta | B8: Descripción | C8: Saldo inicial | D8: Debe | E8: Haber | F8: Debe | G8: Haber | H8: Saldo deudor | I8: Saldo acreedor
A9: 60000000 | B9: COMPRAS | C9: 140771.88 | D9: 66860.43 | E9: 0 | F9: =IF(C9>0,C9+D9,D9) -> 207632.31 | G9: =IF(C9<0,0-C9+E9,E9) -> 0 | H9: =IF(F9-G9>0,F9-G9,0) -> 207632.31 | I9: =IF(G9-F9>0,G9-F9,0) -> 0
A10: 60000001 | B10: COMPRAS TRANSPORTE | C10: 3532.54 | D10: 2331.3 | E10: 0 | F10: =IF(C10>0,C10+D10,D10) -> 5863.84 | G10: =IF(C10<0,0-C10+E10,E10) -> 0 | H10: =IF(F10-G10>0,F10-G10,0) -> 5863.84 | I10: =IF(G10-F10>0,G10-F10,0) -> 0
A11: 60000002 | B11: COMPRAS IMPUESTOS | C11: 1116.8 | D11: 755.41 | E11: 0 | F11: =IF(C11>0,C11+D11,D11) -> 1872.21 | G11: =IF(C11<0,0-C11+E11,E11) -> 0 | H11: =IF(F11-G11>0,F11-G11,0) -> 1872.21 | I11: =IF(G11-F11>0,G11-F11,0) -> 0
A12: 60200000 | B12: COMPRAS DE OTROS APROVISIONAMI | C12: 85.11 | D12: 68.97 | E12: 0 | F12: =IF(C12>0,C12+D12,D12) -> 154.08 | G12: =IF(C12<0,0-C12+E12,E12) -> 0 | H12: =IF(F12-G12>0,F12-G12,0) -> 154.08 | I12: =IF(G12-F12>0,G12-F12,0) -> 0
A13: 60700000 | B13: TRABAJOS REALIZADOS POR OTRAS | C13: 870 | D13: 0 | E13: 0 | F13: =IF(C13>0,C13+D13,D13) -> 870 | G13: =IF(C13<0,0-C13+E13,E13) -> 0 | H13: =IF(F13-G13>0,F13-G13,0) -> 870 | I13: =IF(G13-F13>0,G13-F13,0) -> 0
A14: 60800000 | B14: DEVOLUCIONES DE COMPRAS DE MER | C14: -33.6 | D14: 0 | E14: 0 | F14: =IF(C14>0,C14+D14,D14) -> 0 | G14: =IF(C14<0,0-C14+E14,E14) -> 33.6 | H14: =IF(F14-G14>0,F14-G14,0) -> 0 | I14: =IF(G14-F14>0,G14-F14,0) -> 33.6
A15: 62100003 | B15: ALQ.LOCAL C/.ISLOTE FERMIN | C15: 1320 | D15: 330 | E15: 0 | F15: =IF(C15>0,C15+D15,D15) -> 1650 | G15: =IF(C15<0,0-C15+E15,E15) -> 0 | H15: =IF(F15-G15>0,F15-G15,0) -> 1650 | I15: =IF(G15-F15>0,G15-F15,0) -> 0
A16: 62200000 | B16: REPARACIONES Y CONSERVACIÓN | C16: 7193.12 | D16: 848.2 | E16: 0 | F16: =IF(C16>0,C16+D16,D16) -> 8041.32 | G16: =IF(C16<0,0-C16+E16,E16) -> 0 | H16: =IF(F16-G16>0,F16-G16,0) -> 8041.32 | I16: =IF(G16-F16>0,G16-F16,0) -> 0
A17: 62300000 | B17: SERVICIOS PROFESIONALES INDEP. | C17: 4839.81 | D17: 7745.71 | E17: 0 | F17: =IF(C17>0,C17+D17,D17) -> 12585.52 | G17: =IF(C17<0,0-C17+E17,E17) -> 0 | H17: =IF(F17-G17>0,F17-G17,0) -> 12585.52 | I17: =IF(G17-F17>0,G17-F17,0) -> 0
A18: 62500000 | B18: PRIMAS DE SEGUROS | C18: 2790.29 | D18: 246.83 | E18: 0 | F18: =IF(C18>0,C18+D18,D18) -> 3037.12 | G18: =IF(C18<0,0-C18+E18,E18) -> 0 | H18: =IF(F18-G18>0,F18-G18,0) -> 3037.12 | I18: =IF(G18-F18>0,G18-F18,0) -> 0
A19: 62600002 | B19: SERV.BANCARIOS BANKIA | C19: 660.49 | D19: 19.34 | E19: 0 | F19: =IF(C19>0,C19+D19,D19) -> 679.83 | G19: =IF(C19<0,0-C19+E19,E19) -> 0 | H19: =IF(F19-G19>0,F19-G19,0) -> 679.83 | I19: =IF(G19-F19>0,G19-F19,0) -> 0
A20: 62600003 | B20: SERV.BANCARIOS C.SIETE | C20: 149.76 | D20: 29.36 | E20: 0 | F20: =IF(C20>0,C20+D20,D20) -> 179.12 | G20: =IF(C20<0,0-C20+E20,E20) -> 0 | H20: =IF(F20-G20>0,F20-G20,0) -> 179.12 | I20: =IF(G20-F20>0,G20-F20,0) -> 0
... A39: 76900000 | B39: OTROS INGRESOS FINANCIEROS | C39: -67.78 | D39: 0 | E39: 0 | F39: =IF(C39>0,C39+D39,D39) -> 0 | G39: =IF(C39<0,0-C39+E39,E39) -> 67.78 | H39: =IF(F39-G39>0,F39-G39,0) -> 0 | I39: =IF(G39-F39>0,G39-F39,0) -> 67.78
B40: Total nivel | C40: =SUM(C9:C39) -> -7254.74 | D40: =SUM(D9:D39) -> 100275.25 | E40: =SUM(E9:E39) -> 111423.64 | F40: =SUM(F9:F39) -> 348565.42 | G40: =SUM(G9:G39) -> 366968.55 | H40: =SUM(H9:H39) -> 348565.42 | I40: =SUM(I9:I39) -> 366968.55

Sheet Junio 19
A1: Sumas y saldos.
A4: Período: de Junio '19 a Junio '19
A5: Fecha: 04/11/2020
D7: Período | H7: Acumulados
A8: Cuenta | B8: Descripción | C8: Saldo inicial | D8: Debe | E8: Haber | F8: Debe | G8: Haber | H8: Saldo deudor | I8: Saldo acreedor
A9: 60000000 | B9: COMPRAS | C9: 207632.31 | D9: 41228.48 | E9: 0 | F9: =IF(C9>0,C9+D9,D9) -> 248860.79 | G9: =IF(C9<0,0-C9+E9,E9) -> 0 | H9: =IF(F9-G9>0,F9-G9,0) -> 248860.79 | I9: =IF(G9-F9>0,G9-F9,0) -> 0
A10: 60000001 | B10: COMPRAS TRANSPORTE | C10: 5863.84 | D10: 1486.87 | E10: 0 | F10: =IF(C10>0,C10+D10,D10) -> 7350.71 | G10: =IF(C10<0,0-C10+E10,E10) -> 0 | H10: =IF(F10-G10>0,F10-G10,0) -> 7350.71 | I10: =IF(G10-F10>0,G10-F10,0) -> 0
A11: 60000002 | B11: COMPRAS IMPUESTOS | C11: 1872.21 | D11: 143.45 | E11: 0 | F11: =IF(C11>0,C11+D11,D11) -> 2015.66 | G11: =IF(C11<0,0-C11+E11,E11) -> 0 | H11: =IF(F11-G11>0,F11-G11,0) -> 2015.66 | I11: =IF(G11-F11>0,G11-F11,0) -> 0
A12: 60200000 | B12: COMPRAS DE OTROS APROVISIONAMI | C12: 154.08 | D12: 0 | E12: 0 | F12: =IF(C12>0,C12+D12,D12) -> 154.08 | G12: =IF(C12<0,0-C12+E12,E12) -> 0 | H12: =IF(F12-G12>0,F12-G12,0) -> 154.08 | I12: =IF(G12-F12>0,G12-F12,0) -> 0
A13: 60700000 | B13: TRABAJOS REALIZADOS POR OTRAS | C13: 870 | D13: 350 | E13: 0 | F13: =IF(C13>0,C13+D13,D13) -> 1220 | G13: =IF(C13<0,0-C13+E13,E13) -> 0 | H13: =IF(F13-G13>0,F13-G13,0) -> 1220 | I13: =IF(G13-F13>0,G13-F13,0) -> 0
A14: 60800000 | B14: DEVOLUCIONES DE COMPRAS DE MER | C14: -33.6 | D14: 0 | E14: 400.66 | F14: =IF(C14>0,C14+D14,D14) -> 0 | G14: =IF(C14<0,0-C14+E14,E14) -> 434.26 | H14: =IF(F14-G14>0,F14-G14,0) -> 0 | I14: =IF(G14-F14>0,G14-F14,0) -> 434.26
A15: 62100003 | B15: ALQ.LOCAL C/.ISLOTE FERMIN | C15: 1650 | D15: 330 | E15: 0 | F15: =IF(C15>0,C15+D15,D15) -> 1980 | G15: =IF(C15<0,0-C15+E15,E15) -> 0 | H15: =IF(F15-G15>0,F15-G15,0) -> 1980 | I15: =IF(G15-F15>0,G15-F15,0) -> 0
A16: 62200000 | B16: REPARACIONES Y CONSERVACIÓN | C16: 8041.32 | D16: 91.9 | E16: 0 | F16: =IF(C16>0,C16+D16,D16) -> 8133.22 | G16: =IF(C16<0,0-C16+E16,E16) -> 0 | H16: =IF(F16-G16>0,F16-G16,0) -> 8133.22 | I16: =IF(G16-F16>0,G16-F16,0) -> 0
A17: 62300000 | B17: SERVICIOS PROFESIONALES INDEP. | C17: 12585.52 | D17: 757.76 | E17: 0 | F17: =IF(C17>0,C17+D17,D17) -> 13343.28 | G17: =IF(C17<0,0-C17+E17,E17) -> 0 | H17: =IF(F17-G17>0,F17-G17,0) -> 13343.28 | I17: =IF(G17-F17>0,G17-F17,0) -> 0
A18: 62500000 | B18: PRIMAS DE SEGUROS | C18: 3037.12 | D18: 363.11 | E18: 0 | F18: =IF(C18>0,C18+D18,D18) -> 3400.23 | G18: =IF(C18<0,0-C18+E18,E18) -> 0 | H18: =IF(F18-G18>0,F18-G18,0) -> 3400.23 | I18: =IF(G18-F18>0,G18-F18,0) -> 0
A19: 62600002 | B19: SERV.BANCARIOS BANKIA | C19: 679.83 | D19: 126.58 | E19: 0 | F19: =IF(C19>0,C19+D19,D19) -> 806.41 | G19: =IF(C19<0,0-C19+E19,E19) -> 0 | H19: =IF(F19-G19>0,F19-G19,0) -> 806.41 | I19: =IF(G19-F19>0,G19-F19,0) -> 0
A20: 62600003 | B20: SERV.BANCARIOS C.SIETE | C20: 179.12 | D20: 50.42 | E20: 0 | F20: =IF(C20>0,C20+D20,D20) -> 229.54 | G20: =IF(C20<0,0-C20+E20,E20) -> 0 | H20: =IF(F20-G20>0,F20-G20,0) -> 229.54 | I20: =IF(G20-F20>0,G20-F20,0) -> 0
... A39: 76900000 | B39: OTROS INGRESOS FINANCIEROS | C39: -67.78 | D39: 0 | E39: 0 | F39: =IF(C39>0,C39+D39,D39) -> 0 | G39: =IF(C39<0,0-C39+E39,E39) -> 67.78 | H39: =IF(F39-G39>0,F39-G39,0) -> 0 | I39: =IF(G39-F39>0,G39-F39,0) -> 67.78
B40: Total nivel | C40: =SUM(C9:C39) -> -18403.13 | D40: =SUM(D9:D39) -> 65978.55 | E40: =SUM(E9:E39) -> 63301.8 | F40: =SUM(F9:F39) -> 414543.97 | G40: =SUM(G9:G39) -> 430270.35 | H40: =SUM(H9:H39) -> 414543.97 | I40: =SUM(I9:I39) -> 430270.35

Sheet Julio 19
A1: Sumas y saldos.
A4: Período: de Julio '19 a Julio '19
A5: Fecha: 04/11/2020
D7: Período | H7: Acumulados
A8: Cuenta | B8: Descripción | C8: Saldo inicial | D8: Debe | E8: Haber | F8: Debe | G8: Haber | H8: Saldo deudor | I8: Saldo acreedor
A9: 60000000 | B9: COMPRAS | C9: 248860.79 | D9: 84629.38 | E9: 0 | F9: =IF(C9>0,C9+D9,D9) -> 333490.17 | G9: =IF(C9<0,0-C9+E9,E9) -> 0 | H9: =IF(F9-G9>0,F9-G9,0) -> 333490.17 | I9: =IF(G9-F9>0,G9-F9,0) -> 0
A10: 60000001 | B10: COMPRAS TRANSPORTE | C10: 7350.71 | D10: 1026.81 | E10: 0 | F10: =IF(C10>0,C10+D10,D10) -> 8377.52 | G10: =IF(C10<0,0-C10+E10,E10) -> 0 | H10: =IF(F10-G10>0,F10-G10,0) -> 8377.52 | I10: =IF(G10-F10>0,G10-F10,0) -> 0
A11: 60000002 | B11: COMPRAS IMPUESTOS | C11: 2015.66 | D11: 0 | E11: 0 | F11: =IF(C11>0,C11+D11,D11) -> 2015.66 | G11: =IF(C11<0,0-C11+E11,E11) -> 0 | H11: =IF(F11-G11>0,F11-G11,0) -> 2015.66 | I11: =IF(G11-F11>0,G11-F11,0) -> 0
A12: 60200000 | B12: COMPRAS DE OTROS APROVISIONAMI | C12: 154.08 | D12: 0 | E12: 0 | F12: =IF(C12>0,C12+D12,D12) -> 154.08 | G12: =IF(C12<0,0-C12+E12,E12) -> 0 | H12: =IF(F12-G12>0,F12-G12,0) -> 154.08 | I12: =IF(G12-F12>0,G12-F12,0) -> 0
A13: 60700000 | B13: TRABAJOS REALIZADOS POR OTRAS | C13: 1220 | D13: 600 | E13: 0 | F13: =IF(C13>0,C13+D13,D13) -> 1820 | G13: =IF(C13<0,0-C13+E13,E13) -> 0 | H13: =IF(F13-G13>0,F13-G13,0) -> 1820 | I13: =IF(G13-F13>0,G13-F13,0) -> 0
A14: 60800000 | B14: DEVOLUCIONES DE COMPRAS DE MER | C14: -434.26 | D14: 0 | E14: 0 | F14: =IF(C14>0,C14+D14,D14) -> 0 | G14: =IF(C14<0,0-C14+E14,E14) -> 434.26 | H14: =IF(F14-G14>0,F14-G14,0) -> 0 | I14: =IF(G14-F14>0,G14-F14,0) -> 434.26
A15: 62100003 | B15: ALQ.LOCAL C/.ISLOTE FERMIN | C15: 1980 | D15: 330 | E15: 0 | F15: =IF(C15>0,C15+D15,D15) -> 2310 | G15: =IF(C15<0,0-C15+E15,E15) -> 0 | H15: =IF(F15-G15>0,F15-G15,0) -> 2310 | I15: =IF(G15-F15>0,G15-F15,0) -> 0
A16: 62200000 | B16: REPARACIONES Y CONSERVACIÓN | C16: 8133.22 | D16: 857.81 | E16: 0 | F16: =IF(C16>0,C16+D16,D16) -> 8991.03 | G16: =IF(C16<0,0-C16+E16,E16) -> 0 | H16: =IF(F16-G16>0,F16-G16,0) -> 8991.03 | I16: =IF(G16-F16>0,G16-F16,0) -> 0
A17: 62300000 | B17: SERVICIOS PROFESIONALES INDEP. | C17: 13343.28 | D17: 1382.21 | E17: 0 | F17: =IF(C17>0,C17+D17,D17) -> 14725.49 | G17: =IF(C17<0,0-C17+E17,E17) -> 0 | H17: =IF(F17-G17>0,F17-G17,0) -> 14725.49 | I17: =IF(G17-F17>0,G17-F17,0) -> 0
A18: 62500000 | B18: PRIMAS DE SEGUROS | C18: 3400.23 | D18: 722.71 | E18: 0 | F18: =IF(C18>0,C18+D18,D18) -> 4122.94 | G18: =IF(C18<0,0-C18+E18,E18) -> 0 | H18: =IF(F18-G18>0,F18-G18,0) -> 4122.94 | I18: =IF(G18-F18>0,G18-F18,0) -> 0
A19: 62600002 | B19: SERV.BANCARIOS BANKIA | C19: 806.41 | D19: 39.95 | E19: 0 | F19: =IF(C19>0,C19+D19,D19) -> 846.36 | G19: =IF(C19<0,0-C19+E19,E19) -> 0 | H19: =IF(F19-G19>0,F19-G19,0) -> 846.36 | I19: =IF(G19-F19>0,G19-F19,0) -> 0
A20: 62600003 | B20: SERV.BANCARIOS C.SIETE | C20: 229.54 | D20: 52.36 | E20: 0 | F20: =IF(C20>0,C20+D20,D20) -> 281.9 | G20: =IF(C20<0,0-C20+E20,E20) -> 0 | H20: =IF(F20-G20>0,F20-G20,0) -> 281.9 | I20: =IF(G20-F20>0,G20-F20,0) -> 0
... A39: 76900000 | B39: OTROS INGRESOS FINANCIEROS | C39: -67.78 | D39: 0 | E39: 0 | F39: =IF(C39>0,C39+D39,D39) -> 0 | G39: =IF(C39<0,0-C39+E39,E39) -> 67.78 | H39: =IF(F39-G39>0,F39-G39,0) -> 0 | I39: =IF(G39-F39>0,G39-F39,0) -> 67.78
B40: Total nivel | C40: =SUM(C9:C39) -> -15726.38 | D40: =SUM(D9:D39) -> 112620.34 | E40: =SUM(E9:E39) -> 123649.7 | F40: =SUM(F9:F39) -> 527164.31 | G40: =SUM(G9:G39) -> 553920.05 | H40: =SUM(H9:H39) -> 527164.31 | I40: =SUM(I9:I39) -> 553920.05

Sheet Agosto 19
A1: Sumas y saldos.
A4: Período: de Agosto '19 a Agosto '19
A5: Fecha: 04/11/2020
D7: Período | H7: Acumulados
A8: Cuenta | B8: Descripción | C8: Saldo inicial | D8: Debe | E8: Haber | F8: Debe | G8: Haber | H8: Saldo deudor | I8: Saldo acreedor
A9: 60000000 | B9: COMPRAS | C9: 333490.17 | D9: 12657.97 | E9: 0 | F9: =IF(C9>0,C9+D9,D9) -> 346148.14 | G9: =IF(C9<0,0-C9+E9,E9) -> 0 | H9: =IF(F9-G9>0,F9-G9,0) -> 346148.14 | I9: =IF(G9-F9>0,G9-F9,0) -> 0
A10: 60000001 | B10: COMPRAS TRANSPORTE | C10: 8377.52 | D10: 996.24 | E10: 0 | F10: =IF(C10>0,C10+D10,D10) -> 9373.76 | G10: =IF(C10<0,0-C10+E10,E10) -> 0 | H10: =IF(F10-G10>0,F10-G10,0) -> 9373.76 | I10: =IF(G10-F10>0,G10-F10,0) -> 0
A11: 60000002 | B11: COMPRAS IMPUESTOS | C11: 2015.66 | D11: 0 | E11: 0 | F11: =IF(C11>0,C11+D11,D11) -> 2015.66 | G11: =IF(C11<0,0-C11+E11,E11) -> 0 | H11: =IF(F11-G11>0,F11-G11,0) -> 2015.66 | I11: =IF(G11-F11>0,G11-F11,0) -> 0
A12: 60200000 | B12: COMPRAS DE OTROS APROVISIONAMI | C12: 154.08 | D12: 0 | E12: 0 | F12: =IF(C12>0,C12+D12,D12) -> 154.08 | G12: =IF(C12<0,0-C12+E12,E12) -> 0 | H12: =IF(F12-G12>0,F12-G12,0) -> 154.08 | I12: =IF(G12-F12>0,G12-F12,0) -> 0
A13: 60700000 | B13: TRABAJOS REALIZADOS POR OTRAS | C13: 1820 | D13: 285 | E13: 0 | F13: =IF(C13>0,C13+D13,D13) -> 2105 | G13: =IF(C13<0,0-C13+E13,E13) -> 0 | H13: =IF(F13-G13>0,F13-G13,0) -> 2105 | I13: =IF(G13-F13>0,G13-F13,0) -> 0
A14: 60800000 | B14: DEVOLUCIONES DE COMPRAS DE MER | C14: -434.26 | D14: 0 | E14: 0 | F14: =IF(C14>0,C14+D14,D14) -> 0 | G14: =IF(C14<0,0-C14+E14,E14) -> 434.26 | H14: =IF(F14-G14>0,F14-G14,0) -> 0 | I14: =IF(G14-F14>0,G14-F14,0) -> 434.26
A15: 62100003 | B15: ALQ.LOCAL C/.ISLOTE FERMIN | C15: 2310 | D15: 330 | E15: 0 | F15: =IF(C15>0,C15+D15,D15) -> 2640 | G15: =IF(C15<0,0-C15+E15,E15) -> 0 | H15: =IF(F15-G15>0,F15-G15,0) -> 2640 | I15: =IF(G15-F15>0,G15-F15,0) -> 0
A16: 62200000 | B16: REPARACIONES Y CONSERVACIÓN | C16: 8991.03 | D16: 1923.02 | E16: 0 | F16: =IF(C16>0,C16+D16,D16) -> 10914.05 | G16: =IF(C16<0,0-C16+E16,E16) -> 0 | H16: =IF(F16-G16>0,F16-G16,0) -> 10914.05 | I16: =IF(G16-F16>0,G16-F16,0) -> 0
A17: 62300000 | B17: SERVICIOS PROFESIONALES INDEP. | C17: 14725.49 | D17: 807.29 | E17: 0 | F17: =IF(C17>0,C17+D17,D17) -> 15532.78 | G17: =IF(C17<0,0-C17+E17,E17) -> 0 | H17: =IF(F17-G17>0,F17-G17,0) -> 15532.78 | I17: =IF(G17-F17>0,G17-F17,0) -> 0
A18: 62500000 | B18: PRIMAS DE SEGUROS | C18: 4122.94 | D18: 246.83 | E18: 0 | F18: =IF(C18>0,C18+D18,D18) -> 4369.77 | G18: =IF(C18<0,0-C18+E18,E18) -> 0 | H18: =IF(F18-G18>0,F18-G18,0) -> 4369.77 | I18: =IF(G18-F18>0,G18-F18,0) -> 0
A19: 62600002 | B19: SERV.BANCARIOS BANKIA | C19: 846.36 | D19: 62.88 | E19: 0 | F19: =IF(C19>0,C19+D19,D19) -> 909.24 | G19: =IF(C19<0,0-C19+E19,E19) -> 0 | H19: =IF(F19-G19>0,F19-G19,0) -> 909.24 | I19: =IF(G19-F19>0,G19-F19,0) -> 0
A20: 62600003 | B20: SERV.BANCARIOS C.SIETE | C20: 281.9 | D20: 18.94 | E20: 0 | F20: =IF(C20>0,C20+D20,D20) -> 300.84 | G20: =IF(C20<0,0-C20+E20,E20) -> 0 | H20: =IF(F20-G20>0,F20-G20,0) -> 300.84 | I20: =IF(G20-F20>0,G20-F20,0) -> 0
... A39: 76900000 | B39: OTROS INGRESOS FINANCIEROS | C39: -67.78 | D39: 0 | E39: 0 | F39: =IF(C39>0,C39+D39,D39) -> 0 | G39: =IF(C39<0,0-C39+E39,E39) -> 67.78 | H39: =IF(F39-G39>0,F39-G39,0) -> 0 | I39: =IF(G39-F39>0,G39-F39,0) -> 67.78
B40: Total nivel | C40: =SUM(C9:C39) -> -26755.74 | D40: =SUM(D9:D39) -> 42552.39 | E40: =SUM(E9:E39) -> 67519.29 | F40: =SUM(F9:F39) -> 569716.7 | G40: =SUM(G9:G39) -> 621439.34 | H40: =SUM(H9:H39) -> 569716.7 | I40: =SUM(I9:I39) -> 621439.34

Sheet Septiembre 19
A1: Sumas y saldos.
A4: Período: de Septiembre'19 a Septiembre'19
A5: Fecha: 04/11/2020
D7: Período | H7: Acumulados
A8: Cuenta | B8: Descripción | C8: Saldo inicial | D8: Debe | E8: Haber | F8: Debe | G8: Haber | H8: Saldo deudor | I8: Saldo acreedor
A9: 60000000 | B9: COMPRAS | C9: 346148.14 | D9: 30104.77 | E9: 0 | F9: =IF(C9>0,C9+D9,D9) -> 376252.91 | G9: =IF(C9<0,0-C9+E9,E9) -> 0 | H9: =IF(F9-G9>0,F9-G9,0) -> 376252.91 | I9: =IF(G9-F9>0,G9-F9,0) -> 0
A10: 60000001 | B10: COMPRAS TRANSPORTE | C10: 9373.76 | D10: 896.13 | E10: 0 | F10: =IF(C10>0,C10+D10,D10) -> 10269.89 | G10: =IF(C10<0,0-C10+E10,E10) -> 0 | H10: =IF(F10-G10>0,F10-G10,0) -> 10269.89 | I10: =IF(G10-F10>0,G10-F10,0) -> 0
A11: 60000002 | B11: COMPRAS IMPUESTOS | C11: 2015.66 | D11: 406.45 | E11: 0 | F11: =IF(C11>0,C11+D11,D11) -> 2422.11 | G11: =IF(C11<0,0-C11+E11,E11) -> 0 | H11: =IF(F11-G11>0,F11-G11,0) -> 2422.11 | I11: =IF(G11-F11>0,G11-F11,0) -> 0
A12: 60200000 | B12: COMPRAS DE OTROS APROVISIONAMI | C12: 154.08 | D12: 46.28 | E12: 0 | F12: =IF(C12>0,C12+D12,D12) -> 200.36 | G12: =IF(C12<0,0-C12+E12,E12) -> 0 | H12: =IF(F12-G12>0,F12-G12,0) -> 200.36 | I12: =IF(G12-F12>0,G12-F12,0) -> 0
A13: 60700000 | B13: TRABAJOS REALIZADOS POR OTRAS | C13: 2105 | D13: 0 | E13: 0 | F13: =IF(C13>0,C13+D13,D13) -> 2105 | G13: =IF(C13<0,0-C13+E13,E13) -> 0 | H13: =IF(F13-G13>0,F13-G13,0) -> 2105 | I13: =IF(G13-F13>0,G13-F13,0) -> 0
A14: 60800000 | B14: DEVOLUCIONES DE COMPRAS DE MER | C14: -434.26 | D14: 0 | E14: 0 | F14: =IF(C14>0,C14+D14,D14) -> 0 | G14: =IF(C14<0,0-C14+E14,E14) -> 434.26 | H14: =IF(F14-G14>0,F14-G14,0) -> 0 | I14: =IF(G14-F14>0,G14-F14,0) -> 434.26
A15: 62100003 | B15: ALQ.LOCAL C/.ISLOTE FERMIN | C15: 2640 | D15: 330 | E15: 0 | F15: =IF(C15>0,C15+D15,D15) -> 2970 | G15: =IF(C15<0,0-C15+E15,E15) -> 0 | H15: =IF(F15-G15>0,F15-G15,0) -> 2970 | I15: =IF(G15-F15>0,G15-F15,0) -> 0
A16: 62200000 | B16: REPARACIONES Y CONSERVACIÓN | C16: 10914.05 | D16: 692.33 | E16: 0 | F16: =IF(C16>0,C16+D16,D16) -> 11606.38 | G16: =IF(C16<0,0-C16+E16,E16) -> 0 | H16: =IF(F16-G16>0,F16-G16,0) -> 11606.38 | I16: =IF(G16-F16>0,G16-F16,0) -> 0
A17: 62300000 | B17: SERVICIOS PROFESIONALES INDEP. | C17: 15532.78 | D17: 790.74 | E17: 0 | F17: =IF(C17>0,C17+D17,D17) -> 16323.52 | G17: =IF(C17<0,0-C17+E17,E17) -> 0 | H17: =IF(F17-G17>0,F17-G17,0) -> 16323.52 | I17: =IF(G17-F17>0,G17-F17,0) -> 0
A18: 62500000 | B18: PRIMAS DE SEGUROS | C18: 4369.77 | D18: 1508.37 | E18: 0 | F18: =IF(C18>0,C18+D18,D18) -> 5878.14 | G18: =IF(C18<0,0-C18+E18,E18) -> 0 | H18: =IF(F18-G18>0,F18-G18,0) -> 5878.14 | I18: =IF(G18-F18>0,G18-F18,0) -> 0
A19: 62600002 | B19: SERV.BANCARIOS BANKIA | C19: 909.24 | D19: 80.74 | E19: 0 | F19: =IF(C19>0,C19+D19,D19) -> 989.98 | G19: =IF(C19<0,0-C19+E19,E19) -> 0 | H19: =IF(F19-G19>0,F19-G19,0) -> 989.98 | I19: =IF(G19-F19>0,G19-F19,0) -> 0
A20: 62600003 | B20: SERV.BANCARIOS C.SIETE | C20: 300.84 | D20: 53.03 | E20: 0 | F20: =IF(C20>0,C20+D20,D20) -> 353.87 | G20: =IF(C20<0,0-C20+E20,E20) -> 0 | H20: =IF(F20-G20>0,F20-G20,0) -> 353.87 | I20: =IF(G20-F20>0,G20-F20,0) -> 0
... A39: 76900000 | B39: OTROS INGRESOS FINANCIEROS | C39: -67.78 | D39: 0 | E39: 0 | F39: =IF(C39>0,C39+D39,D39) -> 0 | G39: =IF(C39<0,0-C39+E39,E39) -> 67.78 | H39: =IF(F39-G39>0,F39-G39,0) -> 0 | I39: =IF(G39-F39>0,G39-F39,0) -> 67.78
B40: Total nivel | C40: =SUM(C9:C39) -> -51722.64 | D40: =SUM(D9:D39) -> 60331.25 | E40: =SUM(E9:E39) -> 61997.82 | F40: =SUM(F9:F39) -> 630047.95 | G40: =SUM(G9:G39) -> 683437.16 | H40: =SUM(H9:H39) -> 630047.95 | I40: =SUM(I9:I39) -> 683437.16

Sheet Octubre 19
A1: Sumas y saldos.
A4: Período: de Octubre '19 a Octubre '19
A5: Fecha: 04/11/2020
D7: Período | H7: Acumulados
A8: Cuenta | B8: Descripción | C8: Saldo inicial | D8: Debe | E8: Haber | F8: Debe | G8: Haber | H8: Saldo deudor | I8: Saldo acreedor
A9: 60000000 | B9: COMPRAS | C9: 376252.91 | D9: 82645.84 | E9: 0 | F9: =IF(C9>0,C9+D9,D9) -> 458898.75 | G9: =IF(C9<0,0-C9+E9,E9) -> 0 | H9: =IF(F9-G9>0,F9-G9,0) -> 458898.75 | I9: =IF(G9-F9>0,G9-F9,0) -> 0
A10: 60000001 | B10: COMPRAS TRANSPORTE | C10: 10269.89 | D10: 1910.86 | E10: 0 | F10: =IF(C10>0,C10+D10,D10) -> 12180.75 | G10: =IF(C10<0,0-C10+E10,E10) -> 0 | H10: =IF(F10-G10>0,F10-G10,0) -> 12180.75 | I10: =IF(G10-F10>0,G10-F10,0) -> 0
A11: 60000002 | B11: COMPRAS IMPUESTOS | C11: 2422.11 | D11: 0 | E11: 0 | F11: =IF(C11>0,C11+D11,D11) -> 2422.11 | G11: =IF(C11<0,0-C11+E11,E11) -> 0 | H11: =IF(F11-G11>0,F11-G11,0) -> 2422.11 | I11: =IF(G11-F11>0,G11-F11,0) -> 0
A12: 60200000 | B12: COMPRAS DE OTROS APROVISIONAMI | C12: 200.36 | D12: 0 | E12: 0 | F12: =IF(C12>0,C12+D12,D12) -> 200.36 | G12: =IF(C12<0,0-C12+E12,E12) -> 0 | H12: =IF(F12-G12>0,F12-G12,0) -> 200.36 | I12: =IF(G12-F12>0,G12-F12,0) -> 0
A13: 60700000 | B13: TRABAJOS REALIZADOS POR OTRAS | C13: 2105 | D13: 195 | E13: 0 | F13: =IF(C13>0,C13+D13,D13) -> 2300 | G13: =IF(C13<0,0-C13+E13,E13) -> 0 | H13: =IF(F13-G13>0,F13-G13,0) -> 2300 | I13: =IF(G13-F13>0,G13-F13,0) -> 0
A14: 60800000 | B14: DEVOLUCIONES DE COMPRAS DE MER | C14: -434.26 | D14: 0 | E14: 0 | F14: =IF(C14>0,C14+D14,D14) -> 0 | G14: =IF(C14<0,0-C14+E14,E14) -> 434.26 | H14: =IF(F14-G14>0,F14-G14,0) -> 0 | I14: =IF(G14-F14>0,G14-F14,0) -> 434.26
A15: 62100003 | B15: ALQ.LOCAL C/.ISLOTE FERMIN | C15: 2970 | D15: 330 | E15: 0 | F15: =IF(C15>0,C15+D15,D15) -> 3300 | G15: =IF(C15<0,0-C15+E15,E15) -> 0 | H15: =IF(F15-G15>0,F15-G15,0) -> 3300 | I15: =IF(G15-F15>0,G15-F15,0) -> 0
A16: 62200000 | B16: REPARACIONES Y CONSERVACIÓN | C16: 11606.38 | D16: 1628.22 | E16: 0 | F16: =IF(C16>0,C16+D16,D16) -> 13234.6 | G16: =IF(C16<0,0-C16+E16,E16) -> 0 | H16: =IF(F16-G16>0,F16-G16,0) -> 13234.6 | I16: =IF(G16-F16>0,G16-F16,0) -> 0
A17: 62300000 | B17: SERVICIOS PROFESIONALES INDEP. | C17: 16323.52 | D17: 877.74 | E17: 0 | F17: =IF(C17>0,C17+D17,D17) -> 17201.26 | G17: =IF(C17<0,0-C17+E17,E17) -> 0 | H17: =IF(F17-G17>0,F17-G17,0) -> 17201.26 | I17: =IF(G17-F17>0,G17-F17,0) -> 0
A18: 62500000 | B18: PRIMAS DE SEGUROS | C18: 5878.14 | D18: 778.94 | E18: 0 | F18: =IF(C18>0,C18+D18,D18) -> 6657.08 | G18: =IF(C18<0,0-C18+E18,E18) -> 0 | H18: =IF(F18-G18>0,F18-G18,0) -> 6657.08 | I18: =IF(G18-F18>0,G18-F18,0) -> 0
A19: 62600002 | B19: SERV.BANCARIOS BANKIA | C19: 989.98 | D19: 22.18 | E19: 0 | F19: =IF(C19>0,C19+D19,D19) -> 1012.16 | G19: =IF(C19<0,0-C19+E19,E19) -> 0 | H19: =IF(F19-G19>0,F19-G19,0) -> 1012.16 | I19: =IF(G19-F19>0,G19-F19,0) -> 0
A20: 62600003 | B20: SERV.BANCARIOS C.SIETE | C20: 353.87 | D20: 47.66 | E20: 0 | F20: =IF(C20>0,C20+D20,D20) -> 401.53 | G20: =IF(C20<0,0-C20+E20,E20) -> 0 | H20: =IF(F20-G20>0,F20-G20,0) -> 401.53 | I20: =IF(G20-F20>0,G20-F20,0) -> 0
... A39: 76900000 | B39: OTROS INGRESOS FINANCIEROS | C39: -67.78 | D39: 0 | E39: 11.49 | F39: =IF(C39>0,C39+D39,D39) -> 0 | G39: =IF(C39<0,0-C39+E39,E39) -> 79.27 | H39: =IF(F39-G39>0,F39-G39,0) -> 0 | I39: =IF(G39-F39>0,G39-F39,0) -> 79.27
B40: Total nivel | C40: =SUM(C9:C39) -> -53389.21 | D40: =SUM(D9:D39) -> 109150.78 | E40: =SUM(E9:E39) -> 85757.13 | F40: =SUM(F9:F39) -> 739198.73 | G40: =SUM(G9:G39) -> 769194.29 | H40: =SUM(H9:H39) -> 739079.73 | I40: =SUM(I9:I39) -> 769075.29

Sheet Noviembre 19
A1: Sumas y saldos.
A4: Período: de Noviembre '19 a Noviembre '19
A5: Fecha: 04/11/2020
D7: Período | H7: Acumulados
A8: Cuenta | B8: Descripción | C8: Saldo inicial | D8: Debe | E8: Haber | F8: Debe | G8: Haber | H8: Saldo deudor | I8: Saldo acreedor
A9: 60000000 | B9: COMPRAS | C9: 458898.75 | D9: 48866.06 | E9: 0 | F9: =IF(C9>0,C9+D9,D9) -> 507764.81 | G9: =IF(C9<0,0-C9+E9,E9) -> 0 | H9: =IF(F9-G9>0,F9-G9,0) -> 507764.81 | I9: =IF(G9-F9>0,G9-F9,0) -> 0
A10: 60000001 | B10: COMPRAS TRANSPORTE | C10: 12180.75 | D10: 2547.88 | E10: 0 | F10: =IF(C10>0,C10+D10,D10) -> 14728.63 | G10: =IF(C10<0,0-C10+E10,E10) -> 0 | H10: =IF(F10-G10>0,F10-G10,0) -> 14728.63 | I10: =IF(G10-F10>0,G10-F10,0) -> 0
A11: 60000002 | B11: COMPRAS IMPUESTOS | C11: 2422.11 | D11: 3305.8 | E11: 0 | F11: =IF(C11>0,C11+D11,D11) -> 5727.91 | G11: =IF(C11<0,0-C11+E11,E11) -> 0 | H11: =IF(F11-G11>0,F11-G11,0) -> 5727.91 | I11: =IF(G11-F11>0,G11-F11,0) -> 0
A12: 60200000 | B12: COMPRAS DE OTROS APROVISIONAMI | C12: 200.36 | D12: 0 | E12: 0 | F12: =IF(C12>0,C12+D12,D12) -> 200.36 | G12: =IF(C12<0,0-C12+E12,E12) -> 0 | H12: =IF(F12-G12>0,F12-G12,0) -> 200.36 | I12: =IF(G12-F12>0,G12-F12,0) -> 0
A13: 60700000 | B13: TRABAJOS REALIZADOS POR OTRAS | C13: 2300 | D13: 0 | E13: 0 | F13: =IF(C13>0,C13+D13,D13) -> 2300 | G13: =IF(C13<0,0-C13+E13,E13) -> 0 | H13: =IF(F13-G13>0,F13-G13,0) -> 2300 | I13: =IF(G13-F13>0,G13-F13,0) -> 0
A14: 60800000 | B14: DEVOLUCIONES DE COMPRAS DE MER | C14: -434.26 | D14: 0 | E14: 25.78 | F14: =IF(C14>0,C14+D14,D14) -> 0 | G14: =IF(C14<0,0-C14+E14,E14) -> 460.04 | H14: =IF(F14-G14>0,F14-G14,0) -> 0 | I14: =IF(G14-F14>0,G14-F14,0) -> 460.04
A15: 62100003 | B15: ALQ.LOCAL C/.ISLOTE FERMIN | C15: 3300 | D15: 330 | E15: 0 | F15: =IF(C15>0,C15+D15,D15) -> 3630 | G15: =IF(C15<0,0-C15+E15,E15) -> 0 | H15: =IF(F15-G15>0,F15-G15,0) -> 3630 | I15: =IF(G15-F15>0,G15-F15,0) -> 0
A16: 62200000 | B16: REPARACIONES Y CONSERVACIÓN | C16: 13234.6 | D16: 806.85 | E16: 0 | F16: =IF(C16>0,C16+D16,D16) -> 14041.45 | G16: =IF(C16<0,0-C16+E16,E16) -> 0 | H16: =IF(F16-G16>0,F16-G16,0) -> 14041.45 | I16: =IF(G16-F16>0,G16-F16,0) -> 0
A17: 62300000 | B17: SERVICIOS PROFESIONALES INDEP. | C17: 17201.26 | D17: 1095.04 | E17: 0 | F17: =IF(C17>0,C17+D17,D17) -> 18296.3 | G17: =IF(C17<0,0-C17+E17,E17) -> 0 | H17: =IF(F17-G17>0,F17-G17,0) -> 18296.3 | I17: =IF(G17-F17>0,G17-F17,0) -> 0
A18: 62500000 | B18: PRIMAS DE SEGUROS | C18: 6657.08 | D18: 321.28 | E18: 0 | F18: =IF(C18>0,C18+D18,D18) -> 6978.36 | G18: =IF(C18<0,0-C18+E18,E18) -> 0 | H18: =IF(F18-G18>0,F18-G18,0) -> 6978.36 | I18: =IF(G18-F18>0,G18-F18,0) -> 0
A19: 62600002 | B19: SERV.BANCARIOS BANKIA | C19: 1012.16 | D19: 23.52 | E19: 0 | F19: =IF(C19>0,C19+D19,D19) -> 1035.68 | G19: =IF(C19<0,0-C19+E19,E19) -> 0 | H19: =IF(F19-G19>0,F19-G19,0) -> 1035.68 | I19: =IF(G19-F19>0,G19-F19,0) -> 0
A20: 62600003 | B20: SERV.BANCARIOS C.SIETE | C20: 401.53 | D20: 63.93 | E20: 0 | F20: =IF(C20>0,C20+D20,D20) -> 465.46 | G20: =IF(C20<0,0-C20+E20,E20) -> 0 | H20: =IF(F20-G20>0,F20-G20,0) -> 465.46 | I20: =IF(G20-F20>0,G20-F20,0) -> 0
... A39: 76900000 | B39: OTROS INGRESOS FINANCIEROS | C39: -79.27 | D39: 0 | E39: 0 | F39: =IF(C39>0,C39+D39,D39) -> 0 | G39: =IF(C39<0,0-C39+E39,E39) -> 79.27 | H39: =IF(F39-G39>0,F39-G39,0) -> 0 | I39: =IF(G39-F39>0,G39-F39,0) -> 79.27
B40: Total nivel | C40: =SUM(C9:C39) -> -29995.56 | D40: =SUM(D9:D39) -> 88415.31 | E40: =SUM(E9:E39) -> 86590.39 | F40: =SUM(F9:F39) -> 827495.04 | G40: =SUM(G9:G39) -> 855665.68 | H40: =SUM(H9:H39) -> 827495.04 | I40: =SUM(I9:I39) -> 855665.68

Sheet Diciembre 19
A1: Sumas y saldos.
A4: Período: de Diciembre '19 a Diciembre '19
A5: Fecha: 04/11/2020
D7: Período | H7: Acumulados
A8: Cuenta | B8: Descripción | C8: Saldo inicial | D8: Debe | E8: Haber | F8: Debe | G8: Haber | H8: Saldo deudor | I8: Saldo acreedor
A9: 60000000 | B9: COMPRAS | C9: 507764.81 | D9: 50751.97 | E9: 0 | F9: =IF(C9>0,C9+D9,D9) -> 558516.78 | G9: =IF(C9<0,0-C9+E9,E9) -> 0 | H9: =IF(F9-G9>0,F9-G9,0) -> 558516.78 | I9: =IF(G9-F9>0,G9-F9,0) -> 0
A10: 60000001 | B10: COMPRAS TRANSPORTE | C10: 14728.63 | D10: 2617.67 | E10: 0 | F10: =IF(C10>0,C10+D10,D10) -> 17346.3 | G10: =IF(C10<0,0-C10+E10,E10) -> 0 | H10: =IF(F10-G10>0,F10-G10,0) -> 17346.3 | I10: =IF(G10-F10>0,G10-F10,0) -> 0
A11: 60000002 | B11: COMPRAS IMPUESTOS | C11: 5727.91 | D11: 280.66 | E11: 0 | F11: =IF(C11>0,C11+D11,D11) -> 6008.57 | G11: =IF(C11<0,0-C11+E11,E11) -> 0 | H11: =IF(F11-G11>0,F11-G11,0) -> 6008.57 | I11: =IF(G11-F11>0,G11-F11,0) -> 0
A12: 60200000 | B12: COMPRAS DE OTROS APROVISIONAMI | C12: 200.36 | D12: 32.06 | E12: 0 | F12: =IF(C12>0,C12+D12,D12) -> 232.42 | G12: =IF(C12<0,0-C12+E12,E12) -> 0 | H12: =IF(F12-G12>0,F12-G12,0) -> 232.42 | I12: =IF(G12-F12>0,G12-F12,0) -> 0
A13: 60700000 | B13: TRABAJOS REALIZADOS POR OTRAS | C13: 2300 | D13: 11631.1 | E13: 0 | F13: =IF(C13>0,C13+D13,D13) -> 13931.1 | G13: =IF(C13<0,0-C13+E13,E13) -> 0 | H13: =IF(F13-G13>0,F13-G13,0) -> 13931.1 | I13: =IF(G13-F13>0,G13-F13,0) -> 0
A14: 60800000 | B14: DEVOLUCIONES DE COMPRAS DE MER | C14: -460.04 | D14: 0 | E14: 0 | F14: =IF(C14>0,C14+D14,D14) -> 0 | G14: =IF(C14<0,0-C14+E14,E14) -> 460.04 | H14: =IF(F14-G14>0,F14-G14,0) -> 0 | I14: =IF(G14-F14>0,G14-F14,0) -> 460.04
A15: 61000000 | B15: VARIACIÓN DE EXISTENCIAS DE ME | C15: 0 | D15: 0 | E15: 17321.99 | F15: =IF(C15>0,C15+D15,D15) -> 0 | G15: =IF(C15<0,0-C15+E15,E15) -> 17321.99 | H15: =IF(F15-G15>0,F15-G15,0) -> 0 | I15: =IF(G15-F15>0,G15-F15,0) -> 17321.99
A16: 62100003 | B16: ALQ.LOCAL C/.ISLOTE FERMIN | C16: 3630 | D16: 330 | E16: 0 | F16: =IF(C16>0,C16+D16,D16) -> 3960 | G16: =IF(C16<0,0-C16+E16,E16) -> 0 | H16: =IF(F16-G16>0,F16-G16,0) -> 3960 | I16: =IF(G16-F16>0,G16-F16,0) -> 0
A17: 62200000 | B17: REPARACIONES Y CONSERVACIÓN | C17: 14041.45 | D17: 23897.93 | E17: 0 | F17: =IF(C17>0,C17+D17,D17) -> 37939.38 | G17: =IF(C17<0,0-C17+E17,E17) -> 0 | H17: =IF(F17-G17>0,F17-G17,0) -> 37939.38 | I17: =IF(G17-F17>0,G17-F17,0) -> 0
A18: 62300000 | B18: SERVICIOS PROFESIONALES INDEP. | C18: 18296.3 | D18: 863.09 | E18: 0 | F18: =IF(C18>0,C18+D18,D18) -> 19159.39 | G18: =IF(C18<0,0-C18+E18,E18) -> 0 | H18: =IF(F18-G18>0,F18-G18,0) -> 19159.39 | I18: =IF(G18-F18>0,G18-F18,0) -> 0
A19: 62500000 | B19: PRIMAS DE SEGUROS | C19: 6978.36 | D19: 594.05 | E19: 0 | F19: =IF(C19>0,C19+D19,D19) -> 7572.41 | G19: =IF(C19<0,0-C19+E19,E19) -> 0 | H19: =IF(F19-G19>0,F19-G19,0) -> 7572.41 | I19: =IF(G19-F19>0,G19-F19,0) -> 0
A20: 62600002 | B20: SERV.BANCARIOS BANKIA | C20: 1035.68 | D20: 84.74 | E20: 0 | F20: =IF(C20>0,C20+D20,D20) -> 1120.42 | G20: =IF(C20<0,0-C20+E20,E20) -> 0 | H20: =IF(F20-G20>0,F20-G20,0) -> 1120.42 | I20: =IF(G20-F20>0,G20-F20,0) -> 0
... A45: 77800000 | B45: INGRESOS EXCEPCIONALES | C45: 0 | D45: 0 | E45: 18.52 | F45: =IF(C45>0,C45+D45,D45) -> 0 | G45: =IF(C45<0,0-C45+E45,E45) -> 18.52 | H45: =IF(F45-G45>0,F45-G45,0) -> 0 | I45: =IF(G45-F45>0,G45-F45,0) -> 18.52
B46: Total nivel | C46: =SUM(C9:C45) -> -28170.64 | D46: =SUM(D9:D45) -> 155267.96 | E46: =SUM(E9:E45) -> 147611.53 | F46: =SUM(F9:F45) -> 982763 | G46: =SUM(G9:G45) -> 1003277.2 | H46: =SUM(H9:H45) -> 982763 | I46: =SUM(I9:I45) -> 1003277.2
